Workbook

Sheet Смета 12 гр. по ФЕР
A1: =Source!B1 -> Smeta.RU (495) 974-1589 | I1: Приложение 1 к форме 6
B5: СМЕТА
B7: =IF(Source!G20<>"Новая локальная смета", Source!G20, "")
B9: =IF(Source!G12<>"Новый объект", Source!G12, "") -> на капитальный ремонт помещений № 17 (К-212), № 18 (К-213), № 19 (К-214), № 20 (К-215) 2-го этажа учебно-научного корпуса "К" НИЯУ МИФИ по адресу: г. Москва, Каширское шоссе, д. 31, стр. 46 | AD9: =IF(Source!G12<>"Новый объект", Source!G12, "") -> на капитальный ремонт помещений № 17 (К-212), № 18 (К-213), № 19 (К-214), № 20 (К-215) 2-го этажа учебно-научного корпуса "К" НИЯУ МИФИ по адресу: г. Москва, Каширское шоссе, д. 31, стр. 46
A12: =CONCATENATE("Основание: ", Source!J20) -> Основание:
G15: базовая цена | I15: текущая цена
C16: Сметная стоимость | G16: =SUM(O27:O732)/1000 -> 278.07889 | I16: =(Source!F378/1000) -> 2243.9375 | K16: тыс. руб.
C17: Строительные работы | G17: =SUM(W27:W732)/1000 -> 182.24137 | I17: =(Source!F365)/1000 -> 1223.1034 | K17: тыс. руб.
C18: Монтажные работы | G18: =SUM(X27:X732)/1000 -> 93.04026 | I18: =(Source!F366)/1000 -> 624.29968 | K18: тыс. руб.
C19: Оборудование | G19: =SUM(Y27:Y732)/1000 -> 0 | I19: =(Source!F357)/1000 -> 0 | K19: тыс. руб.
C20: Прочие работы | G20: =SUM(Z27:Z732)/1000 -> 2.79726 | I20: =(Source!F367+Source!F368)/1000 -> 54.2389 | K20: тыс. руб.
C21: Нормативная трудоемкость | G21: =I21 -> 1700.5197 | I21: =(Source!F370+Source!F371) -> 1700.5197 | K21: чел. -ч.
C22: Средства на оплату труда | G22: =SUM(R27:R732)/1000 -> 15.97219 | I22: =(Source!F363+ Source!F362)/1000 -> 124.47514 | K22: тыс. руб.
A24: Составлена в ценах III квартал 2018 года
A25: № п/п | B25: Шифр расценки и коды ресурсов | C25: Наименование работ и затрат | D25: Ед. изм. | E25: Кол-во единиц | F25: Цена на ед. изм. | G25: Попра-вочные коэфф. | H25: Стоимость в ценах 2001г. | I25: Пункт коэфф. пересчета | J25: Коэфф. пересчета | K25: Стоимость в текущих ценах | L25: ЗТР всего чел.-час
A26: 1 | B26: 2 | C26: 3 | D26: 4 | E26: 5 | F26: 6 | G26: 7 | H26: 8 | I26: 9 | J26: 10 | K26: 11 | L26: 12
A28: =CONCATENATE("Раздел: ",IF(Source!G24<>"Новый раздел", Source!G24, "")) -> Раздел: 1 Общестроительные работы
A29: =Source!E28 -> 1 | B29: =Source!F28 -> 46-04-012-03 | C29: =Source!G28 -> Разборка деревянных заполнений проемов дверных и воротных (отбивка штукатурки откосов 24,86м2 входит в состав работ) | D29: =Source!H28 -> 100 м2 | E29: =Source!I28 -> 0.0936 | F29: =Source!AL28+Source!AM28+Source!AO28 -> 1082.58 | I29: =Source!BO28 | S29: =ROUND((Source!FX28/100)*((ROUND(Source!AF28*Source!I28, 2)+ROUND(Source!AE28*Source!I28, 2))), 2) -> 87.58 | T29: =Source!X28 -> 587.65 | U29: =ROUND((Source!FY28/100)*((ROUND(Source!AF28*Source!I28, 2)+ROUND(Source!AE28*Source!I28, 2))), 2) -> 52.63 | V29: =Source!Y28 -> 356.15
C30: ="Объем: "&Source!I28&"=9,36/"&"100" -> Объем: 0,0936=9,36/100
C31: Зарплата | F31: =Source!AO28 -> 840.63 | G31: =Source!DG28 | H31: =ROUND(Source!AF28*Source!I28, 2) -> 78.68 | J31: =IF(Source!BA28<> 0, Source!BA28, 1) -> 6.71 | K31: =Source!S28 -> 527.96 | R31: =H31 -> 78.68
C32: Эксплуатация машин | F32: =Source!AM28 -> 241.95 | G32: =Source!DE28 | H32: =ROUND(Source!AD28*Source!I28, 2) -> 22.65 | J32: =IF(Source!BB28<> 0, Source!BB28, 1) -> 6.71 | K32: =Source!Q28 -> 151.96
C33: в т.ч. зарплата машинистов | F33: =Source!AN28 -> 104.49 | G33: =Source!DF28 | H33: =ROUND(Source!AE28*Source!I28, 2) -> 9.78 | J33: =IF(Source!BS28<> 0, Source!BS28, 1) -> 6.71 | K33: =Source!R28 -> 65.63 | R33: =H33 -> 9.78
C34: НР от ФОТ | D34: % | E34: =Source!BZ28 -> 110 | F34: =CONCATENATE(" )", Source!DL28, Source!FT28, "=", Source!FX28) -> )*0,9=99 | H34: =SUM(S29:S36) -> 87.58 | J34: =Source!AT28 -> 99 | K34: =SUM(T29:T36) -> 587.65
C35: СП от ФОТ | D35: % | E35: =Source!CA28 -> 70 | F35: =CONCATENATE(" )", Source!DM28, Source!FU28, "=", Source!FY28) -> )*0,85=59,5 | H35: =SUM(U29:U36) -> 52.63 | J35: =Source!AU28 -> 60 | K35: =SUM(V29:V36) -> 356.15
C36: Затраты труда | D36: чел-ч | E36: =Source!AQ28 -> 103.91 | G36: =Source!DI28 | L36: =Source!U28 -> 9.725976
G37: =H31+H32+H34+H35 -> 241.54 | J37: =K31+K32+K34+K35 -> 1623.72 | L37: =Source!U28 -> 9.725976 | O37: =G37 -> 241.54 | P37: =J37 -> 1623.72 | Q37: =L37 -> 9.725976 | W37: =IF(Source!BI28<=1,H31+H32+H34+H35, 0) -> 241.54 | X37: =IF(Source!BI28=2,H31+H32+H34+H35, 0) -> 0 | Y37: =IF(Source!BI28=3,H31+H32+H34+H35, 0) -> 0 | Z37: =IF(Source!BI28=4,H31+H32+H34+H35, 0) -> 0
A38: =Source!E29 -> 2 | B38: =Source!F29 -> 09-04-012-01 | C38: =Source!G29 -> Демонтаж: Установка металлических дверных блоков в готовые проемы | D38: =Source!H29 -> м2 | E38: =Source!I29 -> 8.74 | F38: =Source!AL29+Source!AM29+Source!AO29 -> 63.94 | I38: =Source!BO29 | S38: =ROUND((Source!FX29/100)*((ROUND(Source!AF29*Source!I29, 2)+ROUND(Source!AE29*Source!I29, 2))), 2) -> 127.79 | T38: =Source!X29 -> 857.43 | U38: =ROUND((Source!FY29/100)*((ROUND(Source!AF29*Source!I29, 2)+ROUND(Source!AE29*Source!I29, 2))), 2) -> 113.98 | V38: =Source!Y29 -> 762.16
C39: Зарплата | F39: =Source!AO29 -> 23.81 | G39: =Source!DG29 -> )*0,7 | H39: =ROUND(Source!AF29*Source!I29, 2) -> 145.7 | J39: =IF(Source!BA29<> 0, Source!BA29, 1) -> 6.71 | K39: =Source!S29 -> 977.62 | R39: =H39 -> 145.7
C40: Эксплуатация машин | F40: =Source!AM29 -> 14.41 | G40: =Source!DE29 -> )*0,7 | H40: =ROUND(Source!AD29*Source!I29, 2) -> 88.19 | J40: =IF(Source!BB29<> 0, Source!BB29, 1) -> 6.71 | K40: =Source!Q29 -> 591.73
C41: в т.ч. зарплата машинистов | F41: =Source!AN29 -> 1.97 | G41: =Source!DF29 -> )*0,7 | H41: =ROUND(Source!AE29*Source!I29, 2) -> 12.06 | J41: =IF(Source!BS29<> 0, Source!BS29, 1) -> 6.71 | K41: =Source!R29 -> 80.93 | R41: =H41 -> 12.06
C42: НР от ФОТ | D42: % | E42: =Source!BZ29 -> 90 | F42: =CONCATENATE(" )", Source!DL29, Source!FT29, "=", Source!FX29) -> )*0,9=81 | H42: =SUM(S38:S44) -> 127.79 | J42: =Source!AT29 -> 81 | K42: =SUM(T38:T44) -> 857.43
C43: СП от ФОТ | D43: % | E43: =Source!CA29 -> 85 | F43: =CONCATENATE(" )", Source!DM29, Source!FU29, "=", Source!FY29) -> )*0,85=72,25 | H43: =SUM(U38:U44) -> 113.98 | J43: =Source!AU29 -> 72 | K43: =SUM(V38:V44) -> 762.16
C44: Затраты труда | D44: чел-ч | E44: =Source!AQ29 -> 2.4 | G44: =Source!DI29 -> )*0,7 | L44: =Source!U29 -> 14.6832
G45: =H39+H40+H42+H43 -> 475.66 | J45: =K39+K40+K42+K43 -> 3188.94 | L45: =Source!U29 -> 14.6832 | O45: =G45 -> 475.66 | P45: =J45 -> 3188.94 | Q45: =L45 -> 14.6832 | W45: =IF(Source!BI29<=1,H39+H40+H42+H43, 0) -> 475.66 | X45: =IF(Source!BI29=2,H39+H40+H42+H43, 0) -> 0 | Y45: =IF(Source!BI29=3,H39+H40+H42+H43, 0) -> 0 | Z45: =IF(Source!BI29=4,H39+H40+H42+H43, 0) -> 0
A46: =Source!E30 -> 3 | B46: =Source!F30 -> 57-3-1 | C46: =Source!G30 -> Разборка плинтусов деревянных и из пластмассовых материалов | D46: =Source!H30 -> 100 м | E46: =Source!I30 -> 0.956 | F46: =Source!AL30+Source!AM30+Source!AO30 -> 29.41 | I46: =Source!BO30 | S46: =ROUND((Source!FX30/100)*((ROUND(Source!AF30*Source!I30, 2)+ROUND(Source!AE30*Source!I30, 2))), 2) -> 22.5 | T46: =Source!X30 -> 150.93 | U46: =ROUND((Source!FY30/100)*((ROUND(Source!AF30*Source!I30, 2)+ROUND(Source!AE30*Source!I30, 2))), 2) -> 19.12 | V46: =Source!Y30 -> 128.29
C47: ="Объем: "&Source!I30&"=95,6/"&"100" -> Объем: 0,956=95,6/100
C48: Зарплата | F48: =Source!AO30 -> 29.41 | G48: =Source!DG30 | H48: =ROUND(Source!AF30*Source!I30, 2) -> 28.12 | J48: =IF(Source!BA30<> 0, Source!BA30, 1) -> 6.71 | K48: =Source!S30 -> 188.66 | R48: =H48 -> 28.12
C49: НР от ФОТ | D49: % | E49: =Source!BZ30 -> 80 | H49: =SUM(S46:S51) -> 22.5 | J49: =Source!AT30 -> 80 | K49: =SUM(T46:T51) -> 150.93
C50: СП от ФОТ | D50: % | E50: =Source!CA30 -> 68 | H50: =SUM(U46:U51) -> 19.12 | J50: =Source!AU30 -> 68 | K50: =SUM(V46:V51) -> 128.29
C51: Затраты труда | D51: чел-ч | E51: =Source!AQ30 -> 3.77 | G51: =Source!DI30 | L51: =Source!U30 -> 3.60412
G52: =H48+H49+H50 -> 69.74 | J52: =K48+K49+K50 -> 467.88 | L52: =Source!U30 -> 3.60412 | O52: =G52 -> 69.74 | P52: =J52 -> 467.88 | Q52: =L52 -> 3.60412 | W52: =IF(Source!BI30<=1,H48+H49+H50, 0) -> 69.74 | X52: =IF(Source!BI30=2,H48+H49+H50, 0) -> 0 | Y52: =IF(Source!BI30=3,H48+H49+H50, 0) -> 0 | Z52: =IF(Source!BI30=4,H48+H49+H50, 0) -> 0
A53: =Source!E31 -> 4 | B53: =Source!F31 -> 57-2-1 | C53: =Source!G31 -> Разборка покрытий полов из линолеума и релина | D53: =Source!H31 -> 100 м2 | E53: =Source!I31 -> 1.3316 | F53: =Source!AL31+Source!AM31+Source!AO31 -> 92.9 | I53: =Source!BO31 | S53: =ROUND((Source!FX31/100)*((ROUND(Source!AF31*Source!I31, 2)+ROUND(Source!AE31*Source!I31, 2))), 2) -> 96.51 | T53: =Source!X31 -> 647.62 | U53: =ROUND((Source!FY31/100)*((ROUND(Source!AF31*Source!I31, 2)+ROUND(Source!AE31*Source!I31, 2))), 2) -> 82.04 | V53: =Source!Y31 -> 550.47
C54: ="Объем: "&Source!I31&"=133,16/"&"100" -> Объем: 1,3316=133,16/100
C55: Зарплата | F55: =Source!AO31 -> 88.84 | G55: =Source!DG31 | H55: =ROUND(Source!AF31*Source!I31, 2) -> 118.3 | J55: =IF(Source!BA31<> 0, Source!BA31, 1) -> 6.71 | K55: =Source!S31 -> 793.79 | R55: =H55 -> 118.3
C56: Эксплуатация машин | F56: =Source!AM31 -> 4.06 | G56: =Source!DE31 | H56: =ROUND(Source!AD31*Source!I31, 2) -> 5.41 | J56: =IF(Source!BB31<> 0, Source!BB31, 1) -> 6.71 | K56: =Source!Q31 -> 36.28
C57: в т.ч. зарплата машинистов | F57: =Source!AN31 -> 1.76 | G57: =Source!DF31 | H57: =ROUND(Source!AE31*Source!I31, 2) -> 2.34 | J57: =IF(Source!BS31<> 0, Source!BS31, 1) -> 6.71 | K57: =Source!R31 -> 15.73 | R57: =H57 -> 2.34
C58: НР от ФОТ | D58: % | E58: =Source!BZ31 -> 80 | H58: =SUM(S53:S60) -> 96.51 | J58: =Source!AT31 -> 80 | K58: =SUM(T53:T60) -> 647.62
C59: СП от ФОТ | D59: % | E59: =Source!CA31 -> 68 | H59: =SUM(U53:U60) -> 82.04 | J59: =Source!AU31 -> 68 | K59: =SUM(V53:V60) -> 550.47
C60: Затраты труда | D60: чел-ч | E60: =Source!AQ31 -> 11.39 | G60: =Source!DI31 | L60: =Source!U31 -> 15.166924
G61: =H55+H56+H58+H59 -> 302.26 | J61: =K55+K56+K58+K59 -> 2028.16 | L61: =Source!U31 -> 15.166924 | O61: =G61 -> 302.26 | P61: =J61 -> 2028.16 | Q61: =L61 -> 15.166924 | W61: =IF(Source!BI31<=1,H55+H56+H58+H59, 0) -> 302.26 | X61: =IF(Source!BI31=2,H55+H56+H58+H59, 0) -> 0 | Y61: =IF(Source!BI31=3,H55+H56+H58+H59, 0) -> 0 | Z61: =IF(Source!BI31=4,H55+H56+H58+H59, 0) -> 0
A62: =Source!E32 -> 5 | B62: =Source!F32 -> 46-04-010-03 | C62: =Source!G32 -> Разборка покрытий полов паркетных | D62: =Source!H32 -> 100 м2 | E62: =Source!I32 -> 0.0126 | F62: =Source!AL32+Source!AM32+Source!AO32 -> 413.9 | I62: =Source!BO32 | S62: =ROUND((Source!FX32/100)*((ROUND(Source!AF32*Source!I32, 2)+ROUND(Source!AE32*Source!I32, 2))), 2) -> 4.77 | T62: =Source!X32 -> 32.03 | U62: =ROUND((Source!FY32/100)*((ROUND(Source!AF32*Source!I32, 2)+ROUND(Source!AE32*Source!I32, 2))), 2) -> 2.87 | V62: =Source!Y32 -> 19.41
C63: ="Объем: "&Source!I32&"=1,26/"&"100" -> Объем: 0,0126=1,26/100
C64: Зарплата | F64: =Source!AO32 -> 358.88 | G64: =Source!DG32 | H64: =ROUND(Source!AF32*Source!I32, 2) -> 4.52 | J64: =IF(Source!BA32<> 0, Source!BA32, 1) -> 6.71 | K64: =Source!S32 -> 30.34 | R64: =H64 -> 4.52
C65: Эксплуатация машин | F65: =Source!AM32 -> 55.02 | G65: =Source!DE32 | H65: =ROUND(Source!AD32*Source!I32, 2) -> 0.69 | J65: =IF(Source!BB32<> 0, Source!BB32, 1) -> 6.71 | K65: =Source!Q32 -> 4.65
C66: в т.ч. зарплата машинистов | F66: =Source!AN32 -> 23.76 | G66: =Source!DF32 | H66: =ROUND(Source!AE32*Source!I32, 2) -> 0.3 | J66: =IF(Source!BS32<> 0, Source!BS32, 1) -> 6.71 | K66: =Source!R32 -> 2.01 | R66: =H66 -> 0.3
C67: НР от ФОТ | D67: % | E67: =Source!BZ32 -> 110 | F67: =CONCATENATE(" )", Source!DL32, Source!FT32, "=", Source!FX32) -> )*0,9=99 | H67: =SUM(S62:S69) -> 4.77 | J67: =Source!AT32 -> 99 | K67: =SUM(T62:T69) -> 32.03
C68: СП от ФОТ | D68: % | E68: =Source!CA32 -> 70 | F68: =CONCATENATE(" )", Source!DM32, Source!FU32, "=", Source!FY32) -> )*0,85=59,5 | H68: =SUM(U62:U69) -> 2.87 | J68: =Source!AU32 -> 60 | K68: =SUM(V62:V69) -> 19.41
C69: Затраты труда | D69: чел-ч | E69: =Source!AQ32 -> 46.01 | G69: =Source!DI32 | L69: =Source!U32 -> 0.579726
G70: =H64+H65+H67+H68 -> 12.85 | J70: =K64+K65+K67+K68 -> 86.43 | L70: =Source!U32 -> 0.579726 | O70: =G70 -> 12.85 | P70: =J70 -> 86.43 | Q70: =L70 -> 0.579726 | W70: =IF(Source!BI32<=1,H64+H65+H67+H68, 0) -> 12.85 | X70: =IF(Source!BI32=2,H64+H65+H67+H68, 0) -> 0 | Y70: =IF(Source!BI32=3,H64+H65+H67+H68, 0) -> 0 | Z70: =IF(Source!BI32=4,H64+H65+H67+H68, 0) -> 0
A71: =Source!E33 -> 6 | B71: =Source!F33 -> 65-33-1 | C71: =Source!G33 -> Смена жалюзийных решеток | D71: =Source!H33 -> 100 ШТ | E71: =Source!I33 -> 0.08 | F71: =Source!AL33+Source!AM33+Source!AO33 -> 430.86 | I71: =Source!BO33 | S71: =ROUND((Source!FX33/100)*((ROUND(Source!AF33*Source!I33, 2)+ROUND(Source!AE33*Source!I33, 2))), 2) -> 32.48 | T71: =Source!X33 -> 217.93 | U71: =ROUND((Source!FY33/100)*((ROUND(Source!AF33*Source!I33, 2)+ROUND(Source!AE33*Source!I33, 2))), 2) -> 18.92 | V71: =Source!Y33 -> 126.95
C72: ="Объем: "&Source!I33&"=8/"&"100" -> Объем: 0,08=8/100
C73: Зарплата | F73: =Source!AO33 -> 394 | G73: =Source!DG33 | H73: =ROUND(Source!AF33*Source!I33, 2) -> 31.52 | J73: =IF(Source!BA33<> 0, Source!BA33, 1) -> 6.71 | K73: =Source!S33 -> 211.5 | R73: =H73 -> 31.52
C74: Эксплуатация машин | F74: =Source!AM33 -> 0.31 | G74: =Source!DE33 | H74: =ROUND(Source!AD33*Source!I33, 2) -> 0.02 | J74: =IF(Source!BB33<> 0, Source!BB33, 1) -> 6.71 | K74: =Source!Q33 -> 0.17
C75: в т.ч. зарплата машинистов | F75: =Source!AN33 -> 0.14 | G75: =Source!DF33 | H75: =ROUND(Source!AE33*Source!I33, 2) -> 0.01 | J75: =IF(Source!BS33<> 0, Source!BS33, 1) -> 6.71 | K75: =Source!R33 -> 0.08 | R75: =H75 -> 0.01
C76: Материальные ресурсы | F76: =Source!AL33 -> 36.55 | G76: =Source!DD33 | H76: =ROUND(Source!AC33*Source!I33, 2) -> 2.92 | J76: =IF(Source!BC33<> 0, Source!BC33, 1) -> 6.71 | K76: =Source!P33 -> 19.62
C77: НР от ФОТ | D77: % | E77: =Source!BZ33 -> 103 | H77: =SUM(S71:S80) -> 32.48 | J77: =Source!AT33 -> 103 | K77: =SUM(T71:T80) -> 217.93
C78: СП от ФОТ | D78: % | E78: =Source!CA33 -> 60 | H78: =SUM(U71:U80) -> 18.92 | J78: =Source!AU33 -> 60 | K78: =SUM(V71:V80) -> 126.95
C79: Затраты труда | D79: чел-ч | E79: =Source!AQ33 -> 46.19 | G79: =Source!DI33 | L79: =Source!U33 -> 3.6952
A80: =Source!E34 -> 6,1 | B80: =Source!F34 -> 19.2.03.07-0028 | C80: =Source!G34 -> Решетки пластиковые вентиляционные прим.(согласно тех.заданию) | D80: =Source!H34 -> шт. | E80: =Source!I34 -> 8 | F80: =Source!AL34+Source!AM34+Source!AO34 -> 956.29 | H80: =ROUND(Source!AC34*Source!I34, 2)+ROUND(Source!AD34*Source!I34, 2)+ROUND(Source!AF34*Source!I34, 2) -> 7650.32 | J80: =IF(Source!BC34<> 0, Source!BC34, 1) -> 6.71 | K80: =Source!O34 -> 51333.65 | S80: =ROUND((Source!FX34/100)*((ROUND(Source!AF34*Source!I34, 2)+ROUND(Source!AE34*Source!I34, 2))), 2) -> 0 | T80: =Source!X34 -> 0 | U80: =ROUND((Source!FY34/100)*((ROUND(Source!AF34*Source!I34, 2)+ROUND(Source!AE34*Source!I34, 2))), 2) -> 0 | V80: =Source!Y34 -> 0 | W80: =IF(Source!BI34<=1,H80, 0) -> 7650.32 | X80: =IF(Source!BI34=2,H80, 0) -> 0 | Y80: =IF(Source!BI34=3,H80, 0) -> 0 | Z80: =IF(Source!BI34=4,H80, 0) -> 0
G81: =H73+H74+H76+H77+H78+SUM(H80:H80) -> 7736.18 | J81: =K73+K74+K76+K77+K78+SUM(K80:K80) -> 51909.82 | L81: =Source!U33 -> 3.6952 | O81: =G81 -> 7736.18 | P81: =J81 -> 51909.82 | Q81: =L81 -> 3.6952 | W81: =IF(Source!BI33<=1,H73+H74+H76+H77+H78, 0) -> 85.86 | X81: =IF(Source!BI33=2,H73+H74+H76+H77+H78, 0) -> 0 | Y81: =IF(Source!BI33=3,H73+H74+H76+H77+H78, 0) -> 0 | Z81: =IF(Source!BI33=4,H73+H74+H76+H77+H78, 0) -> 0
A82: =Source!E35 -> 7 | B82: =Source!F35 -> 46-02-009-02 | C82: =Source!G35 -> Отбивка штукатурки с поверхностей стен | D82: =Source!H35 -> 100 м2 | E82: =Source!I35 -> 1.48 | F82: =Source!AL35+Source!AM35+Source!AO35 -> 178 | I82: =Source!BO35 | S82: =ROUND((Source!FX35/100)*((ROUND(Source!AF35*Source!I35, 2)+ROUND(Source!AE35*Source!I35, 2))), 2) -> 260.81 | T82: =Source!X35 -> 1750 | U82: =ROUND((Source!FY35/100)*((ROUND(Source!AF35*Source!I35, 2)+ROUND(Source!AE35*Source!I35, 2))), 2) -> 156.75 | V82: =Source!Y35 -> 1060.61
C83: ="Объем: "&Source!I35&"=148/"&"100" -> Объем: 1,48=148/100
C84: Зарплата | F84: =Source!AO35 -> 178 | G84: =Source!DG35 | H84: =ROUND(Source!AF35*Source!I35, 2) -> 263.44 | J84: =IF(Source!BA35<> 0, Source!BA35, 1) -> 6.71 | K84: =Source!S35 -> 1767.68 | R84: =H84 -> 263.44
C85: НР от ФОТ | D85: % | E85: =Source!BZ35 -> 110 | F85: =CONCATENATE(" )", Source!DL35, Source!FT35, "=", Source!FX35) -> )*0,9=99 | H85: =SUM(S82:S87) -> 260.81 | J85: =Source!AT35 -> 99 | K85: =SUM(T82:T87) -> 1750
C86: СП от ФОТ | D86: % | E86: =Source!CA35 -> 70 | F86: =CONCATENATE(" )", Source!DM35, Source!FU35, "=", Source!FY35) -> )*0,85=59,5 | H86: =SUM(U82:U87) -> 156.75 | J86: =Source!AU35 -> 60 | K86: =SUM(V82:V87) -> 1060.61
C87: Затраты труда | D87: чел-ч | E87: =Source!AQ35 -> 22.82 | G87: =Source!DI35 | L87: =Source!U35 -> 33.7736
G88: =H84+H85+H86 -> 681 | J88: =K84+K85+K86 -> 4578.29 | L88: =Source!U35 -> 33.7736 | O88: =G88 -> 681 | P88: =J88 -> 4578.29 | Q88: =L88 -> 33.7736 | W88: =IF(Source!BI35<=1,H84+H85+H86, 0) -> 681 | X88: =IF(Source!BI35=2,H84+H85+H86, 0) -> 0 | Y88: =IF(Source!BI35=3,H84+H85+H86, 0) -> 0 | Z88: =IF(Source!BI35=4,H84+H85+H86, 0) -> 0
A89: =Source!E36 -> 8 | B89: =Source!F36 -> 20-06-001-01 | C89: =Source!G36 -> Демонтаж: Установка кондиционеров доводчиков эжекционных | D89: =Source!H36 -> 10 ШТ | E89: =Source!I36 -> 0.1 | F89: =Source!AL36+Source!AM36+Source!AO36 -> 203.31 | I89: =Source!BO36 | S89: =ROUND((Source!FX36/100)*((ROUND(Source!AF36*Source!I36, 2)+ROUND(Source!AE36*Source!I36, 2))), 2) -> 8.79 | T89: =Source!X36 -> 58.89 | U89: =ROUND((Source!FY36/100)*((ROUND(Source!AF36*Source!I36, 2)+ROUND(Source!AE36*Source!I36, 2))), 2) -> 5.38 | V89: =Source!Y36 -> 36.36
C90: ="Объем: "&Source!I36&"=1/"&"10" -> Объем: 0,1=1/10
C91: Зарплата | F91: =Source!AO36 -> 188.48 | G91: =Source!DG36 -> )*0,4 | H91: =ROUND(Source!AF36*Source!I36, 2) -> 7.54 | J91: =IF(Source!BA36<> 0, Source!BA36, 1) -> 6.71 | K91: =Source!S36 -> 50.59 | R91: =H91 -> 7.54
C92: Эксплуатация машин | F92: =Source!AM36 -> 13.14 | G92: =Source!DE36 -> )*0,4 | H92: =ROUND(Source!AD36*Source!I36, 2) -> 0.53 | J92: =IF(Source!BB36<> 0, Source!BB36, 1) -> 6.71 | K92: =Source!Q36 -> 3.53
C93: в т.ч. зарплата машинистов | F93: =Source!AN36 -> 2.32 | G93: =Source!DF36 -> )*0,4 | H93: =ROUND(Source!AE36*Source!I36, 2) -> 0.09 | J93: =IF(Source!BS36<> 0, Source!BS36, 1) -> 6.71 | K93: =Source!R36 -> 0.62 | R93: =H93 -> 0.09
C94: НР от ФОТ | D94: % | E94: =Source!BZ36 -> 128 | F94: =CONCATENATE(" )", Source!DL36, Source!FT36, "=", Source!FX36) -> )*0,9=115,2 | H94: =SUM(S89:S96) -> 8.79 | J94: =Source!AT36 -> 115 | K94: =SUM(T89:T96) -> 58.89
C95: СП от ФОТ | D95: % | E95: =Source!CA36 -> 83 | F95: =CONCATENATE(" )", Source!DM36, Source!FU36, "=", Source!FY36) -> )*0,85=70,55 | H95: =SUM(U89:U96) -> 5.38 | J95: =Source!AU36 -> 71 | K95: =SUM(V89:V96) -> 36.36
C96: Затраты труда | D96: чел-ч | E96: =Source!AQ36 -> 19 | G96: =Source!DI36 -> )*0,4 | L96: =Source!U36 -> 0.76
G97: =H91+H92+H94+H95 -> 22.24 | J97: =K91+K92+K94+K95 -> 149.37 | L97: =Source!U36 -> 0.76 | O97: =G97 -> 22.24 | P97: =J97 -> 149.37 | Q97: =L97 -> 0.76 | W97: =IF(Source!BI36<=1,H91+H92+H94+H95, 0) -> 22.24 | X97: =IF(Source!BI36=2,H91+H92+H94+H95, 0) -> 0 | Y97: =IF(Source!BI36=3,H91+H92+H94+H95, 0) -> 0 | Z97: =IF(Source!BI36=4,H91+H92+H94+H95, 0) -> 0
A98: =Source!E37 -> 9 | B98: =Source!F37 -> 15-01-049-04 прим | C98: =Source!G37 -> Демонтаж школьной доски: Облицовка стен по готовому каркасу щитами-картинами из древесностружечных плит фанерованных шпоном | D98: =Source!H37 -> 100 м2 | E98: =Source!I37 -> 0.15 | F98: =Source!AL37+Source!AM37+Source!AO37 -> 686.77 | I98: =Source!BO37 | S98: =ROUND((Source!FX37/100)*((ROUND(Source!AF37*Source!I37, 2)+ROUND(Source!AE37*Source!I37, 2))), 2) -> 56.49 | T98: =Source!X37 -> 381.02 | U98: =ROUND((Source!FY37/100)*((ROUND(Source!AF37*Source!I37, 2)+ROUND(Source!AE37*Source!I37, 2))), 2) -> 27.95 | V98: =Source!Y37 -> 188.5
C99: ="Объем: "&Source!I37&"=15/"&"100" -> Объем: 0,15=15/100
C100: Зарплата | F100: =Source!AO37 -> 481.21 | G100: =Source!DG37 -> )*0,8 | H100: =ROUND(Source!AF37*Source!I37, 2) -> 57.75 | J100: =IF(Source!BA37<> 0, Source!BA37, 1) -> 6.71 | K100: =Source!S37 -> 387.47 | R100: =H100 -> 57.75
C101: Эксплуатация машин | F101: =Source!AM37 -> 85.73 | G101: =Source!DE37 -> )*0,8 | H101: =ROUND(Source!AD37*Source!I37, 2) -> 10.29 | J101: =IF(Source!BB37<> 0, Source!BB37, 1) -> 6.71 | K101: =Source!Q37 -> 69.03
C102: в т.ч. зарплата машинистов | F102: =Source!AN37 -> 16.89 | G102: =Source!DF37 -> )*0,8 | H102: =ROUND(Source!AE37*Source!I37, 2) -> 2.03 | J102: =IF(Source!BS37<> 0, Source!BS37, 1) -> 6.71 | K102: =Source!R37 -> 13.6 | R102: =H102 -> 2.03
C103: НР от ФОТ | D103: % | E103: =Source!BZ37 -> 105 | F103: =CONCATENATE(" )", Source!DL37, Source!FT37, "=", Source!FX37) -> )*0,9=94,5 | H103: =SUM(S98:S105) -> 56.49 | J103: =Source!AT37 -> 95 | K103: =SUM(T98:T105) -> 381.02
C104: СП от ФОТ | D104: % | E104: =Source!CA37 -> 55 | F104: =CONCATENATE(" )", Source!DM37, Source!FU37, "=", Source!FY37) -> )*0,85=46,75 | H104: =SUM(U98:U105) -> 27.95 | J104: =Source!AU37 -> 47 | K104: =SUM(V98:V105) -> 188.5
C105: Затраты труда | D105: чел-ч | E105: =Source!AQ37 -> 50.6 | G105: =Source!DI37 -> )*0,8 | L105: =Source!U37 -> 6.072
G106: =H100+H101+H103+H104 -> 152.48 | J106: =K100+K101+K103+K104 -> 1026.02 | L106: =Source!U37 -> 6.072 | O106: =G106 -> 152.48 | P106: =J106 -> 1026.02 | Q106: =L106 -> 6.072 | W106: =IF(Source!BI37<=1,H100+H101+H103+H104, 0) -> 152.48 | X106: =IF(Source!BI37=2,H100+H101+H103+H104, 0) -> 0 | Y106: =IF(Source!BI37=3,H100+H101+H103+H104, 0) -> 0 | Z106: =IF(Source!BI37=4,H100+H101+H103+H104, 0) -> 0
A107: =Source!E38 -> 10 | B107: =Source!F38 -> 17-01-002-04 прим. | C107: =Source!G38 -> Демонтаж :Установка гарнитуры туалетной: вешалок, подстаканников, поручней для ванн и т.д. | D107: =Source!H38 -> 10 ШТ | E107: =Source!I38 -> 0.1 | F107: =Source!AL38+Source!AM38+Source!AO38 -> 27.54 | I107: =Source!BO38 | S107: =ROUND((Source!FX38/100)*((ROUND(Source!AF38*Source!I38, 2)+ROUND(Source!AE38*Source!I38, 2))), 2) -> 1.24 | T107: =Source!X38 -> 8.31 | U107: =ROUND((Source!FY38/100)*((ROUND(Source!AF38*Source!I38, 2)+ROUND(Source!AE38*Source!I38, 2))), 2) -> 0.76 | V107: =Source!Y38 -> 5.13
C108: ="Объем: "&Source!I38&"=1/"&"10" -> Объем: 0,1=1/10
C109: Зарплата | F109: =Source!AO38 -> 26.94 | G109: =Source!DG38 -> )*0,4 | H109: =ROUND(Source!AF38*Source!I38, 2) -> 1.08 | J109: =IF(Source!BA38<> 0, Source!BA38, 1) -> 6.71 | K109: =Source!S38 -> 7.23 | R109: =H109 -> 1.08
C110: НР от ФОТ | D110: % | E110: =Source!BZ38 -> 128 | F110: =CONCATENATE(" )", Source!DL38, Source!FT38, "=", Source!FX38) -> )*0,9=115,2 | H110: =SUM(S107:S112) -> 1.24 | J110: =Source!AT38 -> 115 | K110: =SUM(T107:T112) -> 8.31
C111: СП от ФОТ | D111: % | E111: =Source!CA38 -> 83 | F111: =CONCATENATE(" )", Source!DM38, Source!FU38, "=", Source!FY38) -> )*0,85=70,55 | H111: =SUM(U107:U112) -> 0.76 | J111: =Source!AU38 -> 71 | K111: =SUM(V107:V112) -> 5.13
...

Sheet Акт КС-2 c НР и СП
A1: =Source!B1 -> Smeta.RU (495) 974-1589
E2: Унифицированная форма № КС-2
E3: Утверждена постановлением Госкомстата России
E4: от 11.11.99. № 100
G6: Код
F7: Форма по ОКУД | G7: 0322005
G8: =IF(Source!AT15 <> "", Source!AT15, "")
A9: Инвестор | C9: =IF(Source!BA15 <> "", Source!BA15, IF(Source!AU15 <> "", Source!AU15, "")) | F9: по ОКПО
C10: организация, адрес, телефон, факс | G10: =IF(Source!AK15 <> "", Source!AK15, "")
A11: Заказчик | C11: =IF(Source!AX12<> "", Source!AX12, IF(Source!AJ12 <> "", Source!AJ12, "")) | F11: по ОКПО
C12: организация, адрес, телефон, факс | G12: =IF(Source!AO15 <> "", Source!AO15, "")
A13: Подрядчик | C13: =IF(Source!AY12<> "", Source!AY12, IF(Source!AN12 <> "", Source!AN12, "")) | F13: по ОКПО
C14: организация, адрес, телефон, факс | G14: =IF(Source!CO15 <> "", Source!CO15, "")
A15: Стройка | C15: на капитальный ремонт помещений №212,213,214,215 2-го этажа Корпуса К НИЯУ МИФИ по адресу: г.Москва,Каширское шоссе,д.31,стр.46_(Копия) | AE15: на капитальный ремонт помещений №212,213,214,215 2-го этажа Корпуса К НИЯУ МИФИ по адресу: г.Москва,Каширское шоссе,д.31,стр.46_(Копия)
C16: наименование, адрес | G16: =IF(Source!CP15 <> "", Source!CP15, "")
A17: Объект | C17: =IF(Source!G12<>"Новый объект", Source!G12, "") -> на капитальный ремонт помещений № 17 (К-212), № 18 (К-213), № 19 (К-214), № 20 (К-215) 2-го этажа учебно-научного корпуса "К" НИЯУ МИФИ по адресу: г. Москва, Каширское шоссе, д. 31, стр. 46 | AE17: =IF(Source!G12<>"Новый объект", Source!G12, "") -> на капитальный ремонт помещений № 17 (К-212), № 18 (К-213), № 19 (К-214), № 20 (К-215) 2-го этажа учебно-научного корпуса "К" НИЯУ МИФИ по адресу: г. Москва, Каширское шоссе, д. 31, стр. 46
C18: наименование
D19: Вид деятельности по ОКДП | G19: =IF(Source!CQ15 <> "", Source!CQ15, "")
D20: Договор подряда | F20: номер | G20: =IF(Source!CR15 <> "", Source!CR15, "")
F21: дата | G21: =IF(Source!CS15 <> 0, Source!CS15, "")
F22: Вид операции | G22: =IF(Source!CT15 <> "", Source!CT15, "")
D24: Номер документа | E24: Дата составления | F24: Отчетный период
F25: с | G25: по
D26: =IF(Source!CN15 <> "", Source!CN15, "") | E26: 43389.433
A28: AKT
A29: О ПРИЕМКЕ ВЫПОЛНЕННЫХ РАБОТ
A31: Сметная (договорная) стоимость в соответствии с договором подряда (субподряда) | F31: =(Source!F407/1000) -> 1901.642 | H31: тыс.руб
A33: Номер | C33: Наименование работ | D33: Номер единичной расценки | E33: Единица измерения | F33: Выполнено работ
A34: по порядку | B34: поз. по смете | F34: Количество | G34: цена за единицу, руб | H34: стоимость, руб
A35: 1 | B35: 2 | C35: 3 | D35: 4 | E35: 5 | F35: 6 | G35: 7 | H35: 8
A37: =CONCATENATE("Локальная смета: ",IF(Source!G20<>"Новая локальная смета", Source!G20, "")) -> Локальная смета:
A39: =CONCATENATE("Раздел: ",IF(Source!G24<>"Новый раздел", Source!G24, "")) -> Раздел: 1 Общестроительные работы
A40: 1 | B40: =Source!E28 -> 1 | C40: =Source!G28 -> Разборка деревянных заполнений проемов дверных и воротных (отбивка штукатурки откосов 24,86м2 входит в состав работ) | D40: =Source!F28 -> 46-04-012-03 | E40: =Source!H28 -> 100 м2 | F40: =Source!I28 -> 0.0936 | G40: =Source!AB28 -> 1082.58 | H40: =Source!O28 -> 679.92 | T40: =Source!O28+Source!X28+Source!Y28 -> 1623.72 | U40: =Source!P28 -> 0 | V40: =Source!S28 -> 527.96 | W40: =Source!Q28 -> 151.96 | X40: =Source!R28 -> 65.63 | Y40: =Source!U28 -> 9.725976 | Z40: =Source!V28 -> 0.724464 | AA40: =Source!X28 -> 587.65 | AB40: =Source!Y28 -> 356.15
C41: ="Объем: "&Source!I28&"=9,36/"&"100" -> Объем: 0,0936=9,36/100
C42: Коэфф. к ОЗП | D42: =Source!BA28 -> 6.71
C43: Коэфф. к эксплуатации машин | D43: =Source!BB28 -> 6.71
C44: Коэфф. к материалам | D44: =Source!BC28 -> 6.71
C45: Коэфф. к ЗПМ | D45: =Source!BS28 -> 6.71
C46: % НР | F46: =Source!BZ28 -> 110 | G46: =(Source!AF28+Source!AE28)*Source!FX28/100 -> 935.6688 | H46: =Source!X28 -> 587.65
C47: % НР с поправкой | G47: =CONCATENATE(Source!DL28,Source!FT28, "=", Source!FX28, "%") -> *0,9=99% | H47: =CONCATENATE(Source!AT28) -> 99
C48: % СП | F48: =Source!CA28 -> 70 | G48: =(Source!AF28+Source!AE28)*Source!FY28/100 -> 562.3464 | H48: =Source!Y28 -> 356.15
C49: СП с поправкой | G49: =CONCATENATE(Source!DM28,Source!FU28, "=", Source!FY28, "%") -> *0,85=59,5% | H49: =CONCATENATE(Source!AU28) -> 60
C50: Итого с НР и СП | G50: =((Source!AF28+Source!AE28)*Source!FX28/100)+((Source!AF28+Source!AE28)*Source!FY28/100)+Source!AB28 -> 2580.5952 | H50: =Source!O28+Source!X28+Source!Y28 -> 1623.72
A51: 2 | B51: =Source!E29 -> 2 | C51: =Source!G29 -> Демонтаж: Установка металлических дверных блоков в готовые проемы | D51: =Source!F29 -> 09-04-012-01 | E51: =Source!H29 -> м2 | F51: =Source!I29 -> 8.74 | G51: =Source!AB29 -> 26.76 | H51: =Source!O29 -> 1569.35 | T51: =Source!O29+Source!X29+Source!Y29 -> 3188.94 | U51: =Source!P29 -> 0 | V51: =Source!S29 -> 977.62 | W51: =Source!Q29 -> 591.73 | X51: =Source!R29 -> 80.93 | Y51: =Source!U29 -> 14.6832 | Z51: =Source!V29 -> 1.04006 | AA51: =Source!X29 -> 857.43 | AB51: =Source!Y29 -> 762.16
C52: Коэфф. к ОЗП | D52: =Source!BA29 -> 6.71
C53: Коэфф. к эксплуатации машин | D53: =Source!BB29 -> 6.71
C54: Коэфф. к материалам | D54: =Source!BC29 -> 6.71
C55: Коэфф. к ЗПМ | D55: =Source!BS29 -> 6.71
C56: Стоимость материалов | D56: )*0
C57: Эксплуатация машин | D57: )*0,7
C58: Оплата труда машинистов | D58: )*0,7
C59: Оплата труда рабочих | D59: )*0,7
C60: Затраты труда рабочих | D60: )*0,7
C61: Затраты труда машинистов | D61: )*0,7
C62: % НР | F62: =Source!BZ29 -> 90 | G62: =(Source!AF29+Source!AE29)*Source!FX29/100 -> 14.6205 | H62: =Source!X29 -> 857.43
C63: % НР с поправкой | G63: =CONCATENATE(Source!DL29,Source!FT29, "=", Source!FX29, "%") -> *0,9=81% | H63: =CONCATENATE(Source!AT29) -> 81
C64: % СП | F64: =Source!CA29 -> 85 | G64: =(Source!AF29+Source!AE29)*Source!FY29/100 -> 13.041125 | H64: =Source!Y29 -> 762.16
C65: СП с поправкой | G65: =CONCATENATE(Source!DM29,Source!FU29, "=", Source!FY29, "%") -> *0,85=72,25% | H65: =CONCATENATE(Source!AU29) -> 72
C66: Итого с НР и СП | G66: =((Source!AF29+Source!AE29)*Source!FX29/100)+((Source!AF29+Source!AE29)*Source!FY29/100)+Source!AB29 -> 54.421625 | H66: =Source!O29+Source!X29+Source!Y29 -> 3188.94
A67: 3 | B67: =Source!E30 -> 3 | C67: =Source!G30 -> Разборка плинтусов деревянных и из пластмассовых материалов | D67: =Source!F30 -> 57-3-1 | E67: =Source!H30 -> 100 м | F67: =Source!I30 -> 0.956 | G67: =Source!AB30 -> 29.41 | H67: =Source!O30 -> 188.66 | T67: =Source!O30+Source!X30+Source!Y30 -> 467.88 | U67: =Source!P30 -> 0 | V67: =Source!S30 -> 188.66 | W67: =Source!Q30 -> 0 | X67: =Source!R30 -> 0 | Y67: =Source!U30 -> 3.60412 | Z67: =Source!V30 -> 0 | AA67: =Source!X30 -> 150.93 | AB67: =Source!Y30 -> 128.29
C68: ="Объем: "&Source!I30&"=95,6/"&"100" -> Объем: 0,956=95,6/100
C69: Коэфф. к ОЗП | D69: =Source!BA30 -> 6.71
C70: Коэфф. к эксплуатации машин | D70: =Source!BB30 -> 6.71
C71: Коэфф. к материалам | D71: =Source!BC30 -> 6.71
C72: Коэфф. к ЗПМ | D72: =Source!BS30 -> 6.71
C73: % НР | F73: =Source!BZ30 -> 80 | G73: =(Source!AF30+Source!AE30)*Source!FX30/100 -> 23.528 | H73: =Source!X30 -> 150.93
C74: % СП | F74: =Source!CA30 -> 68 | G74: =(Source!AF30+Source!AE30)*Source!FY30/100 -> 19.9988 | H74: =Source!Y30 -> 128.29
C75: Итого с НР и СП | G75: =((Source!AF30+Source!AE30)*Source!FX30/100)+((Source!AF30+Source!AE30)*Source!FY30/100)+Source!AB30 -> 72.9368 | H75: =Source!O30+Source!X30+Source!Y30 -> 467.88
A76: 4 | B76: =Source!E31 -> 4 | C76: =Source!G31 -> Разборка покрытий полов из линолеума и релина | D76: =Source!F31 -> 57-2-1 | E76: =Source!H31 -> 100 м2 | F76: =Source!I31 -> 1.3316 | G76: =Source!AB31 -> 92.9 | H76: =Source!O31 -> 830.07 | T76: =Source!O31+Source!X31+Source!Y31 -> 2028.16 | U76: =Source!P31 -> 0 | V76: =Source!S31 -> 793.79 | W76: =Source!Q31 -> 36.28 | X76: =Source!R31 -> 15.73 | Y76: =Source!U31 -> 15.166924 | Z76: =Source!V31 -> 0.173108 | AA76: =Source!X31 -> 647.62 | AB76: =Source!Y31 -> 550.47
C77: ="Объем: "&Source!I31&"=133,16/"&"100" -> Объем: 1,3316=133,16/100
C78: Коэфф. к ОЗП | D78: =Source!BA31 -> 6.71
C79: Коэфф. к эксплуатации машин | D79: =Source!BB31 -> 6.71
C80: Коэфф. к материалам | D80: =Source!BC31 -> 6.71
C81: Коэфф. к ЗПМ | D81: =Source!BS31 -> 6.71
C82: % НР | F82: =Source!BZ31 -> 80 | G82: =(Source!AF31+Source!AE31)*Source!FX31/100 -> 72.48 | H82: =Source!X31 -> 647.62
C83: % СП | F83: =Source!CA31 -> 68 | G83: =(Source!AF31+Source!AE31)*Source!FY31/100 -> 61.608 | H83: =Source!Y31 -> 550.47
C84: Итого с НР и СП | G84: =((Source!AF31+Source!AE31)*Source!FX31/100)+((Source!AF31+Source!AE31)*Source!FY31/100)+Source!AB31 -> 226.988 | H84: =Source!O31+Source!X31+Source!Y31 -> 2028.16
A85: 5 | B85: =Source!E32 -> 5 | C85: =Source!G32 -> Разборка покрытий полов паркетных | D85: =Source!F32 -> 46-04-010-03 | E85: =Source!H32 -> 100 м2 | F85: =Source!I32 -> 0.0126 | G85: =Source!AB32 -> 413.9 | H85: =Source!O32 -> 34.99 | T85: =Source!O32+Source!X32+Source!Y32 -> 86.43 | U85: =Source!P32 -> 0 | V85: =Source!S32 -> 30.34 | W85: =Source!Q32 -> 4.65 | X85: =Source!R32 -> 2.01 | Y85: =Source!U32 -> 0.579726 | Z85: =Source!V32 -> 0.022176 | AA85: =Source!X32 -> 32.03 | AB85: =Source!Y32 -> 19.41
C86: ="Объем: "&Source!I32&"=1,26/"&"100" -> Объем: 0,0126=1,26/100
C87: Коэфф. к ОЗП | D87: =Source!BA32 -> 6.71
C88: Коэфф. к эксплуатации машин | D88: =Source!BB32 -> 6.71
C89: Коэфф. к материалам | D89: =Source!BC32 -> 6.71
C90: Коэфф. к ЗПМ | D90: =Source!BS32 -> 6.71
C91: % НР | F91: =Source!BZ32 -> 110 | G91: =(Source!AF32+Source!AE32)*Source!FX32/100 -> 378.8136 | H91: =Source!X32 -> 32.03
C92: % НР с поправкой | G92: =CONCATENATE(Source!DL32,Source!FT32, "=", Source!FX32, "%") -> *0,9=99% | H92: =CONCATENATE(Source!AT32) -> 99
C93: % СП | F93: =Source!CA32 -> 70 | G93: =(Source!AF32+Source!AE32)*Source!FY32/100 -> 227.6708 | H93: =Source!Y32 -> 19.41
C94: СП с поправкой | G94: =CONCATENATE(Source!DM32,Source!FU32, "=", Source!FY32, "%") -> *0,85=59,5% | H94: =CONCATENATE(Source!AU32) -> 60
C95: Итого с НР и СП | G95: =((Source!AF32+Source!AE32)*Source!FX32/100)+((Source!AF32+Source!AE32)*Source!FY32/100)+Source!AB32 -> 1020.3844 | H95: =Source!O32+Source!X32+Source!Y32 -> 86.43
A96: 6 | B96: =Source!E33 -> 6 | C96: =Source!G33 -> Смена жалюзийных решеток | D96: =Source!F33 -> 65-33-1 | E96: =Source!H33 -> 100 ШТ | F96: =Source!I33 -> 0.08 | G96: =Source!AB33 -> 430.86 | H96: =Source!O33 -> 231.29 | T96: =Source!O33+Source!X33+Source!Y33 -> 576.17 | U96: =Source!P33 -> 19.62 | V96: =Source!S33 -> 211.5 | W96: =Source!Q33 -> 0.17 | X96: =Source!R33 -> 0.08 | Y96: =Source!U33 -> 3.6952 | Z96: =Source!V33 -> 0.0008 | AA96: =Source!X33 -> 217.93 | AB96: =Source!Y33 -> 126.95
C97: ="Объем: "&Source!I33&"=8/"&"100" -> Объем: 0,08=8/100
C98: Коэфф. к ОЗП | D98: =Source!BA33 -> 6.71
C99: Коэфф. к эксплуатации машин | D99: =Source!BB33 -> 6.71
C100: Коэфф. к материалам | D100: =Source!BC33 -> 6.71
C101: Коэфф. к ЗПМ | D101: =Source!BS33 -> 6.71
C102: % НР | F102: =Source!BZ33 -> 103 | G102: =(Source!AF33+Source!AE33)*Source!FX33/100 -> 405.9642 | H102: =Source!X33 -> 217.93
C103: % СП | F103: =Source!CA33 -> 60 | G103: =(Source!AF33+Source!AE33)*Source!FY33/100 -> 236.484 | H103: =Source!Y33 -> 126.95
C104: Итого с НР и СП | G104: =((Source!AF33+Source!AE33)*Source!FX33/100)+((Source!AF33+Source!AE33)*Source!FY33/100)+Source!AB33 -> 1073.3082 | H104: =Source!O33+Source!X33+Source!Y33 -> 576.17
A105: 7 | B105: =Source!E34 -> 6,1 | C105: =Source!G34 -> Решетки пластиковые вентиляционные прим.(согласно тех.заданию) | D105: =Source!F34 -> 19.2.03.07-0028 | E105: =Source!H34 -> шт. | F105: =Source!I34 -> 8 | G105: =Source!AB34 -> 956.29 | H105: =Source!O34 -> 51333.65 | T105: =Source!O34+Source!X34+Source!Y34 -> 51333.65 | U105: =Source!P34 -> 51333.65 | V105: =Source!S34 -> 0 | W105: =Source!Q34 -> 0 | X105: =Source!R34 -> 0 | Y105: =Source!U34 -> 0 | Z105: =Source!V34 -> 0 | AA105: =Source!X34 -> 0 | AB105: =Source!Y34 -> 0
C106: Коэфф. к материалам | D106: =Source!BC34 -> 6.71
A107: 8 | B107: =Source!E35 -> 7 | C107: =Source!G35 -> Отбивка штукатурки с поверхностей стен | D107: =Source!F35 -> 46-02-009-02 | E107: =Source!H35 -> 100 м2 | F107: =Source!I35 -> 1.48 | G107: =Source!AB35 -> 178 | H107: =Source!O35 -> 1767.68 | T107: =Source!O35+Source!X35+Source!Y35 -> 4578.29 | U107: =Source!P35 -> 0 | V107: =Source!S35 -> 1767.68 | W107: =Source!Q35 -> 0 | X107: =Source!R35 -> 0 | Y107: =Source!U35 -> 33.7736 | Z107: =Source!V35 -> 0 | AA107: =Source!X35 -> 1750 | AB107: =Source!Y35 -> 1060.61
...

Sheet Макет форма-3
A1: =Source!B1 -> Smeta.RU (495) 974-1589 | H1: Унифицированная форма № КС-3
H2: Утверждена постановлением Госкомстата России
H3: от 11.11.99. № 100
K4: Коды
I5: Форма по ОКУД | K5: 322001
A6: Инвестор | J6: по ОКПО
C7: организация, адрес, телефон, факс
A8: Заказчик (генподрядчик) | J8: по ОКПО
C9: организация, адрес, телефон, факс
A10: Подрядчик (субподрядчик) | J10: по ОКПО
C11: организация, адрес, телефон, факс
A12: Стройка | J12: по ОКПО
C13: наименование, адрес | H13: Вид деятельности по ОКДП
E14: Договор подряда (контракт) | I14: номер
I15: дата
I16: Вид операции
C19: Номер документа | E19: Дата составления | I19: Отчетный период
I20: с | K20: по
A24: СПРАВКА
A25: СТОИМОСТИ ВЫПОЛНЕННЫХ РАБОТ И ЗАТРАТ
A28: № п/п | B28: Наименование пусковых комплексов, объектов, видов работ, оборудования, затрат | F28: Код | G28: Стоимость выполненных работ и затрат
G29: с начала проведения работ | I29: с начала года по отчетный период включительно | K29: в том числе за отчетный месяц
A33: 1 | B33: 2 | F33: 3 | G33: 4 | I33: 5 | K33: 6
B34: Всего работ и затрат, включаемых в стоимость
B35: В том числе:
A36: Итого
A37: Сумма НДС
A38: Всего с учетом НДС
A42: Заказчик (генподрядчик)
C43: должность | G43: подпись | J43: расшифровка подпись
A45: МП
A49: Подрядчик (субподрядчик)
C50: должность | G50: подпись | J50: расшифровка подпись
A52: МП

Sheet Source
A1: 0 | B1: Smeta.RU (495) 974-1589 | D1: _PS_ | F1: 0 | G1: 0 | H1: 0 | I1: Smeta.RU | J1: НИЯУ МИФИ Доп. раб. место MCCS-0027251 | K1: 0 | L1: 27251 | M1: 10 | N1: 10 | O1: 1 | P1: 0 | Q1: 8
A12: 1 | B12: 438 | C12: 0 | D12: =ROW(A380) -> 380 | E12: 0 | F12: Новый объект_(Копия)_(Копия)_(Копия) | G12: на капитальный ремонт помещений № 17 (К-212), № 18 (К-213), № 19 (К-214), № 20 (К-215) 2-го этажа учебно-научного корпуса "К" НИЯУ МИФИ по адресу: г. Москва, Каширское шоссе, д. 31, стр. 46 | I12: 0 | K12: 0 | O12: 0 | P12: 0 | Q12: 0 | R12: 0 | V12: 0 | BH12: Сметные нормы списания | BI12: Коды ценников | BJ12: 1 | BK12: 1 | BL12: 0 | BM12: 0 | BN12: 1 | BO12: 0 | BP12: 2 | BQ12: 2 | BR12: 1 | BS12: 1 | BT12: 0 | BU12: 0 | BV12: 0 | BW12: 0 | BX12: 0 | BY12: ФЕР-2017 | BZ12: ТР для Версии 10: Центральные регионы (с учетом п-ма 2536-ИП/12/ГС от 22.03.2017 г | CA12: ФЕР-2017 | CB12: ФЕР-2017 | CC12: ФЕР-2017 | CD12: ФЕР-2017 | CE12: Поправки для ГСН 2017 от 31.03.2017 г | CF12: 0 | CG12: 0 | CH12: 524296 | CK12: 4 | EC12: 0
A15: 15 | B15: 1
A18: 52 | B18: =B380 -> 438 | C18: =C380 -> 1 | D18: =D380 -> 12 | E18: =E380 -> 0 | F18: =F380 -> Новый объект_(Копия)_(Копия)_(Копия) | G18: =G380 -> на капитальный ремонт помещений № 17 (К-212), № 18 (К-213), № 19 (К-214), № 20 (К-215) 2-го этажа учебно-научного корпуса "К" НИЯУ МИФИ по адресу: г. Москва, Каширское шоссе, д. 31, стр. 46 | O18: =O380 -> 1719506.6 | P18: =P380 -> 1586245.8 | Q18: =Q380 -> 10602.66 | R18: =R380 -> 1816.96 | S18: =S380 -> 122658.18 | T18: =T380 -> 0 | U18: =U380 -> 1678.3632 | V18: =V380 -> 22.156505 | ... GX18: =GX380 -> 0
A20: 3 | B20: 1 | D20: =ROW(A348) -> 348 | F20: Новая локальная смета | G20: Новая локальная смета | I20: 0 | K20: 0 | V20: 0 | BX20: 0 | CF20: 0 | CG20: 0
A22: 52 | B22: =B348 -> 1 | C22: =C348 -> 3 | D22: =D348 -> 20 | E22: =E348 -> 0 | F22: =F348 -> Новая локальная смета | G22: =G348 -> Новая локальная смета | O22: =O348 -> 1719506.6 | P22: =P348 -> 1586245.8 | Q22: =Q348 -> 10602.66 | R22: =R348 -> 1816.96 | S22: =S348 -> 122658.18 | T22: =T348 -> 0 | U22: =U348 -> 1678.3632 | V22: =V348 -> 22.156505 | ... GX22: =GX348 -> 0
A24: 4 | B24: 1 | D24: =ROW(A108) -> 108 | F24: Новый раздел | G24: 1 Общестроительные работы | I24: 0 | K24: 0 | V24: 0 | BX24: 0 | CJ24: 0
A26: 52 | B26: =B108 -> 1 | C26: =C108 -> 4 | D26: =D108 -> 24 | E26: =E108 -> 0 | F26: =F108 -> Новый раздел | G26: =G108 -> 1 Общестроительные работы | O26: =O108 -> 995743.89 | P26: =P108 -> 935402.41 | Q26: =Q108 -> 7073.06 | R26: =R108 -> 1401.4 | S26: =S108 -> 53268.42 | T26: =T108 -> 0 | U26: =U108 -> 888.24003 | V26: =V108 -> 17.226777 | ... GX26: =GX108 -> 0
A28: 17 | B28: 1 | C28: =ROW(SmtRes!A3) -> 3 | D28: =ROW(EtalonRes!A3) -> 3 | E28: 1 | F28: 46-04-012-03 | G28: Разборка деревянных заполнений проемов дверных и воротных (отбивка штукатурки откосов 24,86м2 входит в состав работ) | H28: 100 м2 | I28: =ROUND(9.36/100,9) -> 0.0936 | J28: 0 | O28: =ROUND(CP28,2) -> 679.92 | P28: =ROUND(CQ28*I28,2) -> 0 | Q28: =ROUND(CR28*I28,2) -> 151.96 | R28: =ROUND(CS28*I28,2) -> 65.63 | S28: =ROUND(CT28*I28,2) -> 527.96 | T28: =ROUND(CU28*I28,2) -> 0 | U28: =CV28*I28 -> 9.725976 | V28: =CW28*I28 -> 0.724464 | W28: =ROUND(CX28*I28,2) -> 0 | X28: =ROUND(CY28,2) -> 587.65 | Y28: =ROUND(CZ28,2) -> 356.15 | AA28: 16812721 | AB28: =ROUND((AC28+AD28+AF28),2) -> 1082.58 | AC28: =ROUND((ES28),2) -> 0 | AD28: =ROUND((((ET28)-(EU28))+AE28),2) -> 241.95 | AE28: =ROUND((EU28),2) -> 104.49 | AF28: =ROUND((EV28),2) -> 840.63 | AG28: =ROUND((AP28),2) -> 0 | AH28: =(EW28) -> 103.91 | AI28: =(EX28) -> 7.74 | AJ28: =(AS28) -> 0 | AK28: 1082.58 | AL28: 0 | AM28: 241.95 | AN28: 104.49 | AO28: 840.63 | AP28: 0 | AQ28: 103.91 | AR28: 7.74 | AS28: 0 | AT28: 99 | AU28: 60 | AV28: 1 | AW28: 1 | AZ28: 6.71 | BA28: 6.71 | BB28: 6.71 | BC28: 6.71 | BH28: 0 | BI28: 1 | BJ28: ФЕР-2001, 46-04-012-03, приказ Минстроя России №1039/пр от 30.12.2016г. | BM28: 46001 | BN28: 0 | BP28: 0 | BQ28: 2 | BR28: 0 | BS28: 6.71 | BT28: 1 | BU28: 1 | BV28: 1 | BW28: 1 | BX28: 1 | BZ28: 110 | CA28: 70 | CE28: 0 | CF28: 0 | CG28: 0 | CM28: 0 | CO28: 0 | CP28: =(P28+Q28+S28) -> 679.92 | CQ28: =AC28*BC28 -> 0 | CR28: =AD28*BB28 -> 1623.4845 | CS28: =AE28*BS28 -> 701.1279 | CT28: =AF28*BA28 -> 5640.6273 | CU28: =AG28 -> 0 | CV28: =AH28 -> 103.91 | CW28: =AI28 -> 7.74 | CX28: =AJ28 -> 0 | CY28: =(((S28+R28)*AT28)/100) -> 587.6541 | CZ28: =(((S28+R28)*AU28)/100) -> 356.154 | DN28: 0 | DO28: 0 | DP28: 1 | DQ28: 1 | DU28: 1005 | DV28: 100 м2 | DW28: 100 м2 | DX28: 100 | EE28: 16510555 | EF28: 2 | EG28: Общестроительные работы | EH28: 0 | EJ28: 1 | EK28: 46001 | EL28: Реконструкция зданий и сооружений | EM28: ФЕР-46 | EQ28: 131072 | ER28: 1082.58 | ES28: 0 | ET28: 241.95 | EU28: 104.49 | EV28: 840.63 | EW28: 103.91 | EX28: 7.74 | EY28: 0 | FQ28: 0 | FR28: =ROUND(IF(AND(BH28=3,BI28=3),P28,0),2) -> 0 | FS28: 0 | FT28: *0,9 | FU28: *0,85 | FX28: 99 | FY28: 59.5 | GD28: 0 | GF28: 714913370 | GG28: 1 | GH28: 1 | GI28: 4 | GJ28: 0 | GK28: =ROUND(R28*(R12)/100,2) -> 0 | GL28: =ROUND(IF(AND(BH28=3,BI28=3,FS28<>0),P28,0),2) -> 0 | GM28: =ROUND(O28+X28+Y28+GK28,2)+GX28 -> 1623.72 | GN28: =IF(OR(BI28=0,BI28=1),ROUND(O28+X28+Y28+GK28,2),0) -> 1623.72 | GO28: =IF(BI28=2,ROUND(O28+X28+Y28+GK28,2),0) -> 0 | GP28: =IF(BI28=4,ROUND(O28+X28+Y28+GK28,2)+GX28,0) -> 0 | GR28: 0 | GS28: 3 | GT28: 0 | GV28: =ROUND((GT28),2) -> 0 | GW28: 1 | GX28: =ROUND(HC28*I28,2) -> 0 | HA28: 0 | HB28: 0 | HC28: =GV28*GW28 -> 0 | IK28: 0
A29: 17 | B29: 1 | C29: =ROW(SmtRes!A10) -> 10 | D29: =ROW(EtalonRes!A12) -> 12 | E29: 2 | F29: 09-04-012-01 | G29: Демонтаж: Установка металлических дверных блоков в готовые проемы | H29: м2 | I29: 8.74 | J29: 0 | O29: =ROUND(CP29,2) -> 1569.35 | P29: =ROUND(CQ29*I29,2) -> 0 | Q29: =ROUND(CR29*I29,2) -> 591.73 | R29: =ROUND(CS29*I29,2) -> 80.93 | S29: =ROUND(CT29*I29,2) -> 977.62 | T29: =ROUND(CU29*I29,2) -> 0 | U29: =CV29*I29 -> 14.6832 | V29: =CW29*I29 -> 1.04006 | W29: =ROUND(CX29*I29,2) -> 0 | X29: =ROUND(CY29,2) -> 857.43 | Y29: =ROUND(CZ29,2) -> 762.16 | AA29: 16812721 | AB29: =ROUND((AC29+AD29+AF29),2) -> 26.76 | AC29: =ROUND(((ES29*0)),2) -> 0 | AD29: =ROUND(((((ET29*0.7))-((EU29*0.7)))+AE29),2) -> 10.09 | AE29: =ROUND(((EU29*0.7)),2) -> 1.38 | AF29: =ROUND(((EV29*0.7)),2) -> 16.67 | AG29: =ROUND((AP29),2) -> 0 | AH29: =((EW29*0.7)) -> 1.68 | AI29: =((EX29*0.7)) -> 0.119 | AJ29: =(AS29) -> 0 | AK29: 63.94 | AL29: 25.72 | AM29: 14.41 | AN29: 1.97 | AO29: 23.81 | AP29: 0 | AQ29: 2.4 | AR29: 0.17 | AS29: 0 | AT29: 81 | AU29: 72 | AV29: 1 | AW29: 1 | AZ29: 6.71 | BA29: 6.71 | BB29: 6.71 | BC29: 6.71 | BH29: 0 | BI29: 1 | BJ29: ФЕР-2001, 09-04-012-01, приказ Минстроя России №1039/пр от 30.12.2016г. | BM29: 9001 | BN29: 0 | BP29: 0 | BQ29: 2 | BR29: 0 | BS29: 6.71 | BT29: 1 | BU29: 1 | BV29: 1 | BW29: 1 | BX29: 1 | BZ29: 90 | CA29: 85 | CE29: 0 | CF29: 0 | CG29: 0 | CM29: 0 | CN29: Поправка: Прил. 9.3, п.5 Наименование: Разборка (демонтаж) металлических конструкций | CO29: 0 | CP29: =(P29+Q29+S29) -> 1569.35 | CQ29: =AC29*BC29 -> 0 | CR29: =AD29*BB29 -> 67.7039 | CS29: =AE29*BS29 -> 9.2598 | CT29: =AF29*BA29 -> 111.8557 | CU29: =AG29 -> 0 | CV29: =AH29 -> 1.68 | CW29: =AI29 -> 0.119 | CX29: =AJ29 -> 0 | CY29: =(((S29+R29)*AT29)/100) -> 857.4255 | CZ29: =(((S29+R29)*AU29)/100) -> 762.156 | DD29: )*0 | DE29: )*0,7 | DF29: )*0,7 | DG29: )*0,7 | DI29: )*0,7 | DJ29: )*0,7 | DN29: 0 | DO29: 0 | DP29: 1 | DQ29: 1 | DU29: 1005 | DV29: м2 | DW29: м2 | DX29: 1 | EE29: 16510486 | EF29: 2 | EG29: Общестроительные работы | EH29: 0 | EJ29: 1 | EK29: 9001 | EL29: Металлические конструкции | EM29: ФЕР-09 | EO29: Поправка: Прил. 9.3, п.5 | EQ29: 0 | ER29: 63.94 | ES29: 25.72 | ET29: 14.41 | EU29: 1.97 | EV29: 23.81 | EW29: 2.4 | EX29: 0.17 | EY29: 0 | FQ29: 0 | FR29: =ROUND(IF(AND(BH29=3,BI29=3),P29,0),2) -> 0 | FS29: 0 | FT29: *0,9 | FU29: *0,85 | FX29: 81 | FY29: 72.25 | GD29: 0 | GF29: -1162533564 | GG29: 1 | GH29: 1 | GI29: 4 | GJ29: 0 | GK29: =ROUND(R29*(R12)/100,2) -> 0 | GL29: =ROUND(IF(AND(BH29=3,BI29=3,FS29<>0),P29,0),2) -> 0 | GM29: =ROUND(O29+X29+Y29+GK29,2)+GX29 -> 3188.94 | GN29: =IF(OR(BI29=0,BI29=1),ROUND(O29+X29+Y29+GK29,2),0) -> 3188.94 | GO29: =IF(BI29=2,ROUND(O29+X29+Y29+GK29,2),0) -> 0 | GP29: =IF(BI29=4,ROUND(O29+X29+Y29+GK29,2)+GX29,0) -> 0 | GR29: 0 | GS29: 3 | GT29: 0 | GV29: =ROUND((GT29),2) -> 0 | GW29: 1 | GX29: =ROUND(HC29*I29,2) -> 0 | HA29: 0 | HB29: 0 | HC29: =GV29*GW29 -> 0 | IK29: 0
A30: 17 | B30: 1 | C30: =ROW(SmtRes!A11) -> 11 | D30: =ROW(EtalonRes!A14) -> 14 | E30: 3 | F30: 57-3-1 | G30: Разборка плинтусов деревянных и из пластмассовых материалов | H30: 100 м | I30: =ROUND(95.6/100,9) -> 0.956 | J30: 0 | O30: =ROUND(CP30,2) -> 188.66 | P30: =ROUND(CQ30*I30,2) -> 0 | Q30: =ROUND(CR30*I30,2) -> 0 | R30: =ROUND(CS30*I30,2) -> 0 | S30: =ROUND(CT30*I30,2) -> 188.66 | T30: =ROUND(CU30*I30,2) -> 0 | U30: =CV30*I30 -> 3.60412 | V30: =CW30*I30 -> 0 | W30: =ROUND(CX30*I30,2) -> 0 | X30: =ROUND(CY30,2) -> 150.93 | Y30: =ROUND(CZ30,2) -> 128.29 | AA30: 16812721 | AB30: =ROUND((AC30+AD30+AF30),2) -> 29.41 | AC30: =ROUND((ES30),2) -> 0 | AD30: =ROUND((((ET30)-(EU30))+AE30),2) -> 0 | AE30: =ROUND((EU30),2) -> 0 | AF30: =ROUND((EV30),2) -> 29.41 | AG30: =ROUND((AP30),2) -> 0 | AH30: =(EW30) -> 3.77 | AI30: =(EX30) -> 0 | AJ30: =(AS30) -> 0 | AK30: 29.41 | AL30: 0 | AM30: 0 | AN30: 0 | AO30: 29.41 | AP30: 0 | AQ30: 3.77 | AR30: 0 | AS30: 0 | AT30: 80 | AU30: 68 | AV30: 1 | AW30: 1 | AZ30: 6.71 | BA30: 6.71 | BB30: 6.71 | BC30: 6.71 | BH30: 0 | BI30: 1 | BJ30: ФЕР-2001, 57-3-1, приказ Минстроя России №1039/пр от 30.12.2016г. | BM30: 57001 | BN30: 0 | BP30: 0 | BQ30: 6 | BR30: 0 | BS30: 6.71 | BT30: 1 | BU30: 1 | BV30: 1 | BW30: 1 | BX30: 1 | BZ30: 80 | CA30: 68 | CE30: 0 | CF30: 0 | CG30: 0 | CM30: 0 | CO30: 0 | CP30: =(P30+Q30+S30) -> 188.66 | CQ30: =AC30*BC30 -> 0 | CR30: =AD30*BB30 -> 0 | CS30: =AE30*BS30 -> 0 | CT30: =AF30*BA30 -> 197.3411 | CU30: =AG30 -> 0 | CV30: =AH30 -> 3.77 | CW30: =AI30 -> 0 | CX30: =AJ30 -> 0 | CY30: =(((S30+R30)*AT30)/100) -> 150.928 | CZ30: =(((S30+R30)*AU30)/100) -> 128.2888 | DN30: 0 | DO30: 0 | DP30: 1 | DQ30: 1 | DU30: 1003 | DV30: 100 м | DW30: 100 м | DX30: 100 | EE30: 16510566 | EF30: 6 | EG30: Ремонтно-строительные работы | EH30: 0 | EJ30: 1 | EK30: 57001 | EL30: Полы | EM30: рФЕР-57 | EQ30: 131072 | ER30: 29.41 | ES30: 0 | ET30: 0 | EU30: 0 | EV30: 29.41 | EW30: 3.77 | EX30: 0 | EY30: 0 | FQ30: 0 | FR30: =ROUND(IF(AND(BH30=3,BI30=3),P30,0),2) -> 0 | FS30: 0 | FX30: 80 | FY30: 68 | GD30: 0 | GF30: -1431764135 | GG30: 1 | GH30: 1 | GI30: 4 | GJ30: 0 | GK30: =ROUND(R30*(R12)/100,2) -> 0 | GL30: =ROUND(IF(AND(BH30=3,BI30=3,FS30<>0),P30,0),2) -> 0 | GM30: =ROUND(O30+X30+Y30+GK30,2)+GX30 -> 467.88 | GN30: =IF(OR(BI30=0,BI30=1),ROUND(O30+X30+Y30+GK30,2),0) -> 467.88 | GO30: =IF(BI30=2,ROUND(O30+X30+Y30+GK30,2),0) -> 0 | GP30: =IF(BI30=4,ROUND(O30+X30+Y30+GK30,2)+GX30,0) -> 0 | GR30: 0 | GS30: 0 | GT30: 0 | GV30: =ROUND((GT30),2) -> 0 | GW30: 1 | GX30: =ROUND(HC30*I30,2) -> 0 | HA30: 0 | HB30: 0 | HC30: =GV30*GW30 -> 0 | IK30: 0
A31: 17 | B31: 1 | C31: =ROW(SmtRes!A14) -> 14 | D31: =ROW(EtalonRes!A18) -> 18 | E31: 4 | F31: 57-2-1 | G31: Разборка покрытий полов из линолеума и релина | H31: 100 м2 | I31: =ROUND(133.16/100,9) -> 1.3316 | J31: 0 | O31: =ROUND(CP31,2) -> 830.07 | P31: =ROUND(CQ31*I31,2) -> 0 | Q31: =ROUND(CR31*I31,2) -> 36.28 | R31: =ROUND(CS31*I31,2) -> 15.73 | S31: =ROUND(CT31*I31,2) -> 793.79 | T31: =ROUND(CU31*I31,2) -> 0 | U31: =CV31*I31 -> 15.166924 | V31: =CW31*I31 -> 0.173108 | W31: =ROUND(CX31*I31,2) -> 0 | X31: =ROUND(CY31,2) -> 647.62 | Y31: =ROUND(CZ31,2) -> 550.47 | AA31: 16812721 | AB31: =ROUND((AC31+AD31+AF31),2) -> 92.9 | AC31: =ROUND((ES31),2) -> 0 | AD31: =ROUND((((ET31)-(EU31))+AE31),2) -> 4.06 | AE31: =ROUND((EU31),2) -> 1.76 | AF31: =ROUND((EV31),2) -> 88.84 | AG31: =ROUND((AP31),2) -> 0 | AH31: =(EW31) -> 11.39 | AI31: =(EX31) -> 0.13 | AJ31: =(AS31) -> 0 | AK31: 92.9 | AL31: 0 | AM31: 4.06 | AN31: 1.76 | AO31: 88.84 | AP31: 0 | AQ31: 11.39 | AR31: 0.13 | AS31: 0 | AT31: 80 | AU31: 68 | AV31: 1 | AW31: 1 | AZ31: 6.71 | BA31: 6.71 | BB31: 6.71 | BC31: 6.71 | BH31: 0 | BI31: 1 | BJ31: ФЕРр-2001, 57-2-1, приказ Минстроя России №1039/пр от 30.12.2016г. | BM31: 57001 | BN31: 0 | BP31: 0 | BQ31: 6 | BR31: 0 | BS31: 6.71 | BT31: 1 | BU31: 1 | BV31: 1 | BW31: 1 | BX31: 1 | BZ31: 80 | CA31: 68 | CE31: 0 | CF31: 0 | CG31: 0 | CM31: 0 | CO31: 0 | CP31: =(P31+Q31+S31) -> 830.07 | CQ31: =AC31*BC31 -> 0 | CR31: =AD31*BB31 -> 27.2426 | CS31: =AE31*BS31 -> 11.8096 | CT31: =AF31*BA31 -> 596.1164 | CU31: =AG31 -> 0 | CV31: =AH31 -> 11.39 | CW31: =AI31 -> 0.13 | CX31: =AJ31 -> 0 | CY31: =(((S31+R31)*AT31)/100) -> 647.616 | CZ31: =(((S31+R31)*AU31)/100) -> 550.4736 | DN31: 0 | DO31: 0 | DP31: 1 | DQ31: 1 | DU31: 1005 | DV31: 100 м2 | DW31: 100 м2 | DX31: 100 | EE31: 16510566 | EF31: 6 | EG31: Ремонтно-строительные работы | EH31: 0 | EJ31: 1 | EK31: 57001 | EL31: Полы | EM31: рФЕР-57 | EQ31: 131072 | ER31: 92.9 | ES31: 0 | ET31: 4.06 | EU31: 1.76 | EV31: 88.84 | EW31: 11.39 | EX31: 0.13 | EY31: 0 | FQ31: 0 | FR31: =ROUND(IF(AND(BH31=3,BI31=3),P31,0),2) -> 0 | FS31: 0 | FX31: 80 | FY31: 68 | GD31: 0 | GF31: 537707280 | GG31: 1 | GH31: 1 | GI31: 4 | GJ31: 0 | GK31: =ROUND(R31*(R12)/100,2) -> 0 | GL31: =ROUND(IF(AND(BH31=3,BI31=3,FS31<>0),P31,0),2) -> 0 | GM31: =ROUND(O31+X31+Y31+GK31,2)+GX31 -> 2028.16 | GN31: =IF(OR(BI31=0,BI31=1),ROUND(O31+X31+Y31+GK31,2),0) -> 2028.16 | GO31: =IF(BI31=2,ROUND(O31+X31+Y31+GK31,2),0) -> 0 | GP31: =IF(BI31=4,ROUND(O31+X31+Y31+GK31,2)+GX31,0) -> 0 | GR31: 0 | GS31: 3 | GT31: 0 | GV31: =ROUND((GT31),2) -> 0 | GW31: 1 | GX31: =ROUND(HC31*I31,2) -> 0 | HA31: 0 | HB31: 0 | HC31: =GV31*GW31 -> 0 | IK31: 0
A32: 17 | B32: 1 | C32: =ROW(SmtRes!A17) -> 17 | D32: =ROW(EtalonRes!A21) -> 21 | E32: 5 | F32: 46-04-010-03 | G32: Разборка покрытий полов паркетных | H32: 100 м2 | I32: =ROUND(1.26/100,9) -> 0.0126 | J32: 0 | O32: =ROUND(CP32,2) -> 34.99 | P32: =ROUND(CQ32*I32,2) -> 0 | Q32: =ROUND(CR32*I32,2) -> 4.65 | R32: =ROUND(CS32*I32,2) -> 2.01 | S32: =ROUND(CT32*I32,2) -> 30.34 | T32: =ROUND(CU32*I32,2) -> 0 | U32: =CV32*I32 -> 0.579726 | V32: =CW32*I32 -> 0.022176 | W32: =ROUND(CX32*I32,2) -> 0 | X32: =ROUND(CY32,2) -> 32.03 | Y32: =ROUND(CZ32,2) -> 19.41 | AA32: 16812721 | AB32: =ROUND((AC32+AD32+AF32),2) -> 413.9 | AC32: =ROUND((ES32),2) -> 0 | AD32: =ROUND((((ET32)-(EU32))+AE32),2) -> 55.02 | AE32: =ROUND((EU32),2) -> 23.76 | AF32: =ROUND((EV32),2) -> 358.88 | AG32: =ROUND((AP32),2) -> 0 | AH32: =(EW32) -> 46.01 | AI32: =(EX32) -> 1.76 | AJ32: =(AS32) -> 0 | AK32: 413.9 | AL32: 0 | AM32: 55.02 | AN32: 23.76 | AO32: 358.88 | AP32: 0 | AQ32: 46.01 | AR32: 1.76 | AS32: 0 | AT32: 99 | AU32: 60 | AV32: 1 | AW32: 1 | AZ32: 6.71 | BA32: 6.71 | BB32: 6.71 | BC32: 6.71 | BH32: 0 | BI32: 1 | BJ32: ФЕР-2001, 46-04-010-03, приказ Минстроя России №1039/пр от 30.12.2016г. | BM32: 46001 | BN32: 0 | BP32: 0 | BQ32: 2 | BR32: 0 | BS32: 6.71 | BT32: 1 | BU32: 1 | BV32: 1 | BW32: 1 | BX32: 1 | BZ32: 110 | CA32: 70 | CE32: 0 | CF32: 0 | CG32: 0 | CM32: 0 | CO32: 0 | CP32: =(P32+Q32+S32) -> 34.99 | CQ32: =AC32*BC32 -> 0 | CR32: =AD32*BB32 -> 369.1842 | CS32: =AE32*BS32 -> 159.4296 | CT32: =AF32*BA32 -> 2408.0848 | CU32: =AG32 -> 0 | CV32: =AH32 -> 46.01 | CW32: =AI32 -> 1.76 | CX32: =AJ32 -> 0 | CY32: =(((S32+R32)*AT32)/100) -> 32.0265 | CZ32: =(((S32+R32)*AU32)/100) -> 19.41 | DN32: 0 | DO32: 0 | DP32: 1 | DQ32: 1 | DU32: 1005 | DV32: 100 м2 | DW32: 100 м2 | DX32: 100 | EE32: 16510555 | EF32: 2 | EG32: Общестроительные работы | EH32: 0 | EJ32: 1 | EK32: 46001 | EL32: Реконструкция зданий и сооружений | EM32: ФЕР-46 | EQ32: 0 | ER32: 413.9 | ES32: 0 | ET32: 55.02 | EU32: 23.76 | EV32: 358.88 | EW32: 46.01 | EX32: 1.76 | EY32: 0 | FQ32: 0 | FR32: =ROUND(IF(AND(BH32=3,BI32=3),P32,0),2) -> 0 | FS32: 0 | FT32: *0,9 | FU32: *0,85 | FX32: 99 | FY32: 59.5 | GD32: 0 | GF32: -96571562 | GG32: 1 | GH32: 1 | GI32: 4 | GJ32: 0 | GK32: =ROUND(R32*(R12)/100,2) -> 0 | GL32: =ROUND(IF(AND(BH32=3,BI32=3,FS32<>0),P32,0),2) -> 0 | GM32: =ROUND(O32+X32+Y32+GK32,2)+GX32 -> 86.43 | GN32: =IF(OR(BI32=0,BI32=1),ROUND(O32+X32+Y32+GK32,2),0) -> 86.43 | GO32: =IF(BI32=2,ROUND(O32+X32+Y32+GK32,2),0) -> 0 | GP32: =IF(BI32=4,ROUND(O32+X32+Y32+GK32,2)+GX32,0) -> 0 | GR32: 0 | GS32: 3 | GT32: 0 | GV32: =ROUND((GT32),2) -> 0 | GW32: 1 | GX32: =ROUND(HC32*I32,2) -> 0 | HA32: 0 | HB32: 0 | HC32: =GV32*GW32 -> 0 | IK32: 0
A33: 17 | B33: 1 | C33: =ROW(SmtRes!A23) -> 23 | D33: =ROW(EtalonRes!A28) -> 28 | E33: 6 | F33: 65-33-1 | G33: Смена жалюзийных решеток | H33: 100 ШТ | I33: =ROUND(8/100,9) -> 0.08 | J33: 0 | O33: =ROUND(CP33,2) -> 231.29 | P33: =ROUND(CQ33*I33,2) -> 19.62 | Q33: =ROUND(CR33*I33,2) -> 0.17 | R33: =ROUND(CS33*I33,2) -> 0.08 | S33: =ROUND(CT33*I33,2) -> 211.5 | T33: =ROUND(CU33*I33,2) -> 0 | U33: =CV33*I33 -> 3.6952 | V33: =CW33*I33 -> 0.0008 | W33: =ROUND(CX33*I33,2) -> 0 | X33: =ROUND(CY33,2) -> 217.93 | Y33: =ROUND(CZ33,2) -> 126.95 | AA33: 16812721 | AB33: =ROUND((AC33+AD33+AF33),2) -> 430.86 | AC33: =ROUND((ES33),2) -> 36.55 | AD33: =ROUND((((ET33)-(EU33))+AE33),2) -> 0.31 | AE33: =ROUND((EU33),2) -> 0.14 | AF33: =ROUND((EV33),2) -> 394 | AG33: =ROUND((AP33),2) -> 0 | AH33: =(EW33) -> 46.19 | AI33: =(EX33) -> 0.01 | AJ33: =(AS33) -> 0 | AK33: 430.86 | AL33: 36.55 | AM33: 0.31 | AN33: 0.14 | AO33: 394 | AP33: 0 | AQ33: 46.19 | AR33: 0.01 | AS33: 0 | AT33: 103 | AU33: 60 | AV33: 1 | AW33: 1 | AZ33: 6.71 | BA33: 6.71 | BB33: 6.71 | BC33: 6.71 | BH33: 0 | BI33: 1 | BJ33: ФЕР-2001, 65-33-1, приказ Минстроя России №1039/пр от 30.12.2016г. | BM33: 65010 | BN33: 0 | BP33: 0 | BQ33: 6 | BR33: 0 | BS33: 6.71 | BT33: 1 | BU33: 1 | BV33: 1 | BW33: 1 | BX33: 1 | BZ33: 103 | CA33: 60 | CE33: 0 | CF33: 0 | CG33: 0 | CM33: 0 | CO33: 0 | CP33: =(P33+Q33+S33) -> 231.29 | CQ33: =AC33*BC33 -> 245.2505 | CR33: =AD33*BB33 -> 2.0801 | CS33: =AE33*BS33 -> 0.9394 | CT33: =AF33*BA33 -> 2643.74 | CU33: =AG33 -> 0 | CV33: =AH33 -> 46.19 | CW33: =AI33 -> 0.01 | CX33: =AJ33 -> 0 | CY33: =(((S33+R33)*AT33)/100) -> 217.9274 | CZ33: =(((S33+R33)*AU33)/100) -> 126.948 | DN33: 0 | DO33: 0 | DP33: 1 | DQ33: 1 | DU33: 1013 | DV33: 100 ШТ | DW33: 100 ШТ | DX33: 1 | EE33: 16510589 | EF33: 6 | EG33: Ремонтно-строительные работы | EH33: 0 | EJ33: 1 | EK33: 65010 | EL33: Внтуренниие с/техработы: смена труб | EM33: рФЕР-65 | EQ33: 131072 | ER33: 430.86 | ES33: 36.55 | ET33: 0.31 | EU33: 0.14 | EV33: 394 | EW33: 46.19 | EX33: 0.01 | EY33: 0 | FQ33: 0 | FR33: =ROUND(IF(AND(BH33=3,BI33=3),P33,0),2) -> 0 | FS33: 0 | FX33: 103 | FY33: 60 | GD33: 0 | GF33: -2051527918 | GG33: 1 | GH33: 1 | GI33: 4 | GJ33: 0 | GK33: =ROUND(R33*(R12)/100,2) -> 0 | GL33: =ROUND(IF(AND(BH33=3,BI33=3,FS33<>0),P33,0),2) -> 0 | GM33: =ROUND(O33+X33+Y33+GK33,2)+GX33 -> 576.17 | GN33: =IF(OR(BI33=0,BI33=1),ROUND(O33+X33+Y33+GK33,2),0) -> 576.17 | GO33: =IF(BI33=2,ROUND(O33+X33+Y33+GK33,2),0) -> 0 | GP33: =IF(BI33=4,ROUND(O33+X33+Y33+GK33,2)+GX33,0) -> 0 | GR33: 0 | GS33: 0 | GT33: 0 | GV33: =ROUND((GT33),2) -> 0 | GW33: 1 | GX33: =ROUND(HC33*I33,2) -> 0 | HA33: 0 | HB33: 0 | HC33: =GV33*GW33 -> 0 | IK33: 0
A34: 18 | B34: 1 | C34: 23 | E34: 6,1 | F34: 19.2.03.07-0028 | G34: Решетки пластиковые вентиляционные прим.(согласно тех.заданию) | H34: шт. | I34: =I33*J34 -> 8 | J34: 100 | O34: =ROUND(CP34,2) -> 51333.65 | P34: =ROUND(CQ34*I34,2) -> 51333.65 | Q34: =ROUND(CR34*I34,2) -> 0 | R34: =ROUND(CS34*I34,2) -> 0 | S34: =ROUND(CT34*I34,2) -> 0 | T34: =ROUND(CU34*I34,2) -> 0 | U34: =CV34*I34 -> 0 | V34: =CW34*I34 -> 0 | W34: =ROUND(CX34*I34,2) -> 0 | X34: =ROUND(CY34,2) -> 0 | Y34: =ROUND(CZ34,2) -> 0 | AA34: 16812721 | AB34: =ROUND((AC34+AD34+AF34),2) -> 956.29 | AC34: =ROUND((ES34),2) -> 956.29 | AD34: =ROUND((((ET34)-(EU34))+AE34),2) -> 0 | AE34: =ROUND((EU34),2) -> 0 | AF34: =ROUND((EV34),2) -> 0 | AG34: =ROUND((AP34),2) -> 0 | AH34: =(EW34) -> 0 | AI34: =(EX34) -> 0 | AJ34: =(AS34) -> 0 | AK34: 956.29 | AL34: 956.29 | AM34: 0 | AN34: 0 | AO34: 0 | AP34: 0 | AQ34: 0 | AR34: 0 | AS34: 0 | AT34: 103 | AU34: 60 | AV34: 1 | AW34: 1 | AZ34: 6.71 | BA34: 1 | BB34: 1 | BC34: 6.71 | BH34: 3 | BI34: 1 | BJ34: ФССЦ-2001, 19.2.03.07-0028, приказ Минстроя России №1039/пр от 30.12.2016г. | BM34: 65010 | BN34: 0 | BP34: 0 | BQ34: 6 | BR34: 0 | BS34: 1 | BT34: 1 | BU34: 1 | BV34: 1 | BW34: 1 | BX34: 1 | BZ34: 103 | CA34: 60 | CE34: 0 | CF34: 0 | CG34: 0 | CM34: 0 | CO34: 0 | CP34: =(P34+Q34+S34) -> 51333.65 | CQ34: =AC34*BC34 -> 6416.7059 | CR34: =AD34*BB34 -> 0 | CS34: =AE34*BS34 -> 0 | CT34: =AF34*BA34 -> 0 | CU34: =AG34 -> 0 | CV34: =AH34 -> 0 | CW34: =AI34 -> 0 | CX34: =AJ34 -> 0 | CY34: =(((S34+R34)*AT34)/100) -> 0 | CZ34: =(((S34+R34)*AU34)/100) -> 0 | DN34: 0 | DO34: 0 | DP34: 1 | DQ34: 1 | DU34: 1010 | DV34: шт. | DW34: шт. | DX34: 1 | EE34: 16510589 | EF34: 6 | EG34: Ремонтно-строительные работы | EH34: 0 | EJ34: 1 | EK34: 65010 | EL34: Внтуренниие с/техработы: смена труб | EM34: рФЕР-65 | EQ34: 0 | ER34: 956.29 | ES34: 956.29 | ET34: 0 | EU34: 0 | EV34: 0 | EW34: 0 | EX34: 0 | FQ34: 0 | FR34: =ROUND(IF(AND(BH34=3,BI34=3),P34,0),2) -> 0 | FS34: 0 | FX34: 103 | FY34: 60 | GD34: 0 | GF34: 128350836 | GG34: 1 | GH34: 1 | GI34: 4 | GJ34: 0 | GK34: =ROUND(R34*(R12)/100,2) -> 0 | GL34: =ROUND(IF(AND(BH34=3,BI34=3,FS34<>0),P34,0),2) -> 0 | GM34: =ROUND(O34+X34+Y34+GK34,2)+GX34 -> 51333.65 | GN34: =IF(OR(BI34=0,BI34=1),ROUND(O34+X34+Y34+GK34,2),0) -> 51333.65 | GO34: =IF(BI34=2,ROUND(O34+X34+Y34+GK34,2),0) -> 0 | GP34: =IF(BI34=4,ROUND(O34+X34+Y34+GK34,2)+GX34,0) -> 0 | GR34: 0 | GS34: 3 | GT34: 0 | GV34: =ROUND((GT34),2) -> 0 | GW34: 1 | GX34: =ROUND(HC34*I34,2) -> 0 | HA34: 0 | HB34: 0 | HC34: =GV34*GW34 -> 0 | IK34: 0
A35: 17 | B35: 1 | C35: =ROW(SmtRes!A24) -> 24 | D35: =ROW(EtalonRes!A29) -> 29 | E35: 7 | F35: 46-02-009-02 | G35: Отбивка штукатурки с поверхностей стен | H35: 100 м2 | I35: =ROUND(148/100,9) -> 1.48 | J35: 0 | O35: =ROUND(CP35,2) -> 1767.68 | P35: =ROUND(CQ35*I35,2) -> 0 | Q35: =ROUND(CR35*I35,2) -> 0 | R35: =ROUND(CS35*I35,2) -> 0 | S35: =ROUND(CT35*I35,2) -> 1767.68 | T35: =ROUND(CU35*I35,2) -> 0 | U35: =CV35*I35 -> 33.7736 | V35: =CW35*I35 -> 0 | W35: =ROUND(CX35*I35,2) -> 0 | X35: =ROUND(CY35,2) -> 1750 | Y35: =ROUND(CZ35,2) -> 1060.61 | AA35: 16812721 | AB35: =ROUND((AC35+AD35+AF35),2) -> 178 | AC35: =ROUND((ES35),2) -> 0 | AD35: =ROUND((((ET35)-(EU35))+AE35),2) -> 0 | AE35: =ROUND((EU35),2) -> 0 | AF35: =ROUND((EV35),2) -> 178 | AG35: =ROUND((AP35),2) -> 0 | AH35: =(EW35) -> 22.82 | AI35: =(EX35) -> 0 | AJ35: =(AS35) -> 0 | AK35: 178 | AL35: 0 | AM35: 0 | AN35: 0 | AO35: 178 | AP35: 0 | AQ35: 22.82 | AR35: 0 | AS35: 0 | AT35: 99 | AU35: 60 | AV35: 1 | AW35: 1 | AZ35: 6.71 | BA35: 6.71 | BB35: 6.71 | BC35: 6.71 | BH35: 0 | BI35: 1 | BJ35: ФЕР-2001, 46-02-009-02, приказ Минстроя России №1039/пр от 30.12.2016г. | BM35: 46001 | BN35: 0 | BP35: 0 | BQ35: 2 | BR35: 0 | BS35: 6.71 | BT35: 1 | BU35: 1 | BV35: 1 | BW35: 1 | BX35: 1 | BZ35: 110 | CA35: 70 | CE35: 0 | CF35: 0 | CG35: 0 | CM35: 0 | CO35: 0 | CP35: =(P35+Q35+S35) -> 1767.68 | CQ35: =AC35*BC35 -> 0 | CR35: =AD35*BB35 -> 0 | CS35: =AE35*BS35 -> 0 | CT35: =AF35*BA35 -> 1194.38 | CU35: =AG35 -> 0 | CV35: =AH35 -> 22.82 | CW35: =AI35 -> 0 | CX35: =AJ35 -> 0 | CY35: =(((S35+R35)*AT35)/100) -> 1750.0032 | CZ35: =(((S35+R35)*AU35)/100) -> 1060.608 | DN35: 0 | DO35: 0 | DP35: 1 | DQ35: 1 | DU35: 1005 | DV35: 100 м2 | DW35: 100 м2 | DX35: 100 | EE35: 16510555 | EF35: 2 | EG35: Общестроительные работы | EH35: 0 | EJ35: 1 | EK35: 46001 | EL35: Реконструкция зданий и сооружений | EM35: ФЕР-46 | EQ35: 131072 | ER35: 178 | ES35: 0 | ET35: 0 | EU35: 0 | EV35: 178 | EW35: 22.82 | EX35: 0 | EY35: 0 | FQ35: 0 | FR35: =ROUND(IF(AND(BH35=3,BI35=3),P35,0),2) -> 0 | FS35: 0 | FT35: *0,9 | FU35: *0,85 | FX35: 99 | FY35: 59.5 | GD35: 0 | GF35: 232532105 | GG35: 1 | GH35: 1 | GI35: 4 | GJ35: 0 | GK35: =ROUND(R35*(R12)/100,2) -> 0 | GL35: =ROUND(IF(AND(BH35=3,BI35=3,FS35<>0),P35,0),2) -> 0 | GM35: =ROUND(O35+X35+Y35+GK35,2)+GX35 -> 4578.29 | GN35: =IF(OR(BI35=0,BI35=1),ROUND(O35+X35+Y35+GK35,2),0) -> 4578.29 | GO35: =IF(BI35=2,ROUND(O35+X35+Y35+GK35,2),0) -> 0 | GP35: =IF(BI35=4,ROUND(O35+X35+Y35+GK35,2)+GX35,0) -> 0 | GR35: 0 | GS35: 0 | GT35: 0 | GV35: =ROUND((GT35),2) -> 0 | GW35: 1 | GX35: =ROUND(HC35*I35,2) -> 0 | HA35: 0 | HB35: 0 | HC35: =GV35*GW35 -> 0 | IK35: 0
A36: 17 | B36: 1 | C36: =ROW(SmtRes!A30) -> 30 | D36: =ROW(EtalonRes!A35) -> 35 | E36: 8 | F36: 20-06-001-01 | G36: Демонтаж: Установка кондиционеров доводчиков эжекционных | H36: 10 ШТ | I36: =ROUND(1/10,9) -> 0.1 | J36: 0 | O36: =ROUND(CP36,2) -> 54.12 | P36: =ROUND(CQ36*I36,2) -> 0 | Q36: =ROUND(CR36*I36,2) -> 3.53 | R36: =ROUND(CS36*I36,2) -> 0.62 | S36: =ROUND(CT36*I36,2) -> 50.59 | T36: =ROUND(CU36*I36,2) -> 0 | U36: =CV36*I36 -> 0.76 | V36: =CW36*I36 -> 0.008 | W36: =ROUND(CX36*I36,2) -> 0 | X36: =ROUND(CY36,2) -> 58.89 | Y36: =ROUND(CZ36,2) -> 36.36 | AA36: 16812721 | AB36: =ROUND((AC36+AD36+AF36),2) -> 80.65 | AC36: =ROUND(((ES36*0)),2) -> 0 | AD36: =ROUND(((((ET36*0.4))-((EU36*0.4)))+AE36),2) -> 5.26 | AE36: =ROUND(((EU36*0.4)),2) -> 0.93 | AF36: =ROUND(((EV36*0.4)),2) -> 75.39 | AG36: =ROUND((AP36),2) -> 0 | AH36: =((EW36*0.4)) -> 7.6 | AI36: =((EX36*0.4)) -> 0.08 | AJ36: =(AS36) -> 0 | AK36: 203.31 | AL36: 1.69 | AM36: 13.14 | AN36: 2.32 | AO36: 188.48 | AP36: 0 | AQ36: 19 | AR36: 0.2 | AS36: 0 | AT36: 115 | AU36: 71 | AV36: 1 | AW36: 1 | AZ36: 6.71 | BA36: 6.71 | BB36: 6.71 | BC36: 6.71 | BH36: 0 | BI36: 1 | BJ36: ФЕР-2001, 20-06-001-01, приказ Минстроя России №1039/пр от 30.12.2016г. | BM36: 20001 | BN36: 0 | BP36: 0 | BQ36: 2 | BR36: 0 | BS36: 6.71 | BT36: 1 | BU36: 1 | BV36: 1 | BW36: 1 | BX36: 1 | BZ36: 128 | CA36: 83 | CE36: 0 | CF36: 0 | CG36: 0 | CM36: 0 | CN36: Поправка: Табл.2, п.3 Наименование: При демонтаже (разборке) систем инженерно-технического обеспечения | CO36: 0 | CP36: =(P36+Q36+S36) -> 54.12 | CQ36: =AC36*BC36 -> 0 | CR36: =AD36*BB36 -> 35.2946 | CS36: =AE36*BS36 -> 6.2403 | CT36: =AF36*BA36 -> 505.8669 | CU36: =AG36 -> 0 | CV36: =AH36 -> 7.6 | CW36: =AI36 -> 0.08 | CX36: =AJ36 -> 0 | CY36: =(((S36+R36)*AT36)/100) -> 58.8915 | CZ36: =(((S36+R36)*AU36)/100) -> 36.3591 | DD36: )*0 | DE36: )*0,4 | DF36: )*0,4 | DG36: )*0,4 | DI36: )*0,4 | DJ36: )*0,4 | DN36: 0 | DO36: 0 | DP36: 1 | DQ36: 1 | DU36: 1013 | DV36: 10 ШТ | DW36: 10 ШТ | DX36: 1 | EE36: 16510518 | EF36: 2 | EG36: Общестроительные работы | EH36: 0 | EJ36: 1 | EK36: 20001 | EL36: Вентиляция и кондиционирование | EM36: ФЕР-20 | EO36: Поправка: Табл.2, п.3 | EQ36: 0 | ER36: 203.31 | ES36: 1.69 | ET36: 13.14 | EU36: 2.32 | EV36: 188.48 | EW36: 19 | EX36: 0.2 | EY36: 0 | FQ36: 0 | FR36: =ROUND(IF(AND(BH36=3,BI36=3),P36,0),2) -> 0 | FS36: 0 | FT36: *0,9 | FU36: *0,85 | FX36: 115.2 | FY36: 70.55 | GD36: 0 | GF36: 950093922 | GG36: 1 | GH36: 1 | GI36: 4 | GJ36: 0 | GK36: =ROUND(R36*(R12)/100,2) -> 0 | GL36: =ROUND(IF(AND(BH36=3,BI36=3,FS36<>0),P36,0),2) -> 0 | GM36: =ROUND(O36+X36+Y36+GK36,2)+GX36 -> 149.37 | GN36: =IF(OR(BI36=0,BI36=1),ROUND(O36+X36+Y36+GK36,2),0) -> 149.37 | GO36: =IF(BI36=2,ROUND(O36+X36+Y36+GK36,2),0) -> 0 | GP36: =IF(BI36=4,ROUND(O36+X36+Y36+GK36,2)+GX36,0) -> 0 | GR36: 0 | GS36: 3 | GT36: 0 | GV36: =ROUND((GT36),2) -> 0 | GW36: 1 | GX36: =ROUND(HC36*I36,2) -> 0 | HA36: 0 | HB36: 0 | HC36: =GV36*GW36 -> 0 | IK36: 0
A37: 17 | B37: 1 | C37: =ROW(SmtRes!A39) -> 39 | D37: =ROW(EtalonRes!A45) -> 45 | E37: 9 | F37: 15-01-049-04 прим | G37: Демонтаж школьной доски: Облицовка стен по готовому каркасу щитами-картинами из древесностружечных плит фанерованных шпоном | H37: 100 м2 | I37: =ROUND(15/100,9) -> 0.15 | J37: 0 | O37: =ROUND(CP37,2) -> 456.5 | P37: =ROUND(CQ37*I37,2) -> 0 | Q37: =ROUND(CR37*I37,2) -> 69.03 | R37: =ROUND(CS37*I37,2) -> 13.6 | S37: =ROUND(CT37*I37,2) -> 387.47 | T37: =ROUND(CU37*I37,2) -> 0 | U37: =CV37*I37 -> 6.072 | V37: =CW37*I37 -> 0.1704 | W37: =ROUND(CX37*I37,2) -> 0 | X37: =ROUND(CY37,2) -> 381.02 | Y37: =ROUND(CZ37,2) -> 188.5 | AA37: 16812721 | AB37: =ROUND((AC37+AD37+AF37),2) -> 453.55 | AC37: =ROUND(((ES37*0)),2) -> 0 | AD37: =ROUND(((((ET37*0.8))-((EU37*0.8)))+AE37),2) -> 68.58 | AE37: =ROUND(((EU37*0.8)),2) -> 13.51 | AF37: =ROUND(((EV37*0.8)),2) -> 384.97 | AG37: =ROUND((AP37),2) -> 0 | AH37: =((EW37*0.8)) -> 40.48 | AI37: =((EX37*0.8)) -> 1.136 | AJ37: =(AS37) -> 0 | AK37: 686.77 | AL37: 119.83 | AM37: 85.73 | AN37: 16.89 | AO37: 481.21 | AP37: 0 | AQ37: 50.6 | AR37: 1.42 | AS37: 0 | AT37: 95 | AU37: 47 | AV37: 1 | AW37: 1 | AZ37: 6.71 | BA37: 6.71 | BB37: 6.71 | BC37: 6.71 | BH37: 0 | BI37: 1 | BJ37: ФЕР-2001, 15-01-049-04, приказ Минстроя России №1039/пр от 30.12.2016г. | BM37: 15001 | BN37: 0 | BP37: 0 | BQ37: 2 | BR37: 0 | BS37: 6.71 | BT37: 1 | BU37: 1 | BV37: 1 | BW37: 1 | BX37: 1 | BZ37: 105 | CA37: 55 | CE37: 0 | CF37: 0 | CG37: 0 | CM37: 0 | CN37: Поправка: Табл.2, п.2 Наименование: При демонтаже (разборке) сборных деревянных конструкций | CO37: 0 | CP37: =(P37+Q37+S37) -> 456.5 | CQ37: =AC37*BC37 -> 0 | CR37: =AD37*BB37 -> 460.1718 | CS37: =AE37*BS37 -> 90.6521 | CT37: =AF37*BA37 -> 2583.1487 | CU37: =AG37 -> 0 | CV37: =AH37 -> 40.48 | CW37: =AI37 -> 1.136 | CX37: =AJ37 -> 0 | CY37: =(((S37+R37)*AT37)/100) -> 381.0165 | CZ37: =(((S37+R37)*AU37)/100) -> 188.5029 | DD37: )*0 | DE37: )*0,8 | DF37: )*0,8 | DG37: )*0,8 | DI37: )*0,8 | DJ37: )*0,8 | DN37: 0 | DO37: 0 | DP37: 1 | DQ37: 1 | DU37: 1005 | DV37: 100 м2 | DW37: 100 м2 | DX37: 100 | EE37: 16510513 | EF37: 2 | EG37: Общестроительные работы | EH37: 0 | EJ37: 1 | EK37: 15001 | EL37: Отделочные работы | EM37: ФЕР-15 | EO37: Поправка: Табл.2, п.2 | EQ37: 131072 | ER37: 686.77 | ES37: 119.83 | ET37: 85.73 | EU37: 16.89 | EV37: 481.21 | EW37: 50.6 | EX37: 1.42 | EY37: 0 | FQ37: 0 | FR37: =ROUND(IF(AND(BH37=3,BI37=3),P37,0),2) -> 0 | FS37: 0 | FT37: *0,9 | FU37: *0,85 | FX37: 94.5 | FY37: 46.75 | GD37: 0 | GF37: -1924098841 | GG37: 1 | GH37: 1 | GI37: 4 | GJ37: 0 | GK37: =ROUND(R37*(R12)/100,2) -> 0 | GL37: =ROUND(IF(AND(BH37=3,BI37=3,FS37<>0),P37,0),2) -> 0 | GM37: =ROUND(O37+X37+Y37+GK37,2)+GX37 -> 1026.02 | GN37: =IF(OR(BI37=0,BI37=1),ROUND(O37+X37+Y37+GK37,2),0) -> 1026.02 | GO37: =IF(BI37=2,ROUND(O37+X37+Y37+GK37,2),0) -> 0 | GP37: =IF(BI37=4,ROUND(O37+X37+Y37+GK37,2)+GX37,0) -> 0 | GR37: 0 | GS37: 3 | GT37: 0 | GV37: =ROUND((GT37),2) -> 0 | GW37: 1 | GX37: =ROUND(HC37*I37,2) -> 0 | HA37: 0 | HB37: 0 | HC37: =GV37*GW37 -> 0 | IK37: 0
A38: 17 | B38: 1 | C38: =ROW(SmtRes!A41) -> 41 | D38: =ROW(EtalonRes!A50) -> 50 | E38: 10 | F38: 17-01-002-04 прим. | G38: Демонтаж :Установка гарнитуры туалетной: вешалок, подстаканников, поручней для ванн и т.д. | H38: 10 ШТ | I38: =ROUND(1/10,9) -> 0.1 | J38: 0 | O38: =ROUND(CP38,2) -> 7.23 | P38: =ROUND(CQ38*I38,2) -> 0 | Q38: =ROUND(CR38*I38,2) -> 0 | R38: =ROUND(CS38*I38,2) -> 0 | S38: =ROUND(CT38*I38,2) -> 7.23 | T38: =ROUND(CU38*I38,2) -> 0 | U38: =CV38*I38 -> 0.112 | V38: =CW38*I38 -> 0 | W38: =ROUND(CX38*I38,2) -> 0 | X38: =ROUND(CY38,2) -> 8.31 | Y38: =ROUND(CZ38,2) -> 5.13 | AA38: 16812721 | AB38: =ROUND((AC38+AD38+AF38),2) -> 10.78 | AC38: =ROUND(((ES38*0)),2) -> 0 | AD38: =ROUND(((((ET38*0.4))-((EU38*0.4)))+AE38),2) -> 0 | AE38: =ROUND(((EU38*0.4)),2) -> 0 | AF38: =ROUND(((EV38*0.4)),2) -> 10.78 | AG38: =ROUND((AP38),2) -> 0 | AH38: =((EW38*0.4)) -> 1.12 | AI38: =((EX38*0.4)) -> 0 | AJ38: =(AS38) -> 0 | AK38: 27.54 | AL38: 0.6 | AM38: 0 | AN38: 0 | AO38: 26.94 | AP38: 0 | AQ38: 2.8 | AR38: 0 | AS38: 0 | AT38: 115 | AU38: 71 | AV38: 1 | AW38: 1 | AZ38: 6.71 | BA38: 6.71 | BB38: 6.71 | BC38: 6.71 | BH38: 0 | BI38: 1 | BJ38: ФЕР-2001, 17-01-002-04, приказ Минстроя России №1039/пр от 30.12.2016г. | BM38: 17001 | BN38: 0 | BP38: 0 | BQ38: 2 | BR38: 0 | BS38: 6.71 | BT38: 1 | BU38: 1 | BV38: 1 | BW38: 1 | BX38: 1 | BZ38: 128 | CA38: 83 | CE38: 0 | CF38: 0 | CG38: 0 | CM38: 0 | CN38: Поправка: МДС 81-36.2004, п.3.3.1.в Наименование: При демонтаже внутренних санитарно-технических устройств (водопровода, газопровода, канализации, водостоков, отопления, вентиляции) | CO38: 0 | CP38: =(P38+Q38+S38) -> 7.23 | CQ38: =AC38*BC38 -> 0 | CR38: =AD38*BB38 -> 0 | CS38: =AE38*BS38 -> 0 | CT38: =AF38*BA38 -> 72.3338 | CU38: =AG38 -> 0 | CV38: =AH38 -> 1.12 | CW38: =AI38 -> 0 | CX38: =AJ38 -> 0 | CY38: =(((S38+R38)*AT38)/100) -> 8.3145 | CZ38: =(((S38+R38)*AU38)/100) -> 5.1333 | DD38: )*0 | DE38: )*0,4 | DF38: )*0,4 | DG38: )*0,4 | DI38: )*0,4 | DJ38: )*0,4 | DN38: 0 | DO38: 0 | DP38: 1 | DQ38: 1 | DU38: 1013 | DV38: 10 ШТ | DW38: 10 ШТ | DX38: 1 | EE38: 16510515 | EF38: 2 | EG38: Общестроительные работы | EH38: 0 | EJ38: 1 | EK38: 17001 | EL38: Водопровод и канализация - внутренние устройства | EM38: ФЕР-17 | EO38: Поправка: МДС 81-36.2004, п.3.3.1.в | EQ38: 131072 | ER38: 27.54 | ES38: 0.6 | ET38: 0 | EU38: 0 | EV38: 26.94 | EW38: 2.8 | EX38: 0 | EY38: 0 | FQ38: 0 | FR38: =ROUND(IF(AND(BH38=3,BI38=3),P38,0),2) -> 0 | FS38: 0 | FT38: *0,9 | FU38: *0,85 | FX38: 115.2 | FY38: 70.55 | GD38: 0 | GF38: -1335911278 | GG38: 1 | GH38: 1 | GI38: 4 | GJ38: 0 | GK38: =ROUND(R38*(R12)/100,2) -> 0 | GL38: =ROUND(IF(AND(BH38=3,BI38=3,FS38<>0),P38,0),2) -> 0 | GM38: =ROUND(O38+X38+Y38+GK38,2)+GX38 -> 20.67 | GN38: =IF(OR(BI38=0,BI38=1),ROUND(O38+X38+Y38+GK38,2),0) -> 20.67 | GO38: =IF(BI38=2,ROUND(O38+X38+Y38+GK38,2),0) -> 0 | GP38: =IF(BI38=4,ROUND(O38+X38+Y38+GK38,2)+GX38,0) -> 0 | GR38: 0 | GS38: 3 | GT38: 0 | GV38: =ROUND((GT38),2) -> 0 | GW38: 1 | GX38: =ROUND(HC38*I38,2) -> 0 | HA38: 0 | HB38: 0 | HC38: =GV38*GW38 -> 0 | IK38: 0
A39: 17 | B39: 1 | C39: =ROW(SmtRes!A44) -> 44 | D39: =ROW(EtalonRes!A55) -> 55 | E39: 11 | F39: 17-01-002-04 прим. | G39: Установка гарнитуры туалетной: вешалок, подстаканников, поручней для ванн и т.д. | H39: 10 ШТ | I39: =ROUND(2/10,9) -> 0.2 | J39: 0 | O39: =ROUND(CP39,2) -> 36.96 | P39: =ROUND(CQ39*I39,2) -> 0.81 | Q39: =ROUND(CR39*I39,2) -> 0 | R39: =ROUND(CS39*I39,2) -> 0 | S39: =ROUND(CT39*I39,2) -> 36.15 | T39: =ROUND(CU39*I39,2) -> 0 | U39: =CV39*I39 -> 0.56 | V39: =CW39*I39 -> 0 | W39: =ROUND(CX39*I39,2) -> 0 | X39: =ROUND(CY39,2) -> 41.57 | Y39: =ROUND(CZ39,2) -> 25.67 | AA39: 16812721 | AB39: =ROUND((AC39+AD39+AF39),2) -> 27.54 | AC39: =ROUND((ES39),2) -> 0.6 | AD39: =ROUND((((ET39)-(EU39))+AE39),2) -> 0 | AE39: =ROUND((EU39),2) -> 0 | AF39: =ROUND((EV39),2) -> 26.94 | AG39: =ROUND((AP39),2) -> 0 | AH39: =(EW39) -> 2.8 | AI39: =(EX39) -> 0 | AJ39: =(AS39) -> 0 | AK39: 27.54 | AL39: 0.6 | AM39: 0 | AN39: 0 | AO39: 26.94 | AP39: 0 | AQ39: 2.8 | AR39: 0 | AS39: 0 | AT39: 115 | AU39: 71 | AV39: 1 | AW39: 1 | AZ39: 6.71 | BA39: 6.71 | BB39: 6.71 | BC39: 6.71 | BH39: 0 | BI39: 1 | BJ39: ФЕР-2001, 17-01-002-04, приказ Минстроя России №1039/пр от 30.12.2016г. | BM39: 17001 | BN39: 0 | BP39: 0 | BQ39: 2 | BR39: 0 | BS39: 6.71 | BT39: 1 | BU39: 1 | BV39: 1 | BW39: 1 | BX39: 1 | BZ39: 128 | CA39: 83 | CE39: 0 | CF39: 0 | CG39: 0 | CM39: 0 | CO39: 0 | CP39: =(P39+Q39+S39) -> 36.96 | CQ39: =AC39*BC39 -> 4.026 | CR39: =AD39*BB39 -> 0 | CS39: =AE39*BS39 -> 0 | CT39: =AF39*BA39 -> 180.7674 | CU39: =AG39 -> 0 | CV39: =AH39 -> 2.8 | CW39: =AI39 -> 0 | CX39: =AJ39 -> 0 | CY39: =(((S39+R39)*AT39)/100) -> 41.5725 | CZ39: =(((S39+R39)*AU39)/100) -> 25.6665 | DN39: 0 | DO39: 0 | DP39: 1 | DQ39: 1 | DU39: 1013 | DV39: 10 ШТ | DW39: 10 ШТ | DX39: 1 | EE39: 16510515 | EF39: 2 | EG39: Общестроительные работы | EH39: 0 | EJ39: 1 | EK39: 17001 | EL39: Водопровод и канализация - внутренние устройства | EM39: ФЕР-17 | EQ39: 131072 | ER39: 27.54 | ES39: 0.6 | ET39: 0 | EU39: 0 | EV39: 26.94 | EW39: 2.8 | EX39: 0 | EY39: 0 | FQ39: 0 | FR39: =ROUND(IF(AND(BH39=3,BI39=3),P39,0),2) -> 0 | FS39: 0 | FT39: *0,9 | FU39: *0,85 | FX39: 115.2 | FY39: 70.55 | GD39: 0 | GF39: -201499009 | GG39: 1 | GH39: 1 | GI39: 4 | GJ39: 0 | GK39: =ROUND(R39*(R12)/100,2) -> 0 | GL39: =ROUND(IF(AND(BH39=3,BI39=3,FS39<>0),P39,0),2) -> 0 | GM39: =ROUND(O39+X39+Y39+GK39,2)+GX39 -> 104.2 | GN39: =IF(OR(BI39=0,BI39=1),ROUND(O39+X39+Y39+GK39,2),0) -> 104.2 | GO39: =IF(BI39=2,ROUND(O39+X39+Y39+GK39,2),0) -> 0 | GP39: =IF(BI39=4,ROUND(O39+X39+Y39+GK39,2)+GX39,0) -> 0 | GR39: 0 | GS39: 3 | GT39: 0 | GV39: =ROUND((GT39),2) -> 0 | GW39: 1 | GX39: =ROUND(HC39*I39,2) -> 0 | HA39: 0 | HB39: 0 | HC39: =GV39*GW39 -> 0 | IK39: 0
A40: 18 | B40: 1 | C40: 44 | E40: 11,1 | F40: 18.2.06.03-0001 | G40: Вешалки-крючки однорожковые В-К стальные с гальванопокрытием 20 крючков прим. | H40: шт. | I40: =I39*J40 -> 2 | J40: 10 | O40: =ROUND(CP40,2) -> 50.19 | P40: =ROUND(CQ40*I40,2) -> 50.19 | Q40: =ROUND(CR40*I40,2) -> 0 | R40: =ROUND(CS40*I40,2) -> 0 | S40: =ROUND(CT40*I40,2) -> 0 | T40: =ROUND(CU40*I40,2) -> 0 | U40: =CV40*I40 -> 0 | V40: =CW40*I40 -> 0 | W40: =ROUND(CX40*I40,2) -> 0 | X40: =ROUND(CY40,2) -> 0 | Y40: =ROUND(CZ40,2) -> 0 | AA40: 16812721 | AB40: =ROUND((AC40+AD40+AF40),2) -> 3.74 | AC40: =ROUND((ES40),2) -> 3.74 | AD40: =ROUND((((ET40)-(EU40))+AE40),2) -> 0 | AE40: =ROUND((EU40),2) -> 0 | AF40: =ROUND((EV40),2) -> 0 | AG40: =ROUND((AP40),2) -> 0 | AH40: =(EW40) -> 0 | AI40: =(EX40) -> 0 | AJ40: =(AS40) -> 0 | AK40: 3.74 | AL40: 3.74 | AM40: 0 | AN40: 0 | AO40: 0 | AP40: 0 | AQ40: 0 | AR40: 0 | AS40: 0 | AT40: 115 | AU40: 71 | AV40: 1 | AW40: 1 | AZ40: 6.71 | BA40: 1 | BB40: 1 | BC40: 6.71 | BH40: 3 | BI40: 1 | BJ40: ФССЦ-2001, 18.2.06.03-0001, приказ Минстроя России №1039/пр от 30.12.2016г. | BM40: 17001 | BN40: 0 | BP40: 0 | BQ40: 2 | BR40: 0 | BS40: 1 | BT40: 1 | BU40: 1 | BV40: 1 | BW40: 1 | BX40: 1 | BZ40: 128 | CA40: 83 | CE40: 0 | CF40: 0 | CG40: 0 | CM40: 0 | CO40: 0 | CP40: =(P40+Q40+S40) -> 50.19 | CQ40: =AC40*BC40 -> 25.0954 | CR40: =AD40*BB40 -> 0 | CS40: =AE40*BS40 -> 0 | CT40: =AF40*BA40 -> 0 | CU40: =AG40 -> 0 | CV40: =AH40 -> 0 | CW40: =AI40 -> 0 | CX40: =AJ40 -> 0 | CY40: =(((S40+R40)*AT40)/100) -> 0 | CZ40: =(((S40+R40)*AU40)/100) -> 0 | DN40: 0 | DO40: 0 | DP40: 1 | DQ40: 1 | DU40: 1010 | DV40: шт. | DW40: шт. | DX40: 1 | EE40: 16510515 | EF40: 2 | EG40: Общестроительные работы | EH40: 0 | EJ40: 1 | EK40: 17001 | EL40: Водопровод и канализация - внутренние устройства | EM40: ФЕР-17 | EQ40: 0 | ER40: 3.74 | ES40: 3.74 | ET40: 0 | EU40: 0 | EV40: 0 | EW40: 0 | EX40: 0 | FQ40: 0 | FR40: =ROUND(IF(AND(BH40=3,BI40=3),P40,0),2) -> 0 | FS40: 0 | FT40: *0,9 | FU40: *0,85 | FX40: 115.2 | FY40: 70.55 | GD40: 0 | GF40: 2053814225 | GG40: 1 | GH40: 1 | GI40: 4 | GJ40: 0 | GK40: =ROUND(R40*(R12)/100,2) -> 0 | GL40: =ROUND(IF(AND(BH40=3,BI40=3,FS40<>0),P40,0),2) -> 0 | GM40: =ROUND(O40+X40+Y40+GK40,2)+GX40 -> 50.19 | GN40: =IF(OR(BI40=0,BI40=1),ROUND(O40+X40+Y40+GK40,2),0) -> 50.19 | GO40: =IF(BI40=2,ROUND(O40+X40+Y40+GK40,2),0) -> 0 | GP40: =IF(BI40=4,ROUND(O40+X40+Y40+GK40,2)+GX40,0) -> 0 | GR40: 0 | GS40: 0 | GT40: 0 | GV40: =ROUND((GT40),2) -> 0 | GW40: 1 | GX40: =ROUND(HC40*I40,2) -> 0 | HA40: 0 | HB40: 0 | HC40: =GV40*GW40 -> 0 | IK40: 0
A41: 17 | B41: 1 | C41: =ROW(SmtRes!A54) -> 54 | D41: =ROW(EtalonRes!A64) -> 64 | E41: 12 | F41: 09-04-012-01 | G41: Установка металлических дверных блоков в готовые проемы | H41: м2 | I41: 11.43 | J41: 0 | O41: =ROUND(CP41,2) -> 5453.8 | P41: =ROUND(CQ41*I41,2) -> 1972.6 | Q41: =ROUND(CR41*I41,2) -> 1381.28 | R41: =ROUND(CS41*I41,2) -> 188.67 | S41: =ROUND(CT41*I41,2) -> 2099.92 | T41: =ROUND(CU41*I41,2) -> 0 | U41: =CV41*I41 -> 31.5468 | V41: =CW41*I41 -> 2.428875 | W41: =ROUND(CX41*I41,2) -> 0 | X41: =ROUND(CY41,2) -> 1853.76 | Y41: =ROUND(CZ41,2) -> 1647.78 | AA41: 16812721 | AB41: =ROUND((AC41+AD41+AF41),2) -> 71.11 | AC41: =ROUND((ES41),2) -> 25.72 | AD41: =ROUND(((((ET41*1.25))-((EU41*1.25)))+AE41),2) -> 18.01 | AE41: =ROUND(((EU41*1.25)),2) -> 2.46 | AF41: =ROUND(((EV41*1.15)),2) -> 27.38 | AG41: =ROUND((AP41),2) -> 0 | AH41: =((EW41*1.15)) -> 2.76 | AI41: =((EX41*1.25)) -> 0.2125 | AJ41: =(AS41) -> 0 | AK41: 63.94 | AL41: 25.72 | AM41: 14.41 | AN41: 1.97 | AO41: 23.81 | AP41: 0 | AQ41: 2.4 | AR41: 0.17 | AS41: 0 | AT41: 81 | AU41: 72 | AV41: 1 | AW41: 1 | AZ41: 6.71 | BA41: 6.71 | BB41: 6.71 | BC41: 6.71 | BH41: 0 | BI41: 1 | BJ41: ФЕР-2001, 09-04-012-01, приказ Минстроя России №1039/пр от 30.12.2016г. | BM41: 9001 | BN41: 0 | BP41: 0 | BQ41: 2 | BR41: 0 | BS41: 6.71 | BT41: 1 | BU41: 1 | BV41: 1 | BW41: 1 | BX41: 1 | BZ41: 90 | CA41: 85 | CE41: 0 | CF41: 0 | CG41: 0 | CM41: 0 | CN41: Поправка: МДС 81-35.2004, п.4.7 Наименование: Работы, выполняемые при реконструкции зданий и сооружений работы, аналогичные технологическим процессам в новом строительстве (в том числе возведение новых конструктивных элементов) стоимость которых определена по соответствующим сборникам ФЕР, кроме сборника № 46 «Работы при реконструкции зданий и сооружений» | CO41: 0 | CP41: =(P41+Q41+S41) -> 5453.8 | CQ41: =AC41*BC41 -> 172.5812 | CR41: =AD41*BB41 -> 120.8471 | CS41: =AE41*BS41 -> 16.5066 | CT41: =AF41*BA41 -> 183.7198 | CU41: =AG41 -> 0 | CV41: =AH41 -> 2.76 | CW41: =AI41 -> 0.2125 | CX41: =AJ41 -> 0 | CY41: =(((S41+R41)*AT41)/100) -> 1853.7579 | CZ41: =(((S41+R41)*AU41)/100) -> 1647.7848 | DE41: )*1,25 | DF41: )*1,25 | DG41: )*1,15 | DI41: )*1,15 | DJ41: )*1,25 | DN41: 0 | DO41: 0 | DP41: 1 | DQ41: 1 | DU41: 1005 | DV41: м2 | DW41: м2 | DX41: 1 | EE41: 16510486 | EF41: 2 | EG41: Общестроительные работы | EH41: 0 | EJ41: 1 | EK41: 9001 | EL41: Металлические конструкции | EM41: ФЕР-09 | EO41: Поправка: МДС 81-35.2004, п.4.7 | EQ41: 131072 | ER41: 63.94 | ES41: 25.72 | ET41: 14.41 | EU41: 1.97 | EV41: 23.81 | EW41: 2.4 | EX41: 0.17 | EY41: 0 | FQ41: 0 | FR41: =ROUND(IF(AND(BH41=3,BI41=3),P41,0),2) -> 0 | FS41: 0 | FT41: *0,9 | FU41: *0,85 | FX41: 81 | FY41: 72.25 | GD41: 0 | GF41: 1555078569 | GG41: 1 | GH41: 1 | GI41: 4 | GJ41: 0 | GK41: =ROUND(R41*(R12)/100,2) -> 0 | GL41: =ROUND(IF(AND(BH41=3,BI41=3,FS41<>0),P41,0),2) -> 0 | GM41: =ROUND(O41+X41+Y41+GK41,2)+GX41 -> 8955.34 | GN41: =IF(OR(BI41=0,BI41=1),ROUND(O41+X41+Y41+GK41,2),0) -> 8955.34 | GO41: =IF(BI41=2,ROUND(O41+X41+Y41+GK41,2),0) -> 0 | GP41: =IF(BI41=4,ROUND(O41+X41+Y41+GK41,2)+GX41,0) -> 0 | GR41: 0 | GS41: 0 | GT41: 0 | GV41: =ROUND((GT41),2) -> 0 | GW41: 1 | GX41: =ROUND(HC41*I41,2) -> 0 | HA41: 0 | HB41: 0 | HC41: =GV41*GW41 -> 0 | IK41: 0
A42: 18 | B42: 1 | C42: 52 | E42: 12,1 | F42: 07.1.01.01-0020 | G42: Дверь противопожарная металлическая однопольная ДПМ-01/60, размером 2300х900 мм прим. | H42: шт. | I42: =I41*J42 -> 1 | J42: 0.087489064 | O42: =ROUND(CP42,2) -> 20834.28 | P42: =ROUND(CQ42*I42,2) -> 20834.28 | Q42: =ROUND(CR42*I42,2) -> 0 | R42: =ROUND(CS42*I42,2) -> 0 | S42: =ROUND(CT42*I42,2) -> 0 | T42: =ROUND(CU42*I42,2) -> 0 | U42: =CV42*I42 -> 0 | V42: =CW42*I42 -> 0 | W42: =ROUND(CX42*I42,2) -> 0 | X42: =ROUND(CY42,2) -> 0 | Y42: =ROUND(CZ42,2) -> 0 | AA42: 16812721 | AB42: =ROUND((AC42+AD42+AF42),2) -> 3104.96 | AC42: =ROUND((ES42),2) -> 3104.96 | AD42: =ROUND((((ET42)-(EU42))+AE42),2) -> 0 | AE42: =ROUND((EU42),2) -> 0 | AF42: =ROUND((EV42),2) -> 0 | AG42: =ROUND((AP42),2) -> 0 | AH42: =(EW42) -> 0 | AI42: =(EX42) -> 0 | AJ42: =(AS42) -> 0 | AK42: 3104.96 | AL42: 3104.96 | AM42: 0 | AN42: 0 | AO42: 0 | AP42: 0 | AQ42: 0 | AR42: 0 | AS42: 0 | AT42: 81 | AU42: 72 | AV42: 1 | AW42: 1 | AZ42: 6.71 | BA42: 1 | BB42: 1 | BC42: 6.71 | BH42: 3 | BI42: 1 | BJ42: ФССЦ-2001, 07.1.01.01-0020, приказ Минстроя России №1039/пр от 30.12.2016г. | BM42: 9001 | BN42: 0 | BP42: 0 | BQ42: 2 | BR42: 0 | BS42: 1 | BT42: 1 | BU42: 1 | BV42: 1 | BW42: 1 | BX42: 1 | BZ42: 90 | CA42: 85 | CE42: 0 | CF42: 0 | CG42: 0 | CM42: 0 | CO42: 0 | CP42: =(P42+Q42+S42) -> 20834.28 | CQ42: =AC42*BC42 -> 20834.282 | CR42: =AD42*BB42 -> 0 | CS42: =AE42*BS42 -> 0 | CT42: =AF42*BA42 -> 0 | CU42: =AG42 -> 0 | CV42: =AH42 -> 0 | CW42: =AI42 -> 0 | CX42: =AJ42 -> 0 | CY42: =(((S42+R42)*AT42)/100) -> 0 | CZ42: =(((S42+R42)*AU42)/100) -> 0 | DN42: 0 | DO42: 0 | DP42: 1 | DQ42: 1 | DU42: 1010 | DV42: шт. | DW42: шт. | DX42: 1 | EE42: 16510486 | EF42: 2 | EG42: Общестроительные работы | EH42: 0 | EJ42: 1 | EK42: 9001 | EL42: Металлические конструкции | EM42: ФЕР-09 | EQ42: 0 | ER42: 3104.96 | ES42: 3104.96 | ET42: 0 | EU42: 0 | EV42: 0 | EW42: 0 | EX42: 0 | FQ42: 0 | FR42: =ROUND(IF(AND(BH42=3,BI42=3),P42,0),2) -> 0 | FS42: 0 | FT42: *0,9 | FU42: *0,85 | FX42: 81 | FY42: 72.25 | GD42: 0 | GF42: -1282337098 | GG42: 1 | GH42: 1 | GI42: 4 | GJ42: 0 | GK42: =ROUND(R42*(R12)/100,2) -> 0 | GL42: =ROUND(IF(AND(BH42=3,BI42=3,FS42<>0),P42,0),2) -> 0 | GM42: =ROUND(O42+X42+Y42+GK42,2)+GX42 -> 20834.28 | GN42: =IF(OR(BI42=0,BI42=1),ROUND(O42+X42+Y42+GK42,2),0) -> 20834.28 | GO42: =IF(BI42=2,ROUND(O42+X42+Y42+GK42,2),0) -> 0 | GP42: =IF(BI42=4,ROUND(O42+X42+Y42+GK42,2)+GX42,0) -> 0 | GR42: 0 | GS42: 3 | GT42: 0 | GV42: =ROUND((GT42),2) -> 0 | GW42: 1 | GX42: =ROUND(HC42*I42,2) -> 0 | HA42: 0 | HB42: 0 | HC42: =GV42*GW42 -> 0 | IK42: 0
A43: 18 | B43: 1 | C43: 51 | E43: 12,2 | F43: 07.1.01.01-0008 | G43: Дверь противопожарная металлическая двупольная ДПМ-02/60, размером 2400х1390 мм в комплекте прим. | H43: шт. | I43: =I41*J43 -> 2 | J43: 0.17497813 | O43: =ROUND(CP43,2) -> 73155.24 | P43: =ROUND(CQ43*I43,2) -> 73155.24 | Q43: =ROUND(CR43*I43,2) -> 0 | R43: =ROUND(CS43*I43,2) -> 0 | S43: =ROUND(CT43*I43,2) -> 0 | T43: =ROUND(CU43*I43,2) -> 0 | U43: =CV43*I43 -> 0 | V43: =CW43*I43 -> 0 | W43: =ROUND(CX43*I43,2) -> 0 | X43: =ROUND(CY43,2) -> 0 | Y43: =ROUND(CZ43,2) -> 0 | AA43: 16812721 | AB43: =ROUND((AC43+AD43+AF43),2) -> 5451.21 | AC43: =ROUND((ES43),2) -> 5451.21 | AD43: =ROUND((((ET43)-(EU43))+AE43),2) -> 0 | AE43: =ROUND((EU43),2) -> 0 | AF43: =ROUND((EV43),2) -> 0 | AG43: =ROUND((AP43),2) -> 0 | AH43: =(EW43) -> 0 | AI43: =(EX43) -> 0 | AJ43: =(AS43) -> 0 | AK43: 5451.21 | AL43: 5451.21 | AM43: 0 | AN43: 0 | AO43: 0 | AP43: 0 | AQ43: 0 | AR43: 0 | AS43: 0 | AT43: 81 | AU43: 72 | AV43: 1 | AW43: 1 | AZ43: 6.71 | BA43: 1 | BB43: 1 | BC43: 6.71 | BH43: 3 | BI43: 1 | BJ43: ФССЦ-2001, 07.1.01.01-0008, приказ Минстроя России №1039/пр от 30.12.2016г. | BM43: 9001 | BN43: 0 | BP43: 0 | BQ43: 2 | BR43: 0 | BS43: 1 | BT43: 1 | BU43: 1 | BV43: 1 | BW43: 1 | BX43: 1 | BZ43: 90 | CA43: 85 | CE43: 0 | CF43: 0 | CG43: 0 | CM43: 0 | CO43: 0 | CP43: =(P43+Q43+S43) -> 73155.24 | CQ43: =AC43*BC43 -> 36577.619 | CR43: =AD43*BB43 -> 0 | CS43: =AE43*BS43 -> 0 | CT43: =AF43*BA43 -> 0 | CU43: =AG43 -> 0 | CV43: =AH43 -> 0 | CW43: =AI43 -> 0 | CX43: =AJ43 -> 0 | CY43: =(((S43+R43)*AT43)/100) -> 0 | CZ43: =(((S43+R43)*AU43)/100) -> 0 | DN43: 0 | DO43: 0 | DP43: 1 | DQ43: 1 | DU43: 1010 | DV43: шт. | DW43: шт. | DX43: 1 | EE43: 16510486 | EF43: 2 | EG43: Общестроительные работы | EH43: 0 | EJ43: 1 | EK43: 9001 | EL43: Металлические конструкции | EM43: ФЕР-09 | EQ43: 0 | ER43: 5451.21 | ES43: 5451.21 | ET43: 0 | EU43: 0 | EV43: 0 | EW43: 0 | EX43: 0 | FQ43: 0 | FR43: =ROUND(IF(AND(BH43=3,BI43=3),P43,0),2) -> 0 | FS43: 0 | FT43: *0,9 | FU43: *0,85 | FX43: 81 | FY43: 72.25 | GD43: 0 | GF43: -1046900556 | GG43: 1 | GH43: 1 | GI43: 4 | GJ43: 0 | GK43: =ROUND(R43*(R12)/100,2) -> 0 | GL43: =ROUND(IF(AND(BH43=3,BI43=3,FS43<>0),P43,0),2) -> 0 | GM43: =ROUND(O43+X43+Y43+GK43,2)+GX43 -> 73155.24 | GN43: =IF(OR(BI43=0,BI43=1),ROUND(O43+X43+Y43+GK43,2),0) -> 73155.24 | GO43: =IF(BI43=2,ROUND(O43+X43+Y43+GK43,2),0) -> 0 | GP43: =IF(BI43=4,ROUND(O43+X43+Y43+GK43,2)+GX43,0) -> 0 | GR43: 0 | GS43: 0 | GT43: 0 | GV43: =ROUND((GT43),2) -> 0 | GW43: 1 | GX43: =ROUND(HC43*I43,2) -> 0 | HA43: 0 | HB43: 0 | HC43: =GV43*GW43 -> 0 | IK43: 0
A44: 18 | B44: 1 | C44: 50 | E44: 12,3 | F44: 07.1.01.01-0006 | G44: Дверь противопожарная металлическая двупольная ДПМ-02/60, размером 1280х2100 мм в комлекте прим. | H44: шт. | I44: =I41*J44 -> 1 | J44: 0.087489064 | O44: =ROUND(CP44,2) -> 31923.5 | P44: =ROUND(CQ44*I44,2) -> 31923.5 | Q44: =ROUND(CR44*I44,2) -> 0 | R44: =ROUND(CS44*I44,2) -> 0 | S44: =ROUND(CT44*I44,2) -> 0 | T44: =ROUND(CU44*I44,2) -> 0 | U44: =CV44*I44 -> 0 | V44: =CW44*I44 -> 0 | W44: =ROUND(CX44*I44,2) -> 0 | X44: =ROUND(CY44,2) -> 0 | Y44: =ROUND(CZ44,2) -> 0 | AA44: 16812721 | AB44: =ROUND((AC44+AD44+AF44),2) -> 4757.6 | AC44: =ROUND((ES44),2) -> 4757.6 | AD44: =ROUND((((ET44)-(EU44))+AE44),2) -> 0 | AE44: =ROUND((EU44),2) -> 0 | AF44: =ROUND((EV44),2) -> 0 | AG44: =ROUND((AP44),2) -> 0 | AH44: =(EW44) -> 0 | AI44: =(EX44) -> 0 | AJ44: =(AS44) -> 0 | AK44: 4757.6 | AL44: 4757.6 | AM44: 0 | AN44: 0 | AO44: 0 | AP44: 0 | AQ44: 0 | AR44: 0 | AS44: 0 | AT44: 81 | AU44: 72 | AV44: 1 | AW44: 1 | AZ44: 6.71 | BA44: 1 | BB44: 1 | BC44: 6.71 | BH44: 3 | BI44: 1 | BJ44: ФССЦ-2001, 07.1.01.01-0006, приказ Минстроя России №1039/пр от 30.12.2016г. | BM44: 9001 | BN44: 0 | BP44: 0 | BQ44: 2 | BR44: 0 | BS44: 1 | BT44: 1 | BU44: 1 | BV44: 1 | BW44: 1 | BX44: 1 | BZ44: 90 | CA44: 85 | CE44: 0 | CF44: 0 | CG44: 0 | CM44: 0 | CO44: 0 | CP44: =(P44+Q44+S44) -> 31923.5 | CQ44: =AC44*BC44 -> 31923.496 | CR44: =AD44*BB44 -> 0 | CS44: =AE44*BS44 -> 0 | CT44: =AF44*BA44 -> 0 | CU44: =AG44 -> 0 | CV44: =AH44 -> 0 | CW44: =AI44 -> 0 | CX44: =AJ44 -> 0 | CY44: =(((S44+R44)*AT44)/100) -> 0 | CZ44: =(((S44+R44)*AU44)/100) -> 0 | DN44: 0 | DO44: 0 | DP44: 1 | DQ44: 1 | DU44: 1010 | DV44: шт. | DW44: шт. | DX44: 1 | EE44: 16510486 | EF44: 2 | EG44: Общестроительные работы | EH44: 0 | EJ44: 1 | EK44: 9001 | EL44: Металлические конструкции | EM44: ФЕР-09 | EQ44: 0 | ER44: 4757.6 | ES44: 4757.6 | ET44: 0 | EU44: 0 | EV44: 0 | EW44: 0 | EX44: 0 | FQ44: 0 | FR44: =ROUND(IF(AND(BH44=3,BI44=3),P44,0),2) -> 0 | FS44: 0 | FT44: *0,9 | FU44: *0,85 | FX44: 81 | FY44: 72.25 | GD44: 0 | GF44: -344083088 | GG44: 1 | GH44: 1 | GI44: 4 | GJ44: 0 | GK44: =ROUND(R44*(R12)/100,2) -> 0 | GL44: =ROUND(IF(AND(BH44=3,BI44=3,FS44<>0),P44,0),2) -> 0 | GM44: =ROUND(O44+X44+Y44+GK44,2)+GX44 -> 31923.5 | GN44: =IF(OR(BI44=0,BI44=1),ROUND(O44+X44+Y44+GK44,2),0) -> 31923.5 | GO44: =IF(BI44=2,ROUND(O44+X44+Y44+GK44,2),0) -> 0 | GP44: =IF(BI44=4,ROUND(O44+X44+Y44+GK44,2)+GX44,0) -> 0 | GR44: 0 | GS44: 3 | GT44: 0 | GV44: =ROUND((GT44),2) -> 0 | GW44: 1 | GX44: =ROUND(HC44*I44,2) -> 0 | HA44: 0 | HB44: 0 | HC44: =GV44*GW44 -> 0 | IK44: 0
A45: 17 | B45: 1 | C45: =ROW(SmtRes!A64) -> 64 | D45: =ROW(EtalonRes!A75) -> 75 | E45: 13 | F45: 10-01-039-02 | G45: Установка блоков в наружных и внутренних дверных проемах в каменных стенах, площадь проема более 3 м2 | H45: 100 м2 | I45: =ROUND(6.67/100,9) -> 0.0667 | J45: 0 | O45: =ROUND(CP45,2) -> 1200.44 | P45: =ROUND(CQ45*I45,2) -> 524.64 | Q45: =ROUND(CR45*I45,2) -> 334.65 | R45: =ROUND(CS45*I45,2) -> 53.52 | S45: =ROUND(CT45*I45,2) -> 341.15 | T45: =ROUND(CU45*I45,2) -> 0 | U45: =CV45*I45 -> 5.408703 | V45: =CW45*I45 -> 0.610305 | W45: =ROUND(CX45*I45,2) -> 0 | X45: =ROUND(CY45,2) -> 418.35 | Y45: =ROUND(CZ45,2) -> 213.12 | AA45: 16812721 | AB45: =ROUND((AC45+AD45+AF45),2) -> 2682.2 | AC45: =ROUND((ES45),2) -> 1172.22 | AD45: =ROUND((((ET45)-(EU45))+AE45),2) -> 747.73 | AE45: =ROUND((EU45),2) -> 119.59 | AF45: =ROUND((EV45),2) -> 762.25 | AG45: =ROUND((AP45),2) -> 0 | AH45: =(EW45) -> 81.09 | AI45: =(EX45) -> 9.15 | AJ45: =(AS45) -> 0 | AK45: 2682.2 | AL45: 1172.22 | AM45: 747.73 | AN45: 119.59 | AO45: 762.25 | AP45: 0 | AQ45: 81.09 | AR45: 9.15 | AS45: 0 | AT45: 106 | AU45: 54 | AV45: 1 | AW45: 1 | AZ45: 6.71 | BA45: 6.71 | BB45: 6.71 | BC45: 6.71 | BH45: 0 | BI45: 1 | BJ45: ФЕР-2001, 10-01-039-02, приказ Минстроя России №1039/пр от 30.12.2016г. | BM45: 10001 | BN45: 0 | BP45: 0 | BQ45: 2 | BR45: 0 | BS45: 6.71 | BT45: 1 | BU45: 1 | BV45: 1 | BW45: 1 | BX45: 1 | BZ45: 118 | CA45: 63 | CE45: 0 | CF45: 0 | CG45: 0 | CM45: 0 | CO45: 0 | CP45: =(P45+Q45+S45) -> 1200.44 | CQ45: =AC45*BC45 -> 7865.5962 | CR45: =AD45*BB45 -> 5017.2683 | CS45: =AE45*BS45 -> 802.4489 | CT45: =AF45*BA45 -> 5114.6975 | CU45: =AG45 -> 0 | CV45: =AH45 -> 81.09 | CW45: =AI45 -> 9.15 | CX45: =AJ45 -> 0 | CY45: =(((S45+R45)*AT45)/100) -> 418.3502 | CZ45: =(((S45+R45)*AU45)/100) -> 213.1218 | DN45: 0 | DO45: 0 | DP45: 1 | DQ45: 1 | DU45: 1005 | DV45: 100 м2 | DW45: 100 м2 | DX45: 100 | EE45: 16510487 | EF45: 2 | EG45: Общестроительные работы | EH45: 0 | EJ45: 1 | EK45: 10001 | EL45: Деревянные конструкции | EM45: ФЕР-10 | EQ45: 0 | ER45: 2682.2 | ES45: 1172.22 | ET45: 747.73 | EU45: 119.59 | EV45: 762.25 | EW45: 81.09 | EX45: 9.15 | EY45: 0 | FQ45: 0 | FR45: =ROUND(IF(AND(BH45=3,BI45=3),P45,0),2) -> 0 | FS45: 0 | FT45: *0,9 | FU45: *0,85 | FX45: 106.2 | FY45: 53.55 | GD45: 0 | GF45: -230469743 | GG45: 1 | GH45: 1 | GI45: 4 | GJ45: 0 | GK45: =ROUND(R45*(R12)/100,2) -> 0 | GL45: =ROUND(IF(AND(BH45=3,BI45=3,FS45<>0),P45,0),2) -> 0 | GM45: =ROUND(O45+X45+Y45+GK45,2)+GX45 -> 1831.91 | GN45: =IF(OR(BI45=0,BI45=1),ROUND(O45+X45+Y45+GK45,2),0) -> 1831.91 | GO45: =IF(BI45=2,ROUND(O45+X45+Y45+GK45,2),0) -> 0 | GP45: =IF(BI45=4,ROUND(O45+X45+Y45+GK45,2)+GX45,0) -> 0 | GR45: 0 | GS45: 3 | GT45: 0 | GV45: =ROUND((GT45),2) -> 0 | GW45: 1 | GX45: =ROUND(HC45*I45,2) -> 0 | HA45: 0 | HB45: 0 | HC45: =GV45*GW45 -> 0 | IK45: 0
A46: 18 | B46: 1 | C46: 59 | E46: 13,1 | F46: 01.7.04.07-0002 | G46: Скобяные изделия для блоков входных дверей в помещение двупольных | H46: компл. | I46: =I45*J46 -> 2 | J46: 29.985007 | O46: =ROUND(CP46,2) -> 1270.61 | P46: =ROUND(CQ46*I46,2) -> 1270.61 | Q46: =ROUND(CR46*I46,2) -> 0 | R46: =ROUND(CS46*I46,2) -> 0 | S46: =ROUND(CT46*I46,2) -> 0 | T46: =ROUND(CU46*I46,2) -> 0 | U46: =CV46*I46 -> 0 | V46: =CW46*I46 -> 0 | W46: =ROUND(CX46*I46,2) -> 0 | X46: =ROUND(CY46,2) -> 0 | Y46: =ROUND(CZ46,2) -> 0 | AA46: 16812721 | AB46: =ROUND((AC46+AD46+AF46),2) -> 94.68 | AC46: =ROUND((ES46),2) -> 94.68 | AD46: =ROUND((((ET46)-(EU46))+AE46),2) -> 0 | AE46: =ROUND((EU46),2) -> 0 | AF46: =ROUND((EV46),2) -> 0 | AG46: =ROUND((AP46),2) -> 0 | AH46: =(EW46) -> 0 | AI46: =(EX46) -> 0 | AJ46: =(AS46) -> 0 | AK46: 94.68 | AL46: 94.68 | AM46: 0 | AN46: 0 | AO46: 0 | AP46: 0 | AQ46: 0 | AR46: 0 | AS46: 0 | AT46: 106 | AU46: 54 | AV46: 1 | AW46: 1 | AZ46: 6.71 | BA46: 1 | BB46: 1 | BC46: 6.71 | BH46: 3 | BI46: 1 | BJ46: ФССЦ-2001, 01.7.04.07-0002, приказ Минстроя России №1039/пр от 30.12.2016г. | BM46: 10001 | BN46: 0 | BP46: 0 | BQ46: 2 | BR46: 0 | BS46: 1 | BT46: 1 | BU46: 1 | BV46: 1 | BW46: 1 | BX46: 1 | BZ46: 118 | CA46: 63 | CE46: 0 | CF46: 0 | CG46: 0 | CM46: 0 | CO46: 0 | CP46: =(P46+Q46+S46) -> 1270.61 | CQ46: =AC46*BC46 -> 635.3028 | CR46: =AD46*BB46 -> 0 | CS46: =AE46*BS46 -> 0 | CT46: =AF46*BA46 -> 0 | CU46: =AG46 -> 0 | CV46: =AH46 -> 0 | CW46: =AI46 -> 0 | CX46: =AJ46 -> 0 | CY46: =(((S46+R46)*AT46)/100) -> 0 | CZ46: =(((S46+R46)*AU46)/100) -> 0 | DN46: 0 | DO46: 0 | DP46: 1 | DQ46: 1 | DU46: 1013 | DV46: компл. | DW46: компл. | DX46: 1 | EE46: 16510487 | EF46: 2 | EG46: Общестроительные работы | EH46: 0 | EJ46: 1 | EK46: 10001 | EL46: Деревянные конструкции | EM46: ФЕР-10 | EQ46: 0 | ER46: 94.68 | ES46: 94.68 | ET46: 0 | EU46: 0 | EV46: 0 | EW46: 0 | EX46: 0 | FQ46: 0 | FR46: =ROUND(IF(AND(BH46=3,BI46=3),P46,0),2) -> 0 | FS46: 0 | FT46: *0,9 | FU46: *0,85 | FX46: 106.2 | FY46: 53.55 | GD46: 0 | GF46: -1514276406 | GG46: 1 | GH46: 1 | GI46: 4 | GJ46: 0 | GK46: =ROUND(R46*(R12)/100,2) -> 0 | GL46: =ROUND(IF(AND(BH46=3,BI46=3,FS46<>0),P46,0),2) -> 0 | GM46: =ROUND(O46+X46+Y46+GK46,2)+GX46 -> 1270.61 | GN46: =IF(OR(BI46=0,BI46=1),ROUND(O46+X46+Y46+GK46,2),0) -> 1270.61 | GO46: =IF(BI46=2,ROUND(O46+X46+Y46+GK46,2),0) -> 0 | GP46: =IF(BI46=4,ROUND(O46+X46+Y46+GK46,2)+GX46,0) -> 0 | GR46: 0 | GS46: 3 | GT46: 0 | GV46: =ROUND((GT46),2) -> 0 | GW46: 1 | GX46: =ROUND(HC46*I46,2) -> 0 | HA46: 0 | HB46: 0 | HC46: =GV46*GW46 -> 0 | IK46: 0
A47: 18 | B47: 1 | C47: 63 | E47: 13,2 | F47: 11.2.02.01-0027 | G47: Блоки дверные внутренние двупольные под стекло шлифованные, из массива сосны, тонированные | H47: м2 | I47: =I45*J47 -> 6.67 | J47: 100 | O47: =ROUND(CP47,2) -> 55135.44 | P47: =ROUND(CQ47*I47,2) -> 55135.44 | Q47: =ROUND(CR47*I47,2) -> 0 | R47: =ROUND(CS47*I47,2) -> 0 | S47: =ROUND(CT47*I47,2) -> 0 | T47: =ROUND(CU47*I47,2) -> 0 | U47: =CV47*I47 -> 0 | V47: =CW47*I47 -> 0 | W47: =ROUND(CX47*I47,2) -> 0 | X47: =ROUND(CY47,2) -> 0 | Y47: =ROUND(CZ47,2) -> 0 | AA47: 16812721 | AB47: =ROUND((AC47+AD47+AF47),2) -> 1231.92 | AC47: =ROUND((ES47),2) -> 1231.92 | AD47: =ROUND((((ET47)-(EU47))+AE47),2) -> 0 | AE47: =ROUND((EU47),2) -> 0 | AF47: =ROUND((EV47),2) -> 0 | AG47: =ROUND((AP47),2) -> 0 | AH47: =(EW47) -> 0 | AI47: =(EX47) -> 0 | AJ47: =(AS47) -> 0 | AK47: 1231.92 | AL47: 1231.92 | AM47: 0 | AN47: 0 | AO47: 0 | AP47: 0 | AQ47: 0 | AR47: 0 | AS47: 0 | AT47: 106 | AU47: 54 | AV47: 1 | AW47: 1 | AZ47: 6.71 | BA47: 1 | BB47: 1 | BC47: 6.71 | BH47: 3 | BI47: 1 | BJ47: ФССЦ-2001, 11.2.02.01-0027, приказ Минстроя России №1039/пр от 30.12.2016г. | BM47: 10001 | BN47: 0 | BP47: 0 | BQ47: 2 | BR47: 0 | BS47: 1 | BT47: 1 | BU47: 1 | BV47: 1 | BW47: 1 | BX47: 1 | BZ47: 118 | CA47: 63 | CE47: 0 | CF47: 0 | CG47: 0 | CM47: 0 | CO47: 0 | CP47: =(P47+Q47+S47) -> 55135.44 | CQ47: =AC47*BC47 -> 8266.1832 | CR47: =AD47*BB47 -> 0 | CS47: =AE47*BS47 -> 0 | CT47: =AF47*BA47 -> 0 | CU47: =AG47 -> 0 | CV47: =AH47 -> 0 | CW47: =AI47 -> 0 | CX47: =AJ47 -> 0 | CY47: =(((S47+R47)*AT47)/100) -> 0 | CZ47: =(((S47+R47)*AU47)/100) -> 0 | DN47: 0 | DO47: 0 | DP47: 1 | DQ47: 1 | DU47: 1005 | DV47: м2 | DW47: м2 | DX47: 1 | EE47: 16510487 | EF47: 2 | EG47: Общестроительные работы | EH47: 0 | EJ47: 1 | EK47: 10001 | EL47: Деревянные конструкции | EM47: ФЕР-10 | EQ47: 0 | ER47: 1231.92 | ES47: 1231.92 | ET47: 0 | EU47: 0 | EV47: 0 | EW47: 0 | EX47: 0 | FQ47: 0 | FR47: =ROUND(IF(AND(BH47=3,BI47=3),P47,0),2) -> 0 | FS47: 0 | FT47: *0,9 | FU47: *0,85 | FX47: 106.2 | FY47: 53.55 | GD47: 0 | GF47: 2137541679 | GG47: 1 | GH47: 1 | GI47: 4 | GJ47: 0 | GK47: =ROUND(R47*(R12)/100,2) -> 0 | GL47: =ROUND(IF(AND(BH47=3,BI47=3,FS47<>0),P47,0),2) -> 0 | GM47: =ROUND(O47+X47+Y47+GK47,2)+GX47 -> 55135.44 | GN47: =IF(OR(BI47=0,BI47=1),ROUND(O47+X47+Y47+GK47,2),0) -> 55135.44 | GO47: =IF(BI47=2,ROUND(O47+X47+Y47+GK47,2),0) -> 0 | GP47: =IF(BI47=4,ROUND(O47+X47+Y47+GK47,2)+GX47,0) -> 0 | GR47: 0 | GS47: 3 | GT47: 0 | GV47: =ROUND((GT47),2) -> 0 | GW47: 1 | GX47: =ROUND(HC47*I47,2) -> 0 | HA47: 0 | HB47: 0 | HC47: =GV47*GW47 -> 0 | IK47: 0
A48: 17 | B48: 1 | C48: =ROW(SmtRes!A70) -> 70 | D48: =ROW(EtalonRes!A82) -> 82 | E48: 14 | F48: 57-10-3 | G48: Заделка выбоин в полах цементных площадью до 1,0 м2 | H48: 100 мест | I48: =ROUND(19/100,9) -> 0.19 | J48: 0 | O48: =ROUND(CP48,2) -> 1411.17 | P48: =ROUND(CQ48*I48,2) -> 0.31 | Q48: =ROUND(CR48*I48,2) -> 59.87 | R48: =ROUND(CS48*I48,2) -> 0 | S48: =ROUND(CT48*I48,2) -> 1350.99 | T48: =ROUND(CU48*I48,2) -> 0 | U48: =CV48*I48 -> 23.6037 | V48: =CW48*I48 -> 0 | W48: =ROUND(CX48*I48,2) -> 0 | X48: =ROUND(CY48,2) -> 1080.79 | Y48: =ROUND(CZ48,2) -> 918.67 | AA48: 16812721 | AB48: =ROUND((AC48+AD48+AF48),2) -> 1106.88 | AC48: =ROUND((ES48),2) -> 0.24 | AD48: =ROUND((((ET48)-(EU48))+AE48),2) -> 46.96 | AE48: =ROUND((EU48),2) -> 0 | AF48: =ROUND((EV48),2) -> 1059.68 | AG48: =ROUND((AP48),2) -> 0 | AH48: =(EW48) -> 124.23 | AI48: =(EX48) -> 0 | AJ48: =(AS48) -> 0 | AK48: 1106.88 | AL48: 0.24 | AM48: 46.96 | AN48: 0 | AO48: 1059.68 | AP48: 0 | AQ48: 124.23 | AR48: 0 | AS48: 0 | AT48: 80 | AU48: 68 | AV48: 1 | AW48: 1 | AZ48: 6.71 | BA48: 6.71 | BB48: 6.71 | BC48: 6.71 | BH48: 0 | BI48: 1 | BJ48: ФЕР-2001, 57-10-3, приказ Минстроя России №1039/пр от 30.12.2016г. | BM48: 57001 | BN48: 0 | BP48: 0 | BQ48: 6 | BR48: 0 | BS48: 6.71 | BT48: 1 | BU48: 1 | BV48: 1 | BW48: 1 | BX48: 1 | BZ48: 80 | CA48: 68 | CE48: 0 | CF48: 0 | CG48: 0 | CM48: 0 | CO48: 0 | CP48: =(P48+Q48+S48) -> 1411.17 | CQ48: =AC48*BC48 -> 1.6104 | CR48: =AD48*BB48 -> 315.1016 | CS48: =AE48*BS48 -> 0 | CT48: =AF48*BA48 -> 7110.4528 | CU48: =AG48 -> 0 | CV48: =AH48 -> 124.23 | CW48: =AI48 -> 0 | CX48: =AJ48 -> 0 | CY48: =(((S48+R48)*AT48)/100) -> 1080.792 | CZ48: =(((S48+R48)*AU48)/100) -> 918.6732 | DN48: 0 | DO48: 0 | DP48: 1 | DQ48: 1 | DU48: 1013 | DV48: 100 мест | DW48: 100 мест | DX48: 1 | EE48: 16510566 | EF48: 6 | EG48: Ремонтно-строительные работы | EH48: 0 | EJ48: 1 | EK48: 57001 | EL48: Полы | EM48: рФЕР-57 | EQ48: 131072 | ER48: 1106.88 | ES48: 0.24 | ET48: 46.96 | EU48: 0 | EV48: 1059.68 | EW48: 124.23 | EX48: 0 | EY48: 0 | FQ48: 0 | FR48: =ROUND(IF(AND(BH48=3,BI48=3),P48,0),2) -> 0 | FS48: 0 | FX48: 80 | FY48: 68 | GD48: 0 | GF48: 424324215 | GG48: 1 | GH48: 1 | GI48: 4 | GJ48: 0 | GK48: =ROUND(R48*(R12)/100,2) -> 0 | GL48: =ROUND(IF(AND(BH48=3,BI48=3,FS48<>0),P48,0),2) -> 0 | GM48: =ROUND(O48+X48+Y48+GK48,2)+GX48 -> 3410.63 | GN48: =IF(OR(BI48=0,BI48=1),ROUND(O48+X48+Y48+GK48,2),0) -> 3410.63 | GO48: =IF(BI48=2,ROUND(O48+X48+Y48+GK48,2),0) -> 0 | GP48: =IF(BI48=4,ROUND(O48+X48+Y48+GK48,2)+GX48,0) -> 0 | GR48: 0 | GS48: 0 | GT48: 0 | GV48: =ROUND((GT48),2) -> 0 | GW48: 1 | GX48: =ROUND(HC48*I48,2) -> 0 | HA48: 0 | HB48: 0 | HC48: =GV48*GW48 -> 0 | IK48: 0
A49: 18 | B49: 1 | C49: 69 | E49: 14,1 | F49: 04.3.01.09 | G49: Раствор готовый кладочный тяжелый цементный | H49: м3 | I49: =I48*J49 -> 0.4066 | J49: 2.14 | O49: =ROUND(CP49,2) -> 0 | P49: =ROUND(CQ49*I49,2) -> 0 | Q49: =ROUND(CR49*I49,2) -> 0 | R49: =ROUND(CS49*I49,2) -> 0 | S49: =ROUND(CT49*I49,2) -> 0 | T49: =ROUND(CU49*I49,2) -> 0 | U49: =CV49*I49 -> 0 | V49: =CW49*I49 -> 0 | W49: =ROUND(CX49*I49,2) -> 0 | X49: =ROUND(CY49,2) -> 0 | Y49: =ROUND(CZ49,2) -> 0 | AA49: 16812721 | AB49: =ROUND((AC49+AD49+AF49),2) -> 0 | AC49: =ROUND((ES49),2) -> 0 | AD49: =ROUND((((ET49)-(EU49))+AE49),2) -> 0 | AE49: =ROUND((EU49),2) -> 0 | AF49: =ROUND((EV49),2) -> 0 | AG49: =ROUND((AP49),2) -> 0 | AH49: =(EW49) -> 0 | AI49: =(EX49) -> 0 | AJ49: =(AS49) -> 0 | AK49: 0 | AL49: 0 | AM49: 0 | AN49: 0 | AO49: 0 | AP49: 0 | AQ49: 0 | AR49: 0 | AS49: 0 | AT49: 80 | AU49: 68 | AV49: 1 | AW49: 1 | AZ49: 6.71 | BA49: 1 | BB49: 1 | BC49: 6.71 | BH49: 3 | BI49: 1 | BM49: 57001 | BN49: 0 | BP49: 0 | BQ49: 6 | BR49: 0 | BS49: 1 | BT49: 1 | BU49: 1 | BV49: 1 | BW49: 1 | BX49: 1 | BZ49: 80 | CA49: 68 | CE49: 0 | CF49: 0 | CG49: 0 | CM49: 0 | CO49: 0 | CP49: =(P49+Q49+S49) -> 0 | CQ49: =AC49*BC49 -> 0 | CR49: =AD49*BB49 -> 0 | CS49: =AE49*BS49 -> 0 | CT49: =AF49*BA49 -> 0 | CU49: =AG49 -> 0 | CV49: =AH49 -> 0 | CW49: =AI49 -> 0 | CX49: =AJ49 -> 0 | CY49: =(((S49+R49)*AT49)/100) -> 0 | CZ49: =(((S49+R49)*AU49)/100) -> 0 | DN49: 0 | DO49: 0 | DP49: 1 | DQ49: 1 | DU49: 1007 | DV49: м3 | DW49: м3 | DX49: 1 | EE49: 16510566 | EF49: 6 | EG49: Ремонтно-строительные работы | EH49: 0 | EJ49: 1 | EK49: 57001 | EL49: Полы | EM49: рФЕР-57 | EQ49: 0 | ER49: 0 | ES49: 0 | ET49: 0 | EU49: 0 | EV49: 0 | EW49: 0 | EX49: 0 | FQ49: 0 | FR49: =ROUND(IF(AND(BH49=3,BI49=3),P49,0),2) -> 0 | FS49: 0 | FX49: 80 | FY49: 68 | GD49: 0 | GF49: -2113302258 | GG49: 1 | GH49: 1 | GI49: 4 | GJ49: 0 | GK49: =ROUND(R49*(R12)/100,2) -> 0 | GL49: =ROUND(IF(AND(BH49=3,BI49=3,FS49<>0),P49,0),2) -> 0 | GM49: =ROUND(O49+X49+Y49+GK49,2)+GX49 -> 0 | GN49: =IF(OR(BI49=0,BI49=1),ROUND(O49+X49+Y49+GK49,2),0) -> 0 | GO49: =IF(BI49=2,ROUND(O49+X49+Y49+GK49,2),0) -> 0 | GP49: =IF(BI49=4,ROUND(O49+X49+Y49+GK49,2)+GX49,0) -> 0 | GR49: 0 | GS49: 3 | GT49: 0 | GV49: =ROUND((GT49),2) -> 0 | GW49: 1 | GX49: =ROUND(HC49*I49,2) -> 0 | HA49: 0 | HB49: 0 | HC49: =GV49*GW49 -> 0 | IK49: 0
A50: 18 | B50: 1 | C50: 70 | E50: 14,2 | F50: 04.3.02.13-0103 | G50: Смесь сухая цементно-песчаная "БИРСС 11" (марка М150), бездобавочная | H50: т | I50: =I48*J50 -> 0.882192 | J50: 4.6431158 | O50: =ROUND(CP50,2) -> 4310.23 | P50: =ROUND(CQ50*I50,2) -> 4310.23 | Q50: =ROUND(CR50*I50,2) -> 0 | R50: =ROUND(CS50*I50,2) -> 0 | S50: =ROUND(CT50*I50,2) -> 0 | T50: =ROUND(CU50*I50,2) -> 0 | U50: =CV50*I50 -> 0 | V50: =CW50*I50 -> 0 | W50: =ROUND(CX50*I50,2) -> 0 | X50: =ROUND(CY50,2) -> 0 | Y50: =ROUND(CZ50,2) -> 0 | AA50: 16812721 | AB50: =ROUND((AC50+AD50+AF50),2) -> 728.14 | AC50: =ROUND((ES50),2) -> 728.14 | AD50: =ROUND((((ET50)-(EU50))+AE50),2) -> 0 | AE50: =ROUND((EU50),2) -> 0 | AF50: =ROUND((EV50),2) -> 0 | AG50: =ROUND((AP50),2) -> 0 | AH50: =(EW50) -> 0 | AI50: =(EX50) -> 0 | AJ50: =(AS50) -> 0 | AK50: 728.14 | AL50: 728.14 | AM50: 0 | AN50: 0 | AO50: 0 | AP50: 0 | AQ50: 0 | AR50: 0 | AS50: 0 | AT50: 80 | AU50: 68 | AV50: 1 | AW50: 1 | AZ50: 6.71 | BA50: 1 | BB50: 1 | BC50: 6.71 | BH50: 3 | BI50: 1 | BJ50: ФССЦ-2001, 04.3.02.13-0103, приказ Минстроя России №1039/пр от 30.12.2016г. | BM50: 57001 | BN50: 0 | BP50: 0 | BQ50: 6 | BR50: 0 | BS50: 1 | BT50: 1 | BU50: 1 | BV50: 1 | BW50: 1 | BX50: 1 | BZ50: 80 | CA50: 68 | CE50: 0 | CF50: 0 | CG50: 0 | CM50: 0 | CO50: 0 | CP50: =(P50+Q50+S50) -> 4310.23 | CQ50: =AC50*BC50 -> 4885.8194 | CR50: =AD50*BB50 -> 0 | CS50: =AE50*BS50 -> 0 | CT50: =AF50*BA50 -> 0 | CU50: =AG50 -> 0 | CV50: =AH50 -> 0 | CW50: =AI50 -> 0 | CX50: =AJ50 -> 0 | CY50: =(((S50+R50)*AT50)/100) -> 0 | CZ50: =(((S50+R50)*AU50)/100) -> 0 | DN50: 0 | DO50: 0 | DP50: 1 | DQ50: 1 | DU50: 1009 | DV50: т | DW50: т | DX50: 1000 | EE50: 16510566 | EF50: 6 | EG50: Ремонтно-строительные работы | EH50: 0 | EJ50: 1 | EK50: 57001 | EL50: Полы | EM50: рФЕР-57 | EQ50: 0 | ER50: 728.14 | ES50: 728.14 | ET50: 0 | EU50: 0 | EV50: 0 | EW50: 0 | EX50: 0 | FQ50: 0 | FR50: =ROUND(IF(AND(BH50=3,BI50=3),P50,0),2) -> 0 | FS50: 0 | FX50: 80 | FY50: 68 | GD50: 0 | GF50: 50694098 | GG50: 1 | GH50: 1 | GI50: 4 | GJ50: 0 | GK50: =ROUND(R50*(R12)/100,2) -> 0 | GL50: =ROUND(IF(AND(BH50=3,BI50=3,FS50<>0),P50,0),2) -> 0 | GM50: =ROUND(O50+X50+Y50+GK50,2)+GX50 -> 4310.23 | GN50: =IF(OR(BI50=0,BI50=1),ROUND(O50+X50+Y50+GK50,2),0) -> 4310.23 | GO50: =IF(BI50=2,ROUND(O50+X50+Y50+GK50,2),0) -> 0 | GP50: =IF(BI50=4,ROUND(O50+X50+Y50+GK50,2)+GX50,0) -> 0 | GR50: 0 | GS50: 0 | GT50: 0 | GV50: =ROUND((GT50),2) -> 0 | GW50: 1 | GX50: =ROUND(HC50*I50,2) -> 0 | HA50: 0 | HB50: 0 | HC50: =GV50*GW50 -> 0 | IK50: 0
A51: 17 | B51: 1 | C51: =ROW(SmtRes!A77) -> 77 | D51: =ROW(EtalonRes!A89) -> 89 | E51: 15 | F51: 11-01-011-08 | G51: Устройство стяжек из выравнивающей смеси типа "Ветонит" 5000, толщиной 5 мм | H51: 100 м2 | I51: =ROUND(134.42/100,9) -> 1.3442 | J51: 0 | O51: =ROUND(CP51,2) -> 99924.79 | P51: =ROUND(CQ51*I51,2) -> 96521.52 | Q51: =ROUND(CR51*I51,2) -> 70.26 | R51: =ROUND(CS51*I51,2) -> 22.19 | S51: =ROUND(CT51*I51,2) -> 3333.01 | T51: =ROUND(CU51*I51,2) -> 0 | U51: =CV51*I51 -> 58.231416 | V51: =CW51*I51 -> 0.2856425 | W51: =ROUND(CX51*I51,2) -> 0 | X51: =ROUND(CY51,2) -> 3724.27 | Y51: =ROUND(CZ51,2) -> 2147.33 | AA51: 16812721 | AB51: =ROUND((AC51+AD51+AF51),2) -> 11078.65 | AC51: =ROUND((ES51),2) -> 10701.33 | AD51: =ROUND(((((ET51*1.25))-((EU51*1.25)))+AE51),2) -> 7.79 | AE51: =ROUND(((EU51*1.25)),2) -> 2.46 | AF51: =ROUND(((EV51*1.15)),2) -> 369.53 | AG51: =ROUND((AP51),2) -> 0 | AH51: =((EW51*1.15)) -> 43.3205 | AI51: =((EX51*1.25)) -> 0.2125 | AJ51: =(AS51) -> 0 | AK51: 11028.89 | AL51: 10701.33 | AM51: 6.23 | AN51: 1.97 | AO51: 321.33 | AP51: 0 | AQ51: 37.67 | AR51: 0.17 | AS51: 0 | AT51: 111 | AU51: 64 | AV51: 1 | AW51: 1 | AZ51: 6.71 | BA51: 6.71 | BB51: 6.71 | BC51: 6.71 | BH51: 0 | BI51: 1 | BJ51: ФЕР-2001, 11-01-011-08, приказ Минстроя России №1039/пр от 30.12.2016г. | BM51: 11001 | BN51: 0 | BP51: 0 | BQ51: 2 | BR51: 0 | BS51: 6.71 | BT51: 1 | BU51: 1 | BV51: 1 | BW51: 1 | BX51: 1 | BZ51: 123 | CA51: 75 | CE51: 0 | CF51: 0 | CG51: 0 | CM51: 0 | CN51: Поправка: МДС 81-35.2004, п.4.7 Наименование: Работы, выполняемые при реконструкции зданий и сооружений работы, аналогичные технологическим процессам в новом строительстве (в том числе возведение новых конструктивных элементов) стоимость которых определена по соответствующим сборникам ФЕР, кроме сборника № 46 «Работы при реконструкции зданий и сооружений» | CO51: 0 | CP51: =(P51+Q51+S51) -> 99924.79 | CQ51: =AC51*BC51 -> 71805.924 | CR51: =AD51*BB51 -> 52.2709 | CS51: =AE51*BS51 -> 16.5066 | CT51: =AF51*BA51 -> 2479.5463 | CU51: =AG51 -> 0 | CV51: =AH51 -> 43.3205 | CW51: =AI51 -> 0.2125 | CX51: =AJ51 -> 0 | CY51: =(((S51+R51)*AT51)/100) -> 3724.272 | CZ51: =(((S51+R51)*AU51)/100) -> 2147.328 | DE51: )*1,25 | DF51: )*1,25 | DG51: )*1,15 | DI51: )*1,15 | DJ51: )*1,25 | DN51: 0 | DO51: 0 | DP51: 1 | DQ51: 1 | DU51: 1005 | DV51: 100 м2 | DW51: 100 м2 | DX51: 100 | EE51: 16510488 | EF51: 2 | EG51: Общестроительные работы | EH51: 0 | EJ51: 1 | EK51: 11001 | EL51: Полы | EM51: ФЕР-11 | EO51: Поправка: МДС 81-35.2004, п.4.7 | EQ51: 131072 | ER51: 11028.89 | ES51: 10701.33 | ET51: 6.23 | EU51: 1.97 | EV51: 321.33 | EW51: 37.67 | EX51: 0.17 | EY51: 0 | FQ51: 0 | FR51: =ROUND(IF(AND(BH51=3,BI51=3),P51,0),2) -> 0 | FS51: 0 | FT51: *0,9 | FU51: *0,85 | FX51: 110.7 | FY51: 63.75 | GD51: 0 | GF51: 1715562049 | GG51: 1 | GH51: 1 | GI51: 4 | GJ51: 0 | GK51: =ROUND(R51*(R12)/100,2) -> 0 | GL51: =ROUND(IF(AND(BH51=3,BI51=3,FS51<>0),P51,0),2) -> 0 | GM51: =ROUND(O51+X51+Y51+GK51,2)+GX51 -> 105796.39 | GN51: =IF(OR(BI51=0,BI51=1),ROUND(O51+X51+Y51+GK51,2),0) -> 105796.39 | GO51: =IF(BI51=2,ROUND(O51+X51+Y51+GK51,2),0) -> 0 | GP51: =IF(BI51=4,ROUND(O51+X51+Y51+GK51,2)+GX51,0) -> 0 | GR51: 0 | GS51: 3 | GT51: 0 | GV51: =ROUND((GT51),2) -> 0 | GW51: 1 | GX51: =ROUND(HC51*I51,2) -> 0 | HA51: 0 | HB51: 0 | HC51: =GV51*GW51 -> 0 | IK51: 0
A52: 17 | B52: 1 | C52: =ROW(SmtRes!A83) -> 83 | D52: =ROW(EtalonRes!A95) -> 95 | E52: 16 | F52: 11-01-011-10 | G52: Устройство стяжек на каждый последующий слой толщиной 1 мм добавлять к расценке 11-01-011-08 | H52: 100 м2 | I52: =ROUND(134.42/100,9) -> 1.3442 | J52: 0 | O52: =ROUND(CP52,2) -> 93533.06 | P52: =ROUND(CQ52*I52,2) -> 92394.34 | Q52: =ROUND(CR52*I52,2) -> 68.28 | R52: =ROUND(CS52*I52,2) -> 19.75 | S52: =ROUND(CT52*I52,2) -> 1070.44 | T52: =ROUND(CU52*I52,2) -> 0 | U52: =CV52*I52 -> 18.704543 | V52: =CW52*I52 -> 0.2520375 | W52: =ROUND(CX52*I52,2) -> 0 | X52: =ROUND(CY52,2) -> 1210.11 | Y52: =ROUND(CZ52,2) -> 697.72 | AA52: 16812721 | AB52: =ROUND((AC52+AD52+AF52),2) -> 10370 | AC52: =ROUND(((ES52*5)),2) -> 10243.75 | AD52: =ROUND(((((ET52*1.25*5))-((EU52*1.25*5)))+AE52),2) -> 7.57 | AE52: =ROUND(((EU52*1.25*5)),2) -> 2.19 | AF52: =ROUND(((EV52*1.15*5)),2) -> 118.68 | AG52: =ROUND((AP52),2) -> 0 | AH52: =((EW52*1.15*5)) -> 13.915 | AI52: =((EX52*1.25*5)) -> 0.1875 | AJ52: =(AS52) -> 0 | AK52: 2070.6 | AL52: 2048.75 | AM52: 1.21 | AN52: 0.35 | AO52: 20.64 | AP52: 0 | AQ52: 2.42 | AR52: 0.03 | AS52: 0 | AT52: 111 | AU52: 64 | AV52: 1 | AW52: 1 | AZ52: 6.71 | BA52: 6.71 | BB52: 6.71 | BC52: 6.71 | BH52: 0 | BI52: 1 | BJ52: ФЕР-2001, 11-01-011-10, приказ Минстроя России №1039/пр от 30.12.2016г. | BM52: 11001 | BN52: 0 | BP52: 0 | BQ52: 2 | BR52: 0 | BS52: 6.71 | BT52: 1 | BU52: 1 | BV52: 1 | BW52: 1 | BX52: 1 | BZ52: 123 | CA52: 75 | CE52: 0 | CF52: 0 | CG52: 0 | CM52: 0 | CN52: Поправка: МДС 81-35.2004, п.4.7 Наименование: Работы, выполняемые при реконструкции зданий и сооружений работы, аналогичные технологическим процессам в новом строительстве (в том числе возведение новых конструктивных элементов) стоимость которых определена по соответствующим сборникам ФЕР, кроме сборника № 46 «Работы при реконструкции зданий и сооружений» | CO52: 0 | CP52: =(P52+Q52+S52) -> 93533.06 | CQ52: =AC52*BC52 -> 68735.562 | CR52: =AD52*BB52 -> 50.7947 | CS52: =AE52*BS52 -> 14.6949 | CT52: =AF52*BA52 -> 796.3428 | CU52: =AG52 -> 0 | CV52: =AH52 -> 13.915 | CW52: =AI52 -> 0.1875 | CX52: =AJ52 -> 0 | CY52: =(((S52+R52)*AT52)/100) -> 1210.1109 | CZ52: =(((S52+R52)*AU52)/100) -> 697.7216 | DD52: *5 | DE52: )*1,25*5 | DF52: )*1,25*5 | DG52: )*1,15*5 | DI52: )*1,15*5 | DJ52: )*1,25*5 | DN52: 0 | DO52: 0 | DP52: 1 | DQ52: 1 | DU52: 1005 | DV52: 100 м2 | DW52: 100 м2 | DX52: 100 | EE52: 16510488 | EF52: 2 | EG52: Общестроительные работы | EH52: 0 | EJ52: 1 | EK52: 11001 | EL52: Полы | EM52: ФЕР-11 | EO52: Поправка: МДС 81-35.2004, п.4.7 | EQ52: 131072 | ER52: 2070.6 | ES52: 2048.75 | ET52: 1.21 | EU52: 0.35 | EV52: 20.64 | EW52: 2.42 | EX52: 0.03 | EY52: 0 | FQ52: 0 | FR52: =ROUND(IF(AND(BH52=3,BI52=3),P52,0),2) -> 0 | FS52: 0 | FT52: *0,9 | FU52: *0,85 | FX52: 110.7 | FY52: 63.75 | GD52: 0 | GF52: 337317905 | GG52: 1 | GH52: 1 | GI52: 4 | GJ52: 0 | GK52: =ROUND(R52*(R12)/100,2) -> 0 | GL52: =ROUND(IF(AND(BH52=3,BI52=3,FS52<>0),P52,0),2) -> 0 | GM52: =ROUND(O52+X52+Y52+GK52,2)+GX52 -> 95440.89 | GN52: =IF(OR(BI52=0,BI52=1),ROUND(O52+X52+Y52+GK52,2),0) -> 95440.89 | GO52: =IF(BI52=2,ROUND(O52+X52+Y52+GK52,2),0) -> 0 | GP52: =IF(BI52=4,ROUND(O52+X52+Y52+GK52,2)+GX52,0) -> 0 | GR52: 0 | GS52: 3 | GT52: 0 | GV52: =ROUND((GT52),2) -> 0 | GW52: 1 | GX52: =ROUND(HC52*I52,2) -> 0 | HA52: 0 | HB52: 0 | HC52: =GV52*GW52 -> 0 | IK52: 0
A53: 17 | B53: 1 | C53: =ROW(SmtRes!A89) -> 89 | D53: =ROW(EtalonRes!A100) -> 100 | E53: 17 | F53: 11-01-034-04 | G53: Устройство покрытий из досок ламинированных замковым способом | H53: 100 м2 | I53: =ROUND(134.42/100,9) -> 1.3442 | J53: 0 | O53: =ROUND(CP53,2) -> 5876.26 | P53: =ROUND(CQ53*I53,2) -> 3305.23 | Q53: =ROUND(CR53*I53,2) -> 74.05 | R53: =ROUND(CS53*I53,2) -> 13.08 | S53: =ROUND(CT53*I53,2) -> 2496.98 | T53: =ROUND(CU53*I53,2) -> 0 | U53: =CV53*I53 -> 39.588706 | V53: =CW53*I53 -> 0.168025 | W53: =ROUND(CX53*I53,2) -> 0 | X53: =ROUND(CY53,2) -> 2786.17 | Y53: =ROUND(CZ53,2) -> 1606.44 | AA53: 16812721 | AB53: =ROUND((AC53+AD53+AF53),2) -> 651.5 | AC53: =ROUND((ES53),2) -> 366.45 | AD53: =ROUND(((((ET53*1.25))-((EU53*1.25)))+AE53),2) -> 8.21 | AE53: =ROUND(((EU53*1.25)),2) -> 1.45 | AF53: =ROUND(((EV53*1.15)),2) -> 276.84 | AG53: =ROUND((AP53),2) -> 0 | AH53: =((EW53*1.15)) -> 29.4515 | AI53: =((EX53*1.25)) -> 0.125 | AJ53: =(AS53) -> 0 | AK53: 613.75 | AL53: 366.45 | AM53: 6.57 | AN53: 1.16 | AO53: 240.73 | AP53: 0 | AQ53: 25.61 | AR53: 0.1 | AS53: 0 | AT53: 111 | AU53: 64 | AV53: 1 | AW53: 1 | AZ53: 6.71 | BA53: 6.71 | BB53: 6.71 | BC53: 6.71 | BH53: 0 | BI53: 1 | BJ53: ФЕР-2001, 11-01-034-04, приказ Минстроя России №1039/пр от 30.12.2016г. | BM53: 11001 | BN53: 0 | BP53: 0 | BQ53: 2 | BR53: 0 | BS53: 6.71 | BT53: 1 | BU53: 1 | BV53: 1 | BW53: 1 | BX53: 1 | BZ53: 123 | CA53: 75 | CE53: 0 | CF53: 0 | CG53: 0 | CM53: 0 | CN53: Поправка: МДС 81-35.2004, п.4.7 Наименование: Работы, выполняемые при реконструкции зданий и сооружений работы, аналогичные технологическим процессам в новом строительстве (в том числе возведение новых конструктивных элементов) стоимость которых определена по соответствующим сборникам ФЕР, кроме сборника № 46 «Работы при реконструкции зданий и сооружений» | CO53: 0 | CP53: =(P53+Q53+S53) -> 5876.26 | CQ53: =AC53*BC53 -> 2458.8795 | CR53: =AD53*BB53 -> 55.0891 | CS53: =AE53*BS53 -> 9.7295 | CT53: =AF53*BA53 -> 1857.5964 | CU53: =AG53 -> 0 | CV53: =AH53 -> 29.4515 | CW53: =AI53 -> 0.125 | CX53: =AJ53 -> 0 | CY53: =(((S53+R53)*AT53)/100) -> 2786.1666 | CZ53: =(((S53+R53)*AU53)/100) -> 1606.4384 | DE53: )*1,25 | DF53: )*1,25 | DG53: )*1,15 | DI53: )*1,15 | DJ53: )*1,25 | DN53: 0 | DO53: 0 | DP53: 1 | DQ53: 1 | DU53: 1005 | DV53: 100 м2 | DW53: 100 м2 | DX53: 100 | EE53: 16510488 | EF53: 2 | EG53: Общестроительные работы | EH53: 0 | EJ53: 1 | EK53: 11001 | EL53: Полы | EM53: ФЕР-11 | EO53: Поправка: МДС 81-35.2004, п.4.7 | EQ53: 0 | ER53: 613.75 | ES53: 366.45 | ET53: 6.57 | EU53: 1.16 | EV53: 240.73 | EW53: 25.61 | EX53: 0.1 | EY53: 0 | FQ53: 0 | FR53: =ROUND(IF(AND(BH53=3,BI53=3),P53,0),2) -> 0 | FS53: 0 | FT53: *0,9 | FU53: *0,85 | FX53: 110.7 | FY53: 63.75 | GD53: 0 | GF53: 1120024045 | GG53: 1 | GH53: 1 | GI53: 4 | GJ53: 0 | GK53: =ROUND(R53*(R12)/100,2) -> 0 | GL53: =ROUND(IF(AND(BH53=3,BI53=3,FS53<>0),P53,0),2) -> 0 | GM53: =ROUND(O53+X53+Y53+GK53,2)+GX53 -> 10268.87 | GN53: =IF(OR(BI53=0,BI53=1),ROUND(O53+X53+Y53+GK53,2),0) -> 10268.87 | GO53: =IF(BI53=2,ROUND(O53+X53+Y53+GK53,2),0) -> 0 | GP53: =IF(BI53=4,ROUND(O53+X53+Y53+GK53,2)+GX53,0) -> 0 | GR53: 0 | GS53: 3 | GT53: 0 | GV53: =ROUND((GT53),2) -> 0 | GW53: 1 | GX53: =ROUND(HC53*I53,2) -> 0 | HA53: 0 | HB53: 0 | HC53: =GV53*GW53 -> 0 | IK53: 0
A54: 18 | B54: 1 | C54: 87 | E54: 17,1 | F54: 11.2.03.02 | G54: Покрытие напольное ламинированное (ламинат) | H54: м2 | I54: =I53*J54 -> 137.7805 | J54: 102.5 | O54: =ROUND(CP54,2) -> 0 | P54: =ROUND(CQ54*I54,2) -> 0 | Q54: =ROUND(CR54*I54,2) -> 0 | R54: =ROUND(CS54*I54,2) -> 0 | S54: =ROUND(CT54*I54,2) -> 0 | T54: =ROUND(CU54*I54,2) -> 0 | U54: =CV54*I54 -> 0 | V54: =CW54*I54 -> 0 | W54: =ROUND(CX54*I54,2) -> 0 | X54: =ROUND(CY54,2) -> 0 | Y54: =ROUND(CZ54,2) -> 0 | AA54: 16812721 | AB54: =ROUND((AC54+AD54+AF54),2) -> 0 | AC54: =ROUND((ES54),2) -> 0 | AD54: =ROUND((((ET54)-(EU54))+AE54),2) -> 0 | AE54: =ROUND((EU54),2) -> 0 | AF54: =ROUND((EV54),2) -> 0 | AG54: =ROUND((AP54),2) -> 0 | AH54: =(EW54) -> 0 | AI54: =(EX54) -> 0 | AJ54: =(AS54) -> 0 | AK54: 0 | AL54: 0 | AM54: 0 | AN54: 0 | AO54: 0 | AP54: 0 | AQ54: 0 | AR54: 0 | AS54: 0 | AT54: 111 | AU54: 64 | AV54: 1 | AW54: 1 | AZ54: 6.71 | BA54: 1 | BB54: 1 | BC54: 6.71 | BH54: 3 | BI54: 1 | BM54: 11001 | BN54: 0 | BP54: 0 | BQ54: 2 | BR54: 0 | BS54: 1 | BT54: 1 | BU54: 1 | BV54: 1 | BW54: 1 | BX54: 1 | BZ54: 123 | CA54: 75 | CE54: 0 | CF54: 0 | CG54: 0 | CM54: 0 | CO54: 0 | CP54: =(P54+Q54+S54) -> 0 | CQ54: =AC54*BC54 -> 0 | CR54: =AD54*BB54 -> 0 | CS54: =AE54*BS54 -> 0 | CT54: =AF54*BA54 -> 0 | CU54: =AG54 -> 0 | CV54: =AH54 -> 0 | CW54: =AI54 -> 0 | CX54: =AJ54 -> 0 | CY54: =(((S54+R54)*AT54)/100) -> 0 | CZ54: =(((S54+R54)*AU54)/100) -> 0 | DN54: 0 | DO54: 0 | DP54: 1 | DQ54: 1 | DU54: 1005 | DV54: м2 | DW54: м2 | DX54: 1 | EE54: 16510488 | EF54: 2 | EG54: Общестроительные работы | EH54: 0 | EJ54: 1 | EK54: 11001 | EL54: Полы | EM54: ФЕР-11 | EQ54: 0 | ER54: 0 | ES54: 0 | ET54: 0 | EU54: 0 | EV54: 0 | EW54: 0 | EX54: 0 | FQ54: 0 | FR54: =ROUND(IF(AND(BH54=3,BI54=3),P54,0),2) -> 0 | FS54: 0 | FT54: *0,9 | FU54: *0,85 | FX54: 110.7 | FY54: 63.75 | GD54: 0 | GF54: -1235377378 | GG54: 1 | GH54: 1 | GI54: 4 | GJ54: 0 | GK54: =ROUND(R54*(R12)/100,2) -> 0 | GL54: =ROUND(IF(AND(BH54=3,BI54=3,FS54<>0),P54,0),2) -> 0 | GM54: =ROUND(O54+X54+Y54+GK54,2)+GX54 -> 0 | GN54: =IF(OR(BI54=0,BI54=1),ROUND(O54+X54+Y54+GK54,2),0) -> 0 | GO54: =IF(BI54=2,ROUND(O54+X54+Y54+GK54,2),0) -> 0 | GP54: =IF(BI54=4,ROUND(O54+X54+Y54+GK54,2)+GX54,0) -> 0 | GR54: 0 | GS54: 3 | GT54: 0 | GV54: =ROUND((GT54),2) -> 0 | GW54: 1 | GX54: =ROUND(HC54*I54,2) -> 0 | HA54: 0 | HB54: 0 | HC54: =GV54*GW54 -> 0 | IK54: 0
A55: 18 | B55: 1 | C55: 88 | E55: 17,2 | F55: 11.2.03.02-0037 | G55: Покрытие напольное ламинированное марки "Quick Step", 33 класс износостойкости, толщина 9,5 мм | H55: м2 | I55: =I53*J55 -> 137.7805 | J55: 102.5 | O55: =ROUND(CP55,2) -> 320600.59 | P55: =ROUND(CQ55*I55,2) -> 320600.59 | Q55: =ROUND(CR55*I55,2) -> 0 | R55: =ROUND(CS55*I55,2) -> 0 | S55: =ROUND(CT55*I55,2) -> 0 | T55: =ROUND(CU55*I55,2) -> 0 | U55: =CV55*I55 -> 0 | V55: =CW55*I55 -> 0 | W55: =ROUND(CX55*I55,2) -> 0 | X55: =ROUND(CY55,2) -> 0 | Y55: =ROUND(CZ55,2) -> 0 | AA55: 16812721 | AB55: =ROUND((AC55+AD55+AF55),2) -> 346.78 | AC55: =ROUND((ES55),2) -> 346.78 | AD55: =ROUND((((ET55)-(EU55))+AE55),2) -> 0 | AE55: =ROUND((EU55),2) -> 0 | AF55: =ROUND((EV55),2) -> 0 | AG55: =ROUND((AP55),2) -> 0 | AH55: =(EW55) -> 0 | AI55: =(EX55) -> 0 | AJ55: =(AS55) -> 0 | AK55: 346.78 | AL55: 346.78 | AM55: 0 | AN55: 0 | AO55: 0 | AP55: 0 | AQ55: 0 | AR55: 0 | AS55: 0 | AT55: 111 | AU55: 64 | AV55: 1 | AW55: 1 | AZ55: 6.71 | BA55: 1 | BB55: 1 | BC55: 6.71 | BH55: 3 | BI55: 1 | BJ55: ФССЦ-2001, 11.2.03.02-0037, приказ Минстроя России №1039/пр от 30.12.2016г. | BM55: 11001 | BN55: 0 | BP55: 0 | BQ55: 2 | BR55: 0 | BS55: 1 | BT55: 1 | BU55: 1 | BV55: 1 | BW55: 1 | BX55: 1 | BZ55: 123 | CA55: 75 | CE55: 0 | CF55: 0 | CG55: 0 | CM55: 0 | CO55: 0 | CP55: =(P55+Q55+S55) -> 320600.59 | CQ55: =AC55*BC55 -> 2326.8938 | CR55: =AD55*BB55 -> 0 | CS55: =AE55*BS55 -> 0 | CT55: =AF55*BA55 -> 0 | CU55: =AG55 -> 0 | CV55: =AH55 -> 0 | CW55: =AI55 -> 0 | CX55: =AJ55 -> 0 | CY55: =(((S55+R55)*AT55)/100) -> 0 | CZ55: =(((S55+R55)*AU55)/100) -> 0 | DN55: 0 | DO55: 0 | DP55: 1 | DQ55: 1 | DU55: 1005 | DV55: м2 | DW55: м2 | DX55: 1 | EE55: 16510488 | EF55: 2 | EG55: Общестроительные работы | EH55: 0 | EJ55: 1 | EK55: 11001 | EL55: Полы | EM55: ФЕР-11 | EQ55: 0 | ER55: 346.78 | ES55: 346.78 | ET55: 0 | EU55: 0 | EV55: 0 | EW55: 0 | EX55: 0 | FQ55: 0 | FR55: =ROUND(IF(AND(BH55=3,BI55=3),P55,0),2) -> 0 | FS55: 0 | FT55: *0,9 | FU55: *0,85 | FX55: 110.7 | FY55: 63.75 | GD55: 0 | GF55: -666091860 | GG55: 1 | GH55: 1 | GI55: 4 | GJ55: 0 | GK55: =ROUND(R55*(R12)/100,2) -> 0 | GL55: =ROUND(IF(AND(BH55=3,BI55=3,FS55<>0),P55,0),2) -> 0 | GM55: =ROUND(O55+X55+Y55+GK55,2)+GX55 -> 320600.59 | GN55: =IF(OR(BI55=0,BI55=1),ROUND(O55+X55+Y55+GK55,2),0) -> 320600.59 | GO55: =IF(BI55=2,ROUND(O55+X55+Y55+GK55,2),0) -> 0 | GP55: =IF(BI55=4,ROUND(O55+X55+Y55+GK55,2)+GX55,0) -> 0 | GR55: 0 | GS55: 3 | GT55: 0 | GV55: =ROUND((GT55),2) -> 0 | GW55: 1 | GX55: =ROUND(HC55*I55,2) -> 0 | HA55: 0 | HB55: 0 | HC55: =GV55*GW55 -> 0 | IK55: 0
A56: 17 | B56: 1 | C56: =ROW(SmtRes!A107) -> 107 | D56: =ROW(EtalonRes!A112) -> 112 | E56: 18 | F56: 11-01-040-03 | G56: Устройство плинтусов поливинилхлоридных на винтах самонарезающих | H56: 100 м | I56: =ROUND(95.6/100,9) -> 0.956 | J56: 0 | O56: =ROUND(CP56,2) -> 941.88 | P56: =ROUND(CQ56*I56,2) -> 472.38 | Q56: =ROUND(CR56*I56,2) -> 17.13 | R56: =ROUND(CS56*I56,2) -> 3.4 | S56: =ROUND(CT56*I56,2) -> 452.37 | T56: =ROUND(CU56*I56,2) -> 0 | U56: =CV56*I56 -> 7.343992 | V56: =CW56*I56 -> 0.0478 | W56: =ROUND(CX56*I56,2) -> 0 | X56: =ROUND(CY56,2) -> 505.9 | Y56: =ROUND(CZ56,2) -> 291.69 | AA56: 16812721 | AB56: =ROUND((AC56+AD56+AF56),2) -> 146.83 | AC56: =ROUND((ES56),2) -> 73.64 | AD56: =ROUND(((((ET56*1.25))-((EU56*1.25)))+AE56),2) -> 2.67 | AE56: =ROUND(((EU56*1.25)),2) -> 0.53 | AF56: =ROUND(((EV56*1.15)),2) -> 70.52 | AG56: =ROUND((AP56),2) -> 0 | AH56: =((EW56*1.15)) -> 7.682 | AI56: =((EX56*1.25)) -> 0.05 | AJ56: =(AS56) -> 0 | AK56: 137.09 | AL56: 73.64 | AM56: 2.13 | AN56: 0.42 | AO56: 61.32 | AP56: 0 | AQ56: 6.68 | AR56: 0.04 | AS56: 0 | AT56: 111 | AU56: 64 | AV56: 1 | AW56: 1 | AZ56: 6.71 | BA56: 6.71 | BB56: 6.71 | BC56: 6.71 | BH56: 0 | BI56: 1 | BJ56: ФЕР-2001, 11-01-040-03, приказ Минстроя России №1039/пр от 30.12.2016г. | BM56: 11001 | BN56: 0 | BP56: 0 | BQ56: 2 | BR56: 0 | BS56: 6.71 | BT56: 1 | BU56: 1 | BV56: 1 | BW56: 1 | BX56: 1 | BZ56: 123 | CA56: 75 | CE56: 0 | CF56: 0 | CG56: 0 | CM56: 0 | CN56: Поправка: МДС 81-35.2004, п.4.7 Наименование: Работы, выполняемые при реконструкции зданий и сооружений работы, аналогичные технологическим процессам в новом строительстве (в том числе возведение новых конструктивных элементов) стоимость которых определена по соответствующим сборникам ФЕР, кроме сборника № 46 «Работы при реконструкции зданий и сооружений» | CO56: 0 | CP56: =(P56+Q56+S56) -> 941.88 | CQ56: =AC56*BC56 -> 494.1244 | CR56: =AD56*BB56 -> 17.9157 | CS56: =AE56*BS56 -> 3.5563 | CT56: =AF56*BA56 -> 473.1892 | CU56: =AG56 -> 0 | CV56: =AH56 -> 7.682 | CW56: =AI56 -> 0.05 | CX56: =AJ56 -> 0 | CY56: =(((S56+R56)*AT56)/100) -> 505.9047 | CZ56: =(((S56+R56)*AU56)/100) -> 291.6928 | DE56: )*1,25 | DF56: )*1,25 | DG56: )*1,15 | DI56: )*1,15 | DJ56: )*1,25 | DN56: 0 | DO56: 0 | DP56: 1 | DQ56: 1 | DU56: 1003 | DV56: 100 м | DW56: 100 м | DX56: 100 | EE56: 16510488 | EF56: 2 | EG56: Общестроительные работы | EH56: 0 | EJ56: 1 | EK56: 11001 | EL56: Полы | EM56: ФЕР-11 | EO56: Поправка: МДС 81-35.2004, п.4.7 | EQ56: 131072 | ER56: 137.09 | ES56: 73.64 | ET56: 2.13 | EU56: 0.42 | EV56: 61.32 | EW56: 6.68 | EX56: 0.04 | EY56: 0 | FQ56: 0 | FR56: =ROUND(IF(AND(BH56=3,BI56=3),P56,0),2) -> 0 | FS56: 0 | FT56: *0,9 | FU56: *0,85 | FX56: 110.7 | FY56: 63.75 | GD56: 0 | GF56: -1404287246 | GG56: 1 | GH56: 1 | GI56: 4 | GJ56: 0 | GK56: =ROUND(R56*(R12)/100,2) -> 0 | GL56: =ROUND(IF(AND(BH56=3,BI56=3,FS56<>0),P56,0),2) -> 0 | GM56: =ROUND(O56+X56+Y56+GK56,2)+GX56 -> 1739.47 | GN56: =IF(OR(BI56=0,BI56=1),ROUND(O56+X56+Y56+GK56,2),0) -> 1739.47 | GO56: =IF(BI56=2,ROUND(O56+X56+Y56+GK56,2),0) -> 0 | GP56: =IF(BI56=4,ROUND(O56+X56+Y56+GK56,2)+GX56,0) -> 0 | GR56: 0 | GS56: 0 | GT56: 0 | GV56: =ROUND((GT56),2) -> 0 | GW56: 1 | GX56: =ROUND(HC56*I56,2) -> 0 | HA56: 0 | HB56: 0 | HC56: =GV56*GW56 -> 0 | IK56: 0
A57: 18 | B57: 1 | C57: 96 | E57: 18,1 | F57: 11.3.03.06 | G57: Плинтуса для полов пластиковые | H57: м | I57: =I56*J57 -> 96.556 | J57: 101 | O57: =ROUND(CP57,2) -> 0 | P57: =ROUND(CQ57*I57,2) -> 0 | Q57: =ROUND(CR57*I57,2) -> 0 | R57: =ROUND(CS57*I57,2) -> 0 | S57: =ROUND(CT57*I57,2) -> 0 | T57: =ROUND(CU57*I57,2) -> 0 | U57: =CV57*I57 -> 0 | V57: =CW57*I57 -> 0 | W57: =ROUND(CX57*I57,2) -> 0 | X57: =ROUND(CY57,2) -> 0 | Y57: =ROUND(CZ57,2) -> 0 | AA57: 16812721 | AB57: =ROUND((AC57+AD57+AF57),2) -> 0 | AC57: =ROUND((ES57),2) -> 0 | AD57: =ROUND((((ET57)-(EU57))+AE57),2) -> 0 | AE57: =ROUND((EU57),2) -> 0 | AF57: =ROUND((EV57),2) -> 0 | AG57: =ROUND((AP57),2) -> 0 | AH57: =(EW57) -> 0 | AI57: =(EX57) -> 0 | AJ57: =(AS57) -> 0 | AK57: 0 | AL57: 0 | AM57: 0 | AN57: 0 | AO57: 0 | AP57: 0 | AQ57: 0 | AR57: 0 | AS57: 0 | AT57: 111 | AU57: 64 | AV57: 1 | AW57: 1 | AZ57: 6.71 | BA57: 1 | BB57: 1 | BC57: 6.71 | BH57: 3 | BI57: 1 | BM57: 11001 | BN57: 0 | BP57: 0 | BQ57: 2 | BR57: 0 | BS57: 1 | BT57: 1 | BU57: 1 | BV57: 1 | BW57: 1 | BX57: 1 | BZ57: 123 | CA57: 75 | CE57: 0 | CF57: 0 | CG57: 0 | CM57: 0 | CO57: 0 | CP57: =(P57+Q57+S57) -> 0 | CQ57: =AC57*BC57 -> 0 | CR57: =AD57*BB57 -> 0 | CS57: =AE57*BS57 -> 0 | CT57: =AF57*BA57 -> 0 | CU57: =AG57 -> 0 | CV57: =AH57 -> 0 | CW57: =AI57 -> 0 | CX57: =AJ57 -> 0 | CY57: =(((S57+R57)*AT57)/100) -> 0 | CZ57: =(((S57+R57)*AU57)/100) -> 0 | DN57: 0 | DO57: 0 | DP57: 1 | DQ57: 1 | DU57: 1003 | DV57: м | DW57: м | DX57: 1 | EE57: 16510488 | EF57: 2 | EG57: Общестроительные работы | EH57: 0 | EJ57: 1 | EK57: 11001 | EL57: Полы | EM57: ФЕР-11 | EQ57: 0 | ER57: 0 | ES57: 0 | ET57: 0 | EU57: 0 | EV57: 0 | EW57: 0 | EX57: 0 | FQ57: 0 | FR57: =ROUND(IF(AND(BH57=3,BI57=3),P57,0),2) -> 0 | FS57: 0 | FT57: *0,9 | FU57: *0,85 | FX57: 110.7 | FY57: 63.75 | GD57: 0 | GF57: -2049262376 | GG57: 1 | GH57: 1 | GI57: 4 | GJ57: 0 | GK57: =ROUND(R57*(R12)/100,2) -> 0 | GL57: =ROUND(IF(AND(BH57=3,BI57=3,FS57<>0),P57,0),2) -> 0 | GM57: =ROUND(O57+X57+Y57+GK57,2)+GX57 -> 0 | GN57: =IF(OR(BI57=0,BI57=1),ROUND(O57+X57+Y57+GK57,2),0) -> 0 | GO57: =IF(BI57=2,ROUND(O57+X57+Y57+GK57,2),0) -> 0 | GP57: =IF(BI57=4,ROUND(O57+X57+Y57+GK57,2)+GX57,0) -> 0 | GR57: 0 | GS57: 3 | GT57: 0 | GV57: =ROUND((GT57),2) -> 0 | GW57: 1 | GX57: =ROUND(HC57*I57,2) -> 0 | HA57: 0 | HB57: 0 | HC57: =GV57*GW57 -> 0 | IK57: 0
A58: 18 | B58: 1 | C58: 97 | E58: 18,2 | F58: 11.3.03.06-0001 | G58: Плинтуса для полов пластиковые, KronPlast Premium19х48 мм | H58: м | I58: =I56*J58 -> 96.556 | J58: 101 | O58: =ROUND(CP58,2) -> 7969.06 | P58: =ROUND(CQ58*I58,2) -> 7969.06 | Q58: =ROUND(CR58*I58,2) -> 0 | R58: =ROUND(CS58*I58,2) -> 0 | S58: =ROUND(CT58*I58,2) -> 0 | T58: =ROUND(CU58*I58,2) -> 0 | U58: =CV58*I58 -> 0 | V58: =CW58*I58 -> 0 | W58: =ROUND(CX58*I58,2) -> 0 | X58: =ROUND(CY58,2) -> 0 | Y58: =ROUND(CZ58,2) -> 0 | AA58: 16812721 | AB58: =ROUND((AC58+AD58+AF58),2) -> 12.3 | AC58: =ROUND((ES58),2) -> 12.3 | AD58: =ROUND((((ET58)-(EU58))+AE58),2) -> 0 | AE58: =ROUND((EU58),2) -> 0 | AF58: =ROUND((EV58),2) -> 0 | AG58: =ROUND((AP58),2) -> 0 | AH58: =(EW58) -> 0 | AI58: =(EX58) -> 0 | AJ58: =(AS58) -> 0 | AK58: 12.3 | AL58: 12.3 | AM58: 0 | AN58: 0 | AO58: 0 | AP58: 0 | AQ58: 0 | AR58: 0 | AS58: 0 | AT58: 111 | AU58: 64 | AV58: 1 | AW58: 1 | AZ58: 6.71 | BA58: 1 | BB58: 1 | BC58: 6.71 | BH58: 3 | BI58: 1 | BJ58: ФССЦ-2001, 11.3.03.06-0001, приказ Минстроя России №1039/пр от 30.12.2016г. | BM58: 11001 | BN58: 0 | BP58: 0 | BQ58: 2 | BR58: 0 | BS58: 1 | BT58: 1 | BU58: 1 | BV58: 1 | BW58: 1 | BX58: 1 | BZ58: 123 | CA58: 75 | CE58: 0 | CF58: 0 | CG58: 0 | CM58: 0 | CO58: 0 | CP58: =(P58+Q58+S58) -> 7969.06 | CQ58: =AC58*BC58 -> 82.533 | CR58: =AD58*BB58 -> 0 | CS58: =AE58*BS58 -> 0 | CT58: =AF58*BA58 -> 0 | CU58: =AG58 -> 0 | CV58: =AH58 -> 0 | CW58: =AI58 -> 0 | CX58: =AJ58 -> 0 | CY58: =(((S58+R58)*AT58)/100) -> 0 | CZ58: =(((S58+R58)*AU58)/100) -> 0 | DN58: 0 | DO58: 0 | DP58: 1 | DQ58: 1 | DU58: 1003 | DV58: м | DW58: м | DX58: 1 | EE58: 16510488 | EF58: 2 | EG58: Общестроительные работы | EH58: 0 | EJ58: 1 | EK58: 11001 | EL58: Полы | EM58: ФЕР-11 | EQ58: 0 | ER58: 12.3 | ES58: 12.3 | ET58: 0 | EU58: 0 | EV58: 0 | EW58: 0 | EX58: 0 | FQ58: 0 | FR58: =ROUND(IF(AND(BH58=3,BI58=3),P58,0),2) -> 0 | FS58: 0 | FT58: *0,9 | FU58: *0,85 | FX58: 110.7 | FY58: 63.75 | GD58: 0 | GF58: 1744309368 | GG58: 1 | GH58: 1 | GI58: 4 | GJ58: 0 | GK58: =ROUND(R58*(R12)/100,2) -> 0 | GL58: =ROUND(IF(AND(BH58=3,BI58=3,FS58<>0),P58,0),2) -> 0 | GM58: =ROUND(O58+X58+Y58+GK58,2)+GX58 -> 7969.06 | GN58: =IF(OR(BI58=0,BI58=1),ROUND(O58+X58+Y58+GK58,2),0) -> 7969.06 | GO58: =IF(BI58=2,ROUND(O58+X58+Y58+GK58,2),0) -> 0 | GP58: =IF(BI58=4,ROUND(O58+X58+Y58+GK58,2)+GX58,0) -> 0 | GR58: 0 | GS58: 0 | GT58: 0 | GV58: =ROUND((GT58),2) -> 0 | GW58: 1 | GX58: =ROUND(HC58*I58,2) -> 0 | HA58: 0 | HB58: 0 | HC58: =GV58*GW58 -> 0 | IK58: 0
A59: 18 | B59: 1 | C59: 98 | E59: 18,3 | F59: 11.3.03.14 | G59: Уголок наружный для пластикового плинтуса | H59: шт. | I59: =I56*J59 -> 6.692 | J59: 7 | O59: =ROUND(CP59,2) -> 0 | P59: =ROUND(CQ59*I59,2) -> 0 | Q59: =ROUND(CR59*I59,2) -> 0 | R59: =ROUND(CS59*I59,2) -> 0 | S59: =ROUND(CT59*I59,2) -> 0 | T59: =ROUND(CU59*I59,2) -> 0 | U59: =CV59*I59 -> 0 | V59: =CW59*I59 -> 0 | W59: =ROUND(CX59*I59,2) -> 0 | X59: =ROUND(CY59,2) -> 0 | Y59: =ROUND(CZ59,2) -> 0 | AA59: 16812721 | AB59: =ROUND((AC59+AD59+AF59),2) -> 0 | AC59: =ROUND((ES59),2) -> 0 | AD59: =ROUND((((ET59)-(EU59))+AE59),2) -> 0 | AE59: =ROUND((EU59),2) -> 0 | AF59: =ROUND((EV59),2) -> 0 | AG59: =ROUND((AP59),2) -> 0 | AH59: =(EW59) -> 0 | AI59: =(EX59) -> 0 | AJ59: =(AS59) -> 0 | AK59: 0 | AL59: 0 | AM59: 0 | AN59: 0 | AO59: 0 | AP59: 0 | AQ59: 0 | AR59: 0 | AS59: 0 | AT59: 111 | AU59: 64 | AV59: 1 | AW59: 1 | AZ59: 6.71 | BA59: 1 | BB59: 1 | BC59: 6.71 | BH59: 3 | BI59: 1 | BM59: 11001 | BN59: 0 | BP59: 0 | BQ59: 2 | BR59: 0 | BS59: 1 | BT59: 1 | BU59: 1 | BV59: 1 | BW59: 1 | BX59: 1 | BZ59: 123 | CA59: 75 | CE59: 0 | CF59: 0 | CG59: 0 | CM59: 0 | CO59: 0 | CP59: =(P59+Q59+S59) -> 0 | CQ59: =AC59*BC59 -> 0 | CR59: =AD59*BB59 -> 0 | CS59: =AE59*BS59 -> 0 | CT59: =AF59*BA59 -> 0 | CU59: =AG59 -> 0 | CV59: =AH59 -> 0 | CW59: =AI59 -> 0 | CX59: =AJ59 -> 0 | CY59: =(((S59+R59)*AT59)/100) -> 0 | CZ59: =(((S59+R59)*AU59)/100) -> 0 | DN59: 0 | DO59: 0 | DP59: 1 | DQ59: 1 | DU59: 1010 | DV59: шт. | DW59: шт. | DX59: 1 | EE59: 16510488 | EF59: 2 | EG59: Общестроительные работы | EH59: 0 | EJ59: 1 | EK59: 11001 | EL59: Полы | EM59: ФЕР-11 | EQ59: 0 | ER59: 0 | ES59: 0 | ET59: 0 | EU59: 0 | EV59: 0 | EW59: 0 | EX59: 0 | FQ59: 0 | FR59: =ROUND(IF(AND(BH59=3,BI59=3),P59,0),2) -> 0 | FS59: 0 | FT59: *0,9 | FU59: *0,85 | FX59: 110.7 | FY59: 63.75 | GD59: 0 | GF59: 457303772 | GG59: 1 | GH59: 1 | GI59: 4 | GJ59: 0 | GK59: =ROUND(R59*(R12)/100,2) -> 0 | GL59: =ROUND(IF(AND(BH59=3,BI59=3,FS59<>0),P59,0),2) -> 0 | GM59: =ROUND(O59+X59+Y59+GK59,2)+GX59 -> 0 | GN59: =IF(OR(BI59=0,BI59=1),ROUND(O59+X59+Y59+GK59,2),0) -> 0 | GO59: =IF(BI59=2,ROUND(O59+X59+Y59+GK59,2),0) -> 0 | GP59: =IF(BI59=4,ROUND(O59+X59+Y59+GK59,2)+GX59,0) -> 0 | GR59: 0 | GS59: 3 | GT59: 0 | GV59: =ROUND((GT59),2) -> 0 | GW59: 1 | GX59: =ROUND(HC59*I59,2) -> 0 | HA59: 0 | HB59: 0 | HC59: =GV59*GW59 -> 0 | IK59: 0
A60: 18 | B60: 1 | C60: 104 | E60: 18,4 | F60: 11.3.03.14-0011 | G60: Заглушки торцевая для пластикового плинтуса правая, высота 48 мм | H60: 100 шт. | I60: =I56*J60 -> 0.07 | J60: 0.073221757 | O60: =ROUND(CP60,2) -> 29.59 | P60: =ROUND(CQ60*I60,2) -> 29.59 | Q60: =ROUND(CR60*I60,2) -> 0 | R60: =ROUND(CS60*I60,2) -> 0 | S60: =ROUND(CT60*I60,2) -> 0 | T60: =ROUND(CU60*I60,2) -> 0 | U60: =CV60*I60 -> 0 | V60: =CW60*I60 -> 0 | W60: =ROUND(CX60*I60,2) -> 0 | X60: =ROUND(CY60,2) -> 0 | Y60: =ROUND(CZ60,2) -> 0 | AA60: 16812721 | AB60: =ROUND((AC60+AD60+AF60),2) -> 63 | AC60: =ROUND((ES60),2) -> 63 | AD60: =ROUND((((ET60)-(EU60))+AE60),2) -> 0 | AE60: =ROUND((EU60),2) -> 0 | AF60: =ROUND((EV60),2) -> 0 | AG60: =ROUND((AP60),2) -> 0 | AH60: =(EW60) -> 0 | AI60: =(EX60) -> 0 | AJ60: =(AS60) -> 0 | AK60: 63 | AL60: 63 | AM60: 0 | AN60: 0 | AO60: 0 | AP60: 0 | AQ60: 0 | AR60: 0 | AS60: 0 | AT60: 111 | AU60: 64 | AV60: 1 | AW60: 1 | AZ60: 6.71 | BA60: 1 | BB60: 1 | BC60: 6.71 | BH60: 3 | BI60: 1 | BJ60: ФССЦ-2001, 11.3.03.14-0011, приказ Минстроя России №1039/пр от 30.12.2016г. | BM60: 11001 | BN60: 0 | BP60: 0 | BQ60: 2 | BR60: 0 | BS60: 1 | BT60: 1 | BU60: 1 | BV60: 1 | BW60: 1 | BX60: 1 | BZ60: 123 | CA60: 75 | CE60: 0 | CF60: 0 | CG60: 0 | CM60: 0 | CO60: 0 | CP60: =(P60+Q60+S60) -> 29.59 | CQ60: =AC60*BC60 -> 422.73 | CR60: =AD60*BB60 -> 0 | CS60: =AE60*BS60 -> 0 | CT60: =AF60*BA60 -> 0 | CU60: =AG60 -> 0 | CV60: =AH60 -> 0 | CW60: =AI60 -> 0 | CX60: =AJ60 -> 0 | CY60: =(((S60+R60)*AT60)/100) -> 0 | CZ60: =(((S60+R60)*AU60)/100) -> 0 | DN60: 0 | DO60: 0 | DP60: 1 | DQ60: 1 | DU60: 1010 | DV60: 100 шт. | DW60: 100 шт. | DX60: 100 | EE60: 16510488 | EF60: 2 | EG60: Общестроительные работы | EH60: 0 | EJ60: 1 | EK60: 11001 | EL60: Полы | EM60: ФЕР-11 | EQ60: 0 | ER60: 63 | ES60: 63 | ET60: 0 | EU60: 0 | EV60: 0 | EW60: 0 | EX60: 0 | FQ60: 0 | FR60: =ROUND(IF(AND(BH60=3,BI60=3),P60,0),2) -> 0 | FS60: 0 | FT60: *0,9 | FU60: *0,85 | FX60: 110.7 | FY60: 63.75 | GD60: 0 | GF60: 1906340979 | GG60: 1 | GH60: 1 | GI60: 4 | GJ60: 0 | GK60: =ROUND(R60*(R12)/100,2) -> 0 | GL60: =ROUND(IF(AND(BH60=3,BI60=3,FS60<>0),P60,0),2) -> 0 | GM60: =ROUND(O60+X60+Y60+GK60,2)+GX60 -> 29.59 | GN60: =IF(OR(BI60=0,BI60=1),ROUND(O60+X60+Y60+GK60,2),0) -> 29.59 | GO60: =IF(BI60=2,ROUND(O60+X60+Y60+GK60,2),0) -> 0 | GP60: =IF(BI60=4,ROUND(O60+X60+Y60+GK60,2)+GX60,0) -> 0 | GR60: 0 | GS60: 0 | GT60: 0 | GV60: =ROUND((GT60),2) -> 0 | GW60: 1 | GX60: =ROUND(HC60*I60,2) -> 0 | HA60: 0 | HB60: 0 | HC60: =GV60*GW60 -> 0 | IK60: 0
A61: 18 | B61: 1 | C61: 103 | E61: 18,5 | F61: 11.3.03.14-0001 | G61: Заглушка торцевая для пластикового плинтуса левая, высота 48 мм | H61: 100 шт. | I61: =I56*J61 -> 0.07 | J61: 0.073221757 | O61: =ROUND(CP61,2) -> 29.59 | P61: =ROUND(CQ61*I61,2) -> 29.59 | Q61: =ROUND(CR61*I61,2) -> 0 | R61: =ROUND(CS61*I61,2) -> 0 | S61: =ROUND(CT61*I61,2) -> 0 | T61: =ROUND(CU61*I61,2) -> 0 | U61: =CV61*I61 -> 0 | V61: =CW61*I61 -> 0 | W61: =ROUND(CX61*I61,2) -> 0 | X61: =ROUND(CY61,2) -> 0 | Y61: =ROUND(CZ61,2) -> 0 | AA61: 16812721 | AB61: =ROUND((AC61+AD61+AF61),2) -> 63 | AC61: =ROUND((ES61),2) -> 63 | AD61: =ROUND((((ET61)-(EU61))+AE61),2) -> 0 | AE61: =ROUND((EU61),2) -> 0 | AF61: =ROUND((EV61),2) -> 0 | AG61: =ROUND((AP61),2) -> 0 | AH61: =(EW61) -> 0 | AI61: =(EX61) -> 0 | AJ61: =(AS61) -> 0 | AK61: 63 | AL61: 63 | AM61: 0 | AN61: 0 | AO61: 0 | AP61: 0 | AQ61: 0 | AR61: 0 | AS61: 0 | AT61: 111 | AU61: 64 | AV61: 1 | AW61: 1 | AZ61: 6.71 | BA61: 1 | BB61: 1 | BC61: 6.71 | BH61: 3 | BI61: 1 | BJ61: ФССЦ-2001, 11.3.03.14-0001, приказ Минстроя России №1039/пр от 30.12.2016г. | BM61: 11001 | BN61: 0 | BP61: 0 | BQ61: 2 | BR61: 0 | BS61: 1 | BT61: 1 | BU61: 1 | BV61: 1 | BW61: 1 | BX61: 1 | BZ61: 123 | CA61: 75 | CE61: 0 | CF61: 0 | CG61: 0 | CM61: 0 | CO61: 0 | CP61: =(P61+Q61+S61) -> 29.59 | CQ61: =AC61*BC61 -> 422.73 | CR61: =AD61*BB61 -> 0 | CS61: =AE61*BS61 -> 0 | CT61: =AF61*BA61 -> 0 | CU61: =AG61 -> 0 | CV61: =AH61 -> 0 | CW61: =AI61 -> 0 | CX61: =AJ61 -> 0 | CY61: =(((S61+R61)*AT61)/100) -> 0 | CZ61: =(((S61+R61)*AU61)/100) -> 0 | DN61: 0 | DO61: 0 | DP61: 1 | DQ61: 1 | DU61: 1010 | DV61: 100 шт. | DW61: 100 шт. | DX61: 100 | EE61: 16510488 | EF61: 2 | EG61: Общестроительные работы | EH61: 0 | EJ61: 1 | EK61: 11001 | EL61: Полы | EM61: ФЕР-11 | EQ61: 0 | ER61: 63 | ES61: 63 | ET61: 0 | EU61: 0 | EV61: 0 | EW61: 0 | EX61: 0 | FQ61: 0 | FR61: =ROUND(IF(AND(BH61=3,BI61=3),P61,0),2) -> 0 | FS61: 0 | FT61: *0,9 | FU61: *0,85 | FX61: 110.7 | FY61: 63.75 | GD61: 0 | GF61: 1345842772 | GG61: 1 | GH61: 1 | GI61: 4 | GJ61: 0 | GK61: =ROUND(R61*(R12)/100,2) -> 0 | GL61: =ROUND(IF(AND(BH61=3,BI61=3,FS61<>0),P61,0),2) -> 0 | GM61: =ROUND(O61+X61+Y61+GK61,2)+GX61 -> 29.59 | GN61: =IF(OR(BI61=0,BI61=1),ROUND(O61+X61+Y61+GK61,2),0) -> 29.59 | GO61: =IF(BI61=2,ROUND(O61+X61+Y61+GK61,2),0) -> 0 | GP61: =IF(BI61=4,ROUND(O61+X61+Y61+GK61,2)+GX61,0) -> 0 | GR61: 0 | GS61: 0 | GT61: 0 | GV61: =ROUND((GT61),2) -> 0 | GW61: 1 | GX61: =ROUND(HC61*I61,2) -> 0 | HA61: 0 | HB61: 0 | HC61: =GV61*GW61 -> 0 | IK61: 0
A62: 18 | B62: 1 | C62: 105 | E62: 18,6 | F62: 11.3.03.14-0021 | G62: Соединитель для пластикового плинтуса, высота 48 мм | H62: 100 шт. | I62: =I56*J62 -> 0.38 | J62: 0.39748954 | O62: =ROUND(CP62,2) -> 326.37 | P62: =ROUND(CQ62*I62,2) -> 326.37 | Q62: =ROUND(CR62*I62,2) -> 0 | R62: =ROUND(CS62*I62,2) -> 0 | S62: =ROUND(CT62*I62,2) -> 0 | T62: =ROUND(CU62*I62,2) -> 0 | U62: =CV62*I62 -> 0 | V62: =CW62*I62 -> 0 | W62: =ROUND(CX62*I62,2) -> 0 | X62: =ROUND(CY62,2) -> 0 | Y62: =ROUND(CZ62,2) -> 0 | AA62: 16812721 | AB62: =ROUND((AC62+AD62+AF62),2) -> 128 | AC62: =ROUND((ES62),2) -> 128 | AD62: =ROUND((((ET62)-(EU62))+AE62),2) -> 0 | AE62: =ROUND((EU62),2) -> 0 | AF62: =ROUND((EV62),2) -> 0 | AG62: =ROUND((AP62),2) -> 0 | AH62: =(EW62) -> 0 | AI62: =(EX62) -> 0 | AJ62: =(AS62) -> 0 | AK62: 128 | AL62: 128 | AM62: 0 | AN62: 0 | AO62: 0 | AP62: 0 | AQ62: 0 | AR62: 0 | AS62: 0 | AT62: 111 | AU62: 64 | AV62: 1 | AW62: 1 | AZ62: 6.71 | BA62: 1 | BB62: 1 | BC62: 6.71 | BH62: 3 | BI62: 1 | BJ62: ФССЦ-2001, 11.3.03.14-0021, приказ Минстроя России №1039/пр от 30.12.2016г. | BM62: 11001 | BN62: 0 | BP62: 0 | BQ62: 2 | BR62: 0 | BS62: 1 | BT62: 1 | BU62: 1 | BV62: 1 | BW62: 1 | BX62: 1 | BZ62: 123 | CA62: 75 | CE62: 0 | CF62: 0 | CG62: 0 | CM62: 0 | CO62: 0 | CP62: =(P62+Q62+S62) -> 326.37 | CQ62: =AC62*BC62 -> 858.88 | CR62: =AD62*BB62 -> 0 | CS62: =AE62*BS62 -> 0 | CT62: =AF62*BA62 -> 0 | CU62: =AG62 -> 0 | CV62: =AH62 -> 0 | CW62: =AI62 -> 0 | CX62: =AJ62 -> 0 | CY62: =(((S62+R62)*AT62)/100) -> 0 | CZ62: =(((S62+R62)*AU62)/100) -> 0 | DN62: 0 | DO62: 0 | DP62: 1 | DQ62: 1 | DU62: 1010 | DV62: 100 шт. | DW62: 100 шт. | DX62: 100 | EE62: 16510488 | EF62: 2 | EG62: Общестроительные работы | EH62: 0 | EJ62: 1 | EK62: 11001 | EL62: Полы | EM62: ФЕР-11 | EQ62: 0 | ER62: 128 | ES62: 128 | ET62: 0 | EU62: 0 | EV62: 0 | EW62: 0 | EX62: 0 | FQ62: 0 | FR62: =ROUND(IF(AND(BH62=3,BI62=3),P62,0),2) -> 0 | FS62: 0 | FT62: *0,9 | FU62: *0,85 | FX62: 110.7 | FY62: 63.75 | GD62: 0 | GF62: 848075668 | GG62: 1 | GH62: 1 | GI62: 4 | GJ62: 0 | GK62: =ROUND(R62*(R12)/100,2) -> 0 | GL62: =ROUND(IF(AND(BH62=3,BI62=3,FS62<>0),P62,0),2) -> 0 | GM62: =ROUND(O62+X62+Y62+GK62,2)+GX62 -> 326.37 | GN62: =IF(OR(BI62=0,BI62=1),ROUND(O62+X62+Y62+GK62,2),0) -> 326.37 | GO62: =IF(BI62=2,ROUND(O62+X62+Y62+GK62,2),0) -> 0 | GP62: =IF(BI62=4,ROUND(O62+X62+Y62+GK62,2)+GX62,0) -> 0 | GR62: 0 | GS62: 0 | GT62: 0 | GV62: =ROUND((GT62),2) -> 0 | GW62: 1 | GX62: =ROUND(HC62*I62,2) -> 0 | HA62: 0 | HB62: 0 | HC62: =GV62*GW62 -> 0 | IK62: 0
A63: 18 | B63: 1 | C63: 106 | E63: 18,7 | F63: 11.3.03.14-0031 | G63: Уголок внутренний для пластикового плинтуса, высота 48 мм | H63: 100 шт. | I63: =I56*J63 -> 0.06 | J63: 0.062761506 | O63: =ROUND(CP63,2) -> 51.53 | P63: =ROUND(CQ63*I63,2) -> 51.53 | Q63: =ROUND(CR63*I63,2) -> 0 | R63: =ROUND(CS63*I63,2) -> 0 | S63: =ROUND(CT63*I63,2) -> 0 | T63: =ROUND(CU63*I63,2) -> 0 | U63: =CV63*I63 -> 0 | V63: =CW63*I63 -> 0 | W63: =ROUND(CX63*I63,2) -> 0 | X63: =ROUND(CY63,2) -> 0 | Y63: =ROUND(CZ63,2) -> 0 | AA63: 16812721 | AB63: =ROUND((AC63+AD63+AF63),2) -> 128 | AC63: =ROUND((ES63),2) -> 128 | AD63: =ROUND((((ET63)-(EU63))+AE63),2) -> 0 | AE63: =ROUND((EU63),2) -> 0 | AF63: =ROUND((EV63),2) -> 0 | AG63: =ROUND((AP63),2) -> 0 | AH63: =(EW63) -> 0 | AI63: =(EX63) -> 0 | AJ63: =(AS63) -> 0 | AK63: 128 | AL63: 128 | AM63: 0 | AN63: 0 | AO63: 0 | AP63: 0 | AQ63: 0 | AR63: 0 | AS63: 0 | AT63: 111 | AU63: 64 | AV63: 1 | AW63: 1 | AZ63: 6.71 | BA63: 1 | BB63: 1 | BC63: 6.71 | BH63: 3 | BI63: 1 | BJ63: ФССЦ-2001, 11.3.03.14-0031, приказ Минстроя России №1039/пр от 30.12.2016г. | BM63: 11001 | BN63: 0 | BP63: 0 | BQ63: 2 | BR63: 0 | BS63: 1 | BT63: 1 | BU63: 1 | BV63: 1 | BW63: 1 | BX63: 1 | BZ63: 123 | CA63: 75 | CE63: 0 | CF63: 0 | CG63: 0 | CM63: 0 | CO63: 0 | CP63: =(P63+Q63+S63) -> 51.53 | CQ63: =AC63*BC63 -> 858.88 | CR63: =AD63*BB63 -> 0 | CS63: =AE63*BS63 -> 0 | CT63: =AF63*BA63 -> 0 | CU63: =AG63 -> 0 | CV63: =AH63 -> 0 | CW63: =AI63 -> 0 | CX63: =AJ63 -> 0 | CY63: =(((S63+R63)*AT63)/100) -> 0 | CZ63: =(((S63+R63)*AU63)/100) -> 0 | DN63: 0 | DO63: 0 | DP63: 1 | DQ63: 1 | DU63: 1010 | DV63: 100 шт. | DW63: 100 шт. | DX63: 100 | EE63: 16510488 | EF63: 2 | EG63: Общестроительные работы | EH63: 0 | EJ63: 1 | EK63: 11001 | EL63: Полы | EM63: ФЕР-11 | EQ63: 0 | ER63: 128 | ES63: 128 | ET63: 0 | EU63: 0 | EV63: 0 | EW63: 0 | EX63: 0 | FQ63: 0 | FR63: =ROUND(IF(AND(BH63=3,BI63=3),P63,0),2) -> 0 | FS63: 0 | FT63: *0,9 | FU63: *0,85 | FX63: 110.7 | FY63: 63.75 | GD63: 0 | GF63: 1508644261 | GG63: 1 | GH63: 1 | GI63: 4 | GJ63: 0 | GK63: =ROUND(R63*(R12)/100,2) -> 0 | GL63: =ROUND(IF(AND(BH63=3,BI63=3,FS63<>0),P63,0),2) -> 0 | GM63: =ROUND(O63+X63+Y63+GK63,2)+GX63 -> 51.53 | GN63: =IF(OR(BI63=0,BI63=1),ROUND(O63+X63+Y63+GK63,2),0) -> 51.53 | GO63: =IF(BI63=2,ROUND(O63+X63+Y63+GK63,2),0) -> 0 | GP63: =IF(BI63=4,ROUND(O63+X63+Y63+GK63,2)+GX63,0) -> 0 | GR63: 0 | GS63: 0 | GT63: 0 | GV63: =ROUND((GT63),2) -> 0 | GW63: 1 | GX63: =ROUND(HC63*I63,2) -> 0 | HA63: 0 | HB63: 0 | HC63: =GV63*GW63 -> 0 | IK63: 0
A64: 18 | B64: 1 | C64: 107 | E64: 18,8 | F64: 11.3.03.14-0033 | G64: Уголок наружный для пластикового плинтуса, высота 48 мм | H64: 100 шт. | I64: =I56*J64 -> 0.06 | J64: 0.062761506 | O64: =ROUND(CP64,2) -> 51.53 | P64: =ROUND(CQ64*I64,2) -> 51.53 | Q64: =ROUND(CR64*I64,2) -> 0 | R64: =ROUND(CS64*I64,2) -> 0 | S64: =ROUND(CT64*I64,2) -> 0 | T64: =ROUND(CU64*I64,2) -> 0 | U64: =CV64*I64 -> 0 | V64: =CW64*I64 -> 0 | W64: =ROUND(CX64*I64,2) -> 0 | X64: =ROUND(CY64,2) -> 0 | Y64: =ROUND(CZ64,2) -> 0 | AA64: 16812721 | AB64: =ROUND((AC64+AD64+AF64),2) -> 128 | AC64: =ROUND((ES64),2) -> 128 | AD64: =ROUND((((ET64)-(EU64))+AE64),2) -> 0 | AE64: =ROUND((EU64),2) -> 0 | AF64: =ROUND((EV64),2) -> 0 | AG64: =ROUND((AP64),2) -> 0 | AH64: =(EW64) -> 0 | AI64: =(EX64) -> 0 | AJ64: =(AS64) -> 0 | AK64: 128 | AL64: 128 | AM64: 0 | AN64: 0 | AO64: 0 | AP64: 0 | AQ64: 0 | AR64: 0 | AS64: 0 | AT64: 111 | AU64: 64 | AV64: 1 | AW64: 1 | AZ64: 6.71 | BA64: 1 | BB64: 1 | BC64: 6.71 | BH64: 3 | BI64: 1 | BJ64: ФССЦ-2001, 11.3.03.14-0033, приказ Минстроя России №1039/пр от 30.12.2016г. | BM64: 11001 | BN64: 0 | BP64: 0 | BQ64: 2 | BR64: 0 | BS64: 1 | BT64: 1 | BU64: 1 | BV64: 1 | BW64: 1 | BX64: 1 | BZ64: 123 | CA64: 75 | CE64: 0 | CF64: 0 | CG64: 0 | CM64: 0 | CO64: 0 | CP64: =(P64+Q64+S64) -> 51.53 | CQ64: =AC64*BC64 -> 858.88 | CR64: =AD64*BB64 -> 0 | CS64: =AE64*BS64 -> 0 | CT64: =AF64*BA64 -> 0 | CU64: =AG64 -> 0 | CV64: =AH64 -> 0 | CW64: =AI64 -> 0 | CX64: =AJ64 -> 0 | CY64: =(((S64+R64)*AT64)/100) -> 0 | CZ64: =(((S64+R64)*AU64)/100) -> 0 | DN64: 0 | DO64: 0 | DP64: 1 | DQ64: 1 | DU64: 1010 | DV64: 100 шт. | DW64: 100 шт. | DX64: 100 | EE64: 16510488 | EF64: 2 | EG64: Общестроительные работы | EH64: 0 | EJ64: 1 | EK64: 11001 | EL64: Полы | EM64: ФЕР-11 | EQ64: 0 | ER64: 128 | ES64: 128 | ET64: 0 | EU64: 0 | EV64: 0 | EW64: 0 | EX64: 0 | FQ64: 0 | FR64: =ROUND(IF(AND(BH64=3,BI64=3),P64,0),2) -> 0 | FS64: 0 | FT64: *0,9 | FU64: *0,85 | FX64: 110.7 | FY64: 63.75 | GD64: 0 | GF64: -1530028590 | GG64: 1 | GH64: 1 | GI64: 4 | GJ64: 0 | GK64: =ROUND(R64*(R12)/100,2) -> 0 | GL64: =ROUND(IF(AND(BH64=3,BI64=3,FS64<>0),P64,0),2) -> 0 | GM64: =ROUND(O64+X64+Y64+GK64,2)+GX64 -> 51.53 | GN64: =IF(OR(BI64=0,BI64=1),ROUND(O64+X64+Y64+GK64,2),0) -> 51.53 | GO64: =IF(BI64=2,ROUND(O64+X64+Y64+GK64,2),0) -> 0 | GP64: =IF(BI64=4,ROUND(O64+X64+Y64+GK64,2)+GX64,0) -> 0 | GR64: 0 | GS64: 0 | GT64: 0 | GV64: =ROUND((GT64),2) -> 0 | GW64: 1 | GX64: =ROUND(HC64*I64,2) -> 0 | HA64: 0 | HB64: 0 | HC64: =GV64*GW64 -> 0 | IK64: 0
A65: 18 | B65: 1 | C65: 99 | E65: 18,9 | F65: 11.3.03.14 | G65: Уголок внутренний для пластикового плинтуса | H65: шт. | I65: =I56*J65 -> 6.674165 | J65: 6.9813441 | O65: =ROUND(CP65,2) -> 0 | P65: =ROUND(CQ65*I65,2) -> 0 | Q65: =ROUND(CR65*I65,2) -> 0 | R65: =ROUND(CS65*I65,2) -> 0 | S65: =ROUND(CT65*I65,2) -> 0 | T65: =ROUND(CU65*I65,2) -> 0 | U65: =CV65*I65 -> 0 | V65: =CW65*I65 -> 0 | W65: =ROUND(CX65*I65,2) -> 0 | X65: =ROUND(CY65,2) -> 0 | Y65: =ROUND(CZ65,2) -> 0 | AA65: 16812721 | AB65: =ROUND((AC65+AD65+AF65),2) -> 0 | AC65: =ROUND((ES65),2) -> 0 | AD65: =ROUND((((ET65)-(EU65))+AE65),2) -> 0 | AE65: =ROUND((EU65),2) -> 0 | AF65: =ROUND((EV65),2) -> 0 | AG65: =ROUND((AP65),2) -> 0 | AH65: =(EW65) -> 0 | AI65: =(EX65) -> 0 | AJ65: =(AS65) -> 0 | AK65: 0 | AL65: 0 | AM65: 0 | AN65: 0 | AO65: 0 | AP65: 0 | AQ65: 0 | AR65: 0 | AS65: 0 | AT65: 111 | AU65: 64 | AV65: 1 | AW65: 1 | AZ65: 6.71 | BA65: 1 | BB65: 1 | BC65: 6.71 | BH65: 3 | BI65: 1 | BM65: 11001 | BN65: 0 | BP65: 0 | BQ65: 2 | BR65: 0 | BS65: 1 | BT65: 1 | BU65: 1 | BV65: 1 | BW65: 1 | BX65: 1 | BZ65: 123 | CA65: 75 | CE65: 0 | CF65: 0 | CG65: 0 | CM65: 0 | CO65: 0 | CP65: =(P65+Q65+S65) -> 0 | CQ65: =AC65*BC65 -> 0 | CR65: =AD65*BB65 -> 0 | CS65: =AE65*BS65 -> 0 | CT65: =AF65*BA65 -> 0 | CU65: =AG65 -> 0 | CV65: =AH65 -> 0 | CW65: =AI65 -> 0 | CX65: =AJ65 -> 0 | CY65: =(((S65+R65)*AT65)/100) -> 0 | CZ65: =(((S65+R65)*AU65)/100) -> 0 | DN65: 0 | DO65: 0 | DP65: 1 | DQ65: 1 | DU65: 1010 | DV65: шт. | DW65: шт. | DX65: 1 | EE65: 16510488 | EF65: 2 | EG65: Общестроительные работы | EH65: 0 | EJ65: 1 | EK65: 11001 | EL65: Полы | EM65: ФЕР-11 | EQ65: 0 | ER65: 0 | ES65: 0 | ET65: 0 | EU65: 0 | EV65: 0 | EW65: 0 | EX65: 0 | FQ65: 0 | FR65: =ROUND(IF(AND(BH65=3,BI65=3),P65,0),2) -> 0 | FS65: 0 | FT65: *0,9 | FU65: *0,85 | FX65: 110.7 | FY65: 63.75 | GD65: 0 | GF65: 119324816 | GG65: 1 | GH65: 1 | GI65: 4 | GJ65: 0 | GK65: =ROUND(R65*(R12)/100,2) -> 0 | GL65: =ROUND(IF(AND(BH65=3,BI65=3,FS65<>0),P65,0),2) -> 0 | GM65: =ROUND(O65+X65+Y65+GK65,2)+GX65 -> 0 | GN65: =IF(OR(BI65=0,BI65=1),ROUND(O65+X65+Y65+GK65,2),0) -> 0 | GO65: =IF(BI65=2,ROUND(O65+X65+Y65+GK65,2),0) -> 0 | GP65: =IF(BI65=4,ROUND(O65+X65+Y65+GK65,2)+GX65,0) -> 0 | GR65: 0 | GS65: 3 | GT65: 0 | GV65: =ROUND((GT65),2) -> 0 | GW65: 1 | GX65: =ROUND(HC65*I65,2) -> 0 | HA65: 0 | HB65: 0 | HC65: =GV65*GW65 -> 0 | IK65: 0
A66: 18 | B66: 1 | C66: 100 | E66: 18,10 | F66: 11.3.03.14 | G66: Соединитель для пластикового плинтуса | H66: шт. | I66: =I56*J66 -> 38.191056 | J66: 39.948803 | O66: =ROUND(CP66,2) -> 0 | P66: =ROUND(CQ66*I66,2) -> 0 | Q66: =ROUND(CR66*I66,2) -> 0 | R66: =ROUND(CS66*I66,2) -> 0 | S66: =ROUND(CT66*I66,2) -> 0 | T66: =ROUND(CU66*I66,2) -> 0 | U66: =CV66*I66 -> 0 | V66: =CW66*I66 -> 0 | W66: =ROUND(CX66*I66,2) -> 0 | X66: =ROUND(CY66,2) -> 0 | Y66: =ROUND(CZ66,2) -> 0 | AA66: 16812721 | AB66: =ROUND((AC66+AD66+AF66),2) -> 0 | AC66: =ROUND((ES66),2) -> 0 | AD66: =ROUND((((ET66)-(EU66))+AE66),2) -> 0 | AE66: =ROUND((EU66),2) -> 0 | AF66: =ROUND((EV66),2) -> 0 | AG66: =ROUND((AP66),2) -> 0 | AH66: =(EW66) -> 0 | AI66: =(EX66) -> 0 | AJ66: =(AS66) -> 0 | AK66: 0 | AL66: 0 | AM66: 0 | AN66: 0 | AO66: 0 | AP66: 0 | AQ66: 0 | AR66: 0 | AS66: 0 | AT66: 111 | AU66: 64 | AV66: 1 | AW66: 1 | AZ66: 6.71 | BA66: 1 | BB66: 1 | BC66: 6.71 | BH66: 3 | BI66: 1 | BM66: 11001 | BN66: 0 | BP66: 0 | BQ66: 2 | BR66: 0 | BS66: 1 | BT66: 1 | BU66: 1 | BV66: 1 | BW66: 1 | BX66: 1 | BZ66: 123 | CA66: 75 | CE66: 0 | CF66: 0 | CG66: 0 | CM66: 0 | CO66: 0 | CP66: =(P66+Q66+S66) -> 0 | CQ66: =AC66*BC66 -> 0 | CR66: =AD66*BB66 -> 0 | CS66: =AE66*BS66 -> 0 | CT66: =AF66*BA66 -> 0 | CU66: =AG66 -> 0 | CV66: =AH66 -> 0 | CW66: =AI66 -> 0 | CX66: =AJ66 -> 0 | CY66: =(((S66+R66)*AT66)/100) -> 0 | CZ66: =(((S66+R66)*AU66)/100) -> 0 | DN66: 0 | DO66: 0 | DP66: 1 | DQ66: 1 | DU66: 1010 | DV66: шт. | DW66: шт. | DX66: 1 | EE66: 16510488 | EF66: 2 | EG66: Общестроительные работы | EH66: 0 | EJ66: 1 | EK66: 11001 | EL66: Полы | EM66: ФЕР-11 | EQ66: 0 | ER66: 0 | ES66: 0 | ET66: 0 | EU66: 0 | EV66: 0 | EW66: 0 | EX66: 0 | FQ66: 0 | FR66: =ROUND(IF(AND(BH66=3,BI66=3),P66,0),2) -> 0 | FS66: 0 | FT66: *0,9 | FU66: *0,85 | FX66: 110.7 | FY66: 63.75 | GD66: 0 | GF66: 2133044040 | GG66: 1 | GH66: 1 | GI66: 4 | GJ66: 0 | GK66: =ROUND(R66*(R12)/100,2) -> 0 | GL66: =ROUND(IF(AND(BH66=3,BI66=3,FS66<>0),P66,0),2) -> 0 | GM66: =ROUND(O66+X66+Y66+GK66,2)+GX66 -> 0 | GN66: =IF(OR(BI66=0,BI66=1),ROUND(O66+X66+Y66+GK66,2),0) -> 0 | GO66: =IF(BI66=2,ROUND(O66+X66+Y66+GK66,2),0) -> 0 | GP66: =IF(BI66=4,ROUND(O66+X66+Y66+GK66,2)+GX66,0) -> 0 | GR66: 0 | GS66: 3 | GT66: 0 | GV66: =ROUND((GT66),2) -> 0 | GW66: 1 | GX66: =ROUND(HC66*I66,2) -> 0 | HA66: 0 | HB66: 0 | HC66: =GV66*GW66 -> 0 | IK66: 0
A67: 18 | B67: 1 | C67: 101 | E67: 18,11 | F67: 11.3.03.14 | G67: Заглушка торцевая для пластикового плинтуса левая | H67: шт. | I67: =I56*J67 -> 7.601132 | J67: 7.9509749 | O67: =ROUND(CP67,2) -> 0 | P67: =ROUND(CQ67*I67,2) -> 0 | Q67: =ROUND(CR67*I67,2) -> 0 | R67: =ROUND(CS67*I67,2) -> 0 | S67: =ROUND(CT67*I67,2) -> 0 | T67: =ROUND(CU67*I67,2) -> 0 | U67: =CV67*I67 -> 0 | V67: =CW67*I67 -> 0 | W67: =ROUND(CX67*I67,2) -> 0 | X67: =ROUND(CY67,2) -> 0 | Y67: =ROUND(CZ67,2) -> 0 | AA67: 16812721 | AB67: =ROUND((AC67+AD67+AF67),2) -> 0 | AC67: =ROUND((ES67),2) -> 0 | AD67: =ROUND((((ET67)-(EU67))+AE67),2) -> 0 | AE67: =ROUND((EU67),2) -> 0 | AF67: =ROUND((EV67),2) -> 0 | AG67: =ROUND((AP67),2) -> 0 | AH67: =(EW67) -> 0 | AI67: =(EX67) -> 0 | AJ67: =(AS67) -> 0 | AK67: 0 | AL67: 0 | AM67: 0 | AN67: 0 | AO67: 0 | AP67: 0 | AQ67: 0 | AR67: 0 | AS67: 0 | AT67: 111 | AU67: 64 | AV67: 1 | AW67: 1 | AZ67: 6.71 | BA67: 1 | BB67: 1 | BC67: 6.71 | BH67: 3 | BI67: 1 | BM67: 11001 | BN67: 0 | BP67: 0 | BQ67: 2 | BR67: 0 | BS67: 1 | BT67: 1 | BU67: 1 | BV67: 1 | BW67: 1 | BX67: 1 | BZ67: 123 | CA67: 75 | CE67: 0 | CF67: 0 | CG67: 0 | CM67: 0 | CO67: 0 | CP67: =(P67+Q67+S67) -> 0 | CQ67: =AC67*BC67 -> 0 | CR67: =AD67*BB67 -> 0 | CS67: =AE67*BS67 -> 0 | CT67: =AF67*BA67 -> 0 | CU67: =AG67 -> 0 | CV67: =AH67 -> 0 | CW67: =AI67 -> 0 | CX67: =AJ67 -> 0 | CY67: =(((S67+R67)*AT67)/100) -> 0 | CZ67: =(((S67+R67)*AU67)/100) -> 0 | DN67: 0 | DO67: 0 | DP67: 1 | DQ67: 1 | DU67: 1010 | DV67: шт. | DW67: шт. | DX67: 1 | EE67: 16510488 | EF67: 2 | EG67: Общестроительные работы | EH67: 0 | EJ67: 1 | EK67: 11001 | EL67: Полы | EM67: ФЕР-11 | EQ67: 0 | ER67: 0 | ES67: 0 | ET67: 0 | EU67: 0 | EV67: 0 | EW67: 0 | EX67: 0 | FQ67: 0 | FR67: =ROUND(IF(AND(BH67=3,BI67=3),P67,0),2) -> 0 | FS67: 0 | FT67: *0,9 | FU67: *0,85 | FX67: 110.7 | FY67: 63.75 | GD67: 0 | GF67: 1953413105 | GG67: 1 | GH67: 1 | GI67: 4 | GJ67: 0 | GK67: =ROUND(R67*(R12)/100,2) -> 0 | GL67: =ROUND(IF(AND(BH67=3,BI67=3,FS67<>0),P67,0),2) -> 0 | GM67: =ROUND(O67+X67+Y67+GK67,2)+GX67 -> 0 | GN67: =IF(OR(BI67=0,BI67=1),ROUND(O67+X67+Y67+GK67,2),0) -> 0 | GO67: =IF(BI67=2,ROUND(O67+X67+Y67+GK67,2),0) -> 0 | GP67: =IF(BI67=4,ROUND(O67+X67+Y67+GK67,2)+GX67,0) -> 0 | GR67: 0 | GS67: 3 | GT67: 0 | GV67: =ROUND((GT67),2) -> 0 | GW67: 1 | GX67: =ROUND(HC67*I67,2) -> 0 | HA67: 0 | HB67: 0 | HC67: =GV67*GW67 -> 0 | IK67: 0
A68: 18 | B68: 1 | C68: 102 | E68: 18,12 | F68: 11.3.03.14 | G68: Заглушка торцевая для пластикового плинтуса правая | H68: шт. | I68: =I56*J68 -> 7.601132 | J68: 7.9509749 | O68: =ROUND(CP68,2) -> 0 | P68: =ROUND(CQ68*I68,2) -> 0 | Q68: =ROUND(CR68*I68,2) -> 0 | R68: =ROUND(CS68*I68,2) -> 0 | S68: =ROUND(CT68*I68,2) -> 0 | T68: =ROUND(CU68*I68,2) -> 0 | U68: =CV68*I68 -> 0 | V68: =CW68*I68 -> 0 | W68: =ROUND(CX68*I68,2) -> 0 | X68: =ROUND(CY68,2) -> 0 | Y68: =ROUND(CZ68,2) -> 0 | AA68: 16812721 | AB68: =ROUND((AC68+AD68+AF68),2) -> 0 | AC68: =ROUND((ES68),2) -> 0 | AD68: =ROUND((((ET68)-(EU68))+AE68),2) -> 0 | AE68: =ROUND((EU68),2) -> 0 | AF68: =ROUND((EV68),2) -> 0 | AG68: =ROUND((AP68),2) -> 0 | AH68: =(EW68) -> 0 | AI68: =(EX68) -> 0 | AJ68: =(AS68) -> 0 | AK68: 0 | AL68: 0 | AM68: 0 | AN68: 0 | AO68: 0 | AP68: 0 | AQ68: 0 | AR68: 0 | AS68: 0 | AT68: 111 | AU68: 64 | AV68: 1 | AW68: 1 | AZ68: 6.71 | BA68: 1 | BB68: 1 | BC68: 6.71 | BH68: 3 | BI68: 1 | BM68: 11001 | BN68: 0 | BP68: 0 | BQ68: 2 | BR68: 0 | BS68: 1 | BT68: 1 | BU68: 1 | BV68: 1 | BW68: 1 | BX68: 1 | BZ68: 123 | CA68: 75 | CE68: 0 | CF68: 0 | CG68: 0 | CM68: 0 | CO68: 0 | CP68: =(P68+Q68+S68) -> 0 | CQ68: =AC68*BC68 -> 0 | CR68: =AD68*BB68 -> 0 | CS68: =AE68*BS68 -> 0 | CT68: =AF68*BA68 -> 0 | CU68: =AG68 -> 0 | CV68: =AH68 -> 0 | CW68: =AI68 -> 0 | CX68: =AJ68 -> 0 | CY68: =(((S68+R68)*AT68)/100) -> 0 | CZ68: =(((S68+R68)*AU68)/100) -> 0 | DN68: 0 | DO68: 0 | DP68: 1 | DQ68: 1 | DU68: 1010 | DV68: шт. | DW68: шт. | DX68: 1 | EE68: 16510488 | EF68: 2 | EG68: Общестроительные работы | EH68: 0 | EJ68: 1 | EK68: 11001 | EL68: Полы | EM68: ФЕР-11 | EQ68: 0 | ER68: 0 | ES68: 0 | ET68: 0 | EU68: 0 | EV68: 0 | EW68: 0 | EX68: 0 | FQ68: 0 | FR68: =ROUND(IF(AND(BH68=3,BI68=3),P68,0),2) -> 0 | FS68: 0 | FT68: *0,9 | FU68: *0,85 | FX68: 110.7 | FY68: 63.75 | GD68: 0 | GF68: -333106949 | GG68: 1 | GH68: 1 | GI68: 4 | GJ68: 0 | GK68: =ROUND(R68*(R12)/100,2) -> 0 | GL68: =ROUND(IF(AND(BH68=3,BI68=3,FS68<>0),P68,0),2) -> 0 | GM68: =ROUND(O68+X68+Y68+GK68,2)+GX68 -> 0 | GN68: =IF(OR(BI68=0,BI68=1),ROUND(O68+X68+Y68+GK68,2),0) -> 0 | GO68: =IF(BI68=2,ROUND(O68+X68+Y68+GK68,2),0) -> 0 | GP68: =IF(BI68=4,ROUND(O68+X68+Y68+GK68,2)+GX68,0) -> 0 | GR68: 0 | GS68: 3 | GT68: 0 | GV68: =ROUND((GT68),2) -> 0 | GW68: 1 | GX68: =ROUND(HC68*I68,2) -> 0 | HA68: 0 | HB68: 0 | HC68: =GV68*GW68 -> 0 | IK68: 0
A69: 17 | B69: 1 | C69: =ROW(SmtRes!A112) -> 112 | D69: =ROW(EtalonRes!A115) -> 115 | E69: 19 | F69: 11-01-049-01 | G69: Укладка металлического накладного профиля (порога) | H69: 100 м | I69: =ROUND(5.4/100,9) -> 0.054 | J69: 0 | O69: =ROUND(CP69,2) -> 89.73 | P69: =ROUND(CQ69*I69,2) -> 29.13 | Q69: =ROUND(CR69*I69,2) -> 0 | R69: =ROUND(CS69*I69,2) -> 0 | S69: =ROUND(CT69*I69,2) -> 60.6 | T69: =ROUND(CU69*I69,2) -> 0 | U69: =CV69*I69 -> 1.033344 | V69: =CW69*I69 -> 0 | W69: =ROUND(CX69*I69,2) -> 0 | X69: =ROUND(CY69,2) -> 67.27 | Y69: =ROUND(CZ69,2) -> 38.78 | AA69: 16812721 | AB69: =ROUND((AC69+AD69+AF69),2) -> 247.64 | AC69: =ROUND((ES69),2) -> 80.4 | AD69: =ROUND(((((ET69*1.25))-((EU69*1.25)))+AE69),2) -> 0 | AE69: =ROUND(((EU69*1.25)),2) -> 0 | AF69: =ROUND(((EV69*1.15)),2) -> 167.24 | AG69: =ROUND((AP69),2) -> 0 | AH69: =((EW69*1.15)) -> 19.136 | AI69: =((EX69*1.25)) -> 0 | AJ69: =(AS69) -> 0 | AK69: 225.83 | AL69: 80.4 | AM69: 0 | AN69: 0 | AO69: 145.43 | AP69: 0 | AQ69: 16.64 | AR69: 0 | AS69: 0 | AT69: 111 | AU69: 64 | AV69: 1 | AW69: 1 | AZ69: 6.71 | BA69: 6.71 | BB69: 6.71 | BC69: 6.71 | BH69: 0 | BI69: 1 | BJ69: ФЕР-2001, 11-01-049-01, приказ Минстроя России №1039/пр от 30.12.2016г. | BM69: 11001 | BN69: 0 | BP69: 0 | BQ69: 2 | BR69: 0 | BS69: 6.71 | BT69: 1 | BU69: 1 | BV69: 1 | BW69: 1 | BX69: 1 | BZ69: 123 | CA69: 75 | CE69: 0 | CF69: 0 | CG69: 0 | CM69: 0 | CN69: Поправка: МДС 81-35.2004, п.4.7 Наименование: Работы, выполняемые при реконструкции зданий и сооружений работы, аналогичные технологическим процессам в новом строительстве (в том числе возведение новых конструктивных элементов) стоимость которых определена по соответствующим сборникам ФЕР, кроме сборника № 46 «Работы при реконструкции зданий и сооружений» | CO69: 0 | CP69: =(P69+Q69+S69) -> 89.73 | CQ69: =AC69*BC69 -> 539.484 | CR69: =AD69*BB69 -> 0 | CS69: =AE69*BS69 -> 0 | CT69: =AF69*BA69 -> 1122.1804 | CU69: =AG69 -> 0 | CV69: =AH69 -> 19.136 | CW69: =AI69 -> 0 | CX69: =AJ69 -> 0 | CY69: =(((S69+R69)*AT69)/100) -> 67.266 | CZ69: =(((S69+R69)*AU69)/100) -> 38.784 | DE69: )*1,25 | DF69: )*1,25 | DG69: )*1,15 | DI69: )*1,15 | DJ69: )*1,25 | DN69: 0 | DO69: 0 | DP69: 1 | DQ69: 1 | DU69: 1003 | DV69: 100 м | DW69: 100 м | DX69: 100 | EE69: 16510488 | EF69: 2 | EG69: Общестроительные работы | EH69: 0 | EJ69: 1 | EK69: 11001 | EL69: Полы | EM69: ФЕР-11 | EO69: Поправка: МДС 81-35.2004, п.4.7 | EQ69: 131072 | ER69: 225.83 | ES69: 80.4 | ET69: 0 | EU69: 0 | EV69: 145.43 | EW69: 16.64 | EX69: 0 | EY69: 0 | FQ69: 0 | FR69: =ROUND(IF(AND(BH69=3,BI69=3),P69,0),2) -> 0 | FS69: 0 | FT69: *0,9 | FU69: *0,85 | FX69: 110.7 | FY69: 63.75 | GD69: 0 | GF69: 30217037 | GG69: 1 | GH69: 1 | GI69: 4 | GJ69: 0 | GK69: =ROUND(R69*(R12)/100,2) -> 0 | GL69: =ROUND(IF(AND(BH69=3,BI69=3,FS69<>0),P69,0),2) -> 0 | GM69: =ROUND(O69+X69+Y69+GK69,2)+GX69 -> 195.78 | GN69: =IF(OR(BI69=0,BI69=1),ROUND(O69+X69+Y69+GK69,2),0) -> 195.78 | GO69: =IF(BI69=2,ROUND(O69+X69+Y69+GK69,2),0) -> 0 | GP69: =IF(BI69=4,ROUND(O69+X69+Y69+GK69,2)+GX69,0) -> 0 | GR69: 0 | GS69: 0 | GT69: 0 | GV69: =ROUND((GT69),2) -> 0 | GW69: 1 | GX69: =ROUND(HC69*I69,2) -> 0 | HA69: 0 | HB69: 0 | HC69: =GV69*GW69 -> 0 | IK69: 0
A70: 18 | B70: 1 | C70: 112 | E70: 19,1 | F70: 09.2.03.02-0002 | G70: Профили стыкоперекрывающие из алюминиевых сплавов (порожки) с покрытием и антискользящей вставкой, шириной 39 мм, длиной до 1,8 м | H70: шт. | I70: =I69*J70 -> 3 | J70: 55.555556 | O70: =ROUND(CP70,2) -> 629.67 | P70: =ROUND(CQ70*I70,2) -> 629.67 | Q70: =ROUND(CR70*I70,2) -> 0 | R70: =ROUND(CS70*I70,2) -> 0 | S70: =ROUND(CT70*I70,2) -> 0 | T70: =ROUND(CU70*I70,2) -> 0 | U70: =CV70*I70 -> 0 | V70: =CW70*I70 -> 0 | W70: =ROUND(CX70*I70,2) -> 0 | X70: =ROUND(CY70,2) -> 0 | Y70: =ROUND(CZ70,2) -> 0 | AA70: 16812721 | AB70: =ROUND((AC70+AD70+AF70),2) -> 31.28 | AC70: =ROUND((ES70),2) -> 31.28 | AD70: =ROUND((((ET70)-(EU70))+AE70),2) -> 0 | AE70: =ROUND((EU70),2) -> 0 | AF70: =ROUND((EV70),2) -> 0 | AG70: =ROUND((AP70),2) -> 0 | AH70: =(EW70) -> 0 | AI70: =(EX70) -> 0 | AJ70: =(AS70) -> 0 | AK70: 31.28 | AL70: 31.28 | AM70: 0 | AN70: 0 | AO70: 0 | AP70: 0 | AQ70: 0 | AR70: 0 | AS70: 0 | AT70: 111 | AU70: 64 | AV70: 1 | AW70: 1 | AZ70: 6.71 | BA70: 1 | BB70: 1 | BC70: 6.71 | BH70: 3 | BI70: 1 | BJ70: ФССЦ-2001, 09.2.03.02-0002, приказ Минстроя России №1039/пр от 30.12.2016г. | BM70: 11001 | BN70: 0 | BP70: 0 | BQ70: 2 | BR70: 0 | BS70: 1 | BT70: 1 | BU70: 1 | BV70: 1 | BW70: 1 | BX70: 1 | BZ70: 123 | CA70: 75 | CE70: 0 | CF70: 0 | CG70: 0 | CM70: 0 | CO70: 0 | CP70: =(P70+Q70+S70) -> 629.67 | CQ70: =AC70*BC70 -> 209.8888 | CR70: =AD70*BB70 -> 0 | CS70: =AE70*BS70 -> 0 | CT70: =AF70*BA70 -> 0 | CU70: =AG70 -> 0 | CV70: =AH70 -> 0 | CW70: =AI70 -> 0 | CX70: =AJ70 -> 0 | CY70: =(((S70+R70)*AT70)/100) -> 0 | CZ70: =(((S70+R70)*AU70)/100) -> 0 | DN70: 0 | DO70: 0 | DP70: 1 | DQ70: 1 | DU70: 1010 | DV70: шт. | DW70: шт. | DX70: 1 | EE70: 16510488 | EF70: 2 | EG70: Общестроительные работы | EH70: 0 | EJ70: 1 | EK70: 11001 | EL70: Полы | EM70: ФЕР-11 | EQ70: 0 | ER70: 31.28 | ES70: 31.28 | ET70: 0 | EU70: 0 | EV70: 0 | EW70: 0 | EX70: 0 | FQ70: 0 | FR70: =ROUND(IF(AND(BH70=3,BI70=3),P70,0),2) -> 0 | FS70: 0 | FT70: *0,9 | FU70: *0,85 | FX70: 110.7 | FY70: 63.75 | GD70: 0 | GF70: 577992781 | GG70: 1 | GH70: 1 | GI70: 4 | GJ70: 0 | GK70: =ROUND(R70*(R12)/100,2) -> 0 | GL70: =ROUND(IF(AND(BH70=3,BI70=3,FS70<>0),P70,0),2) -> 0 | GM70: =ROUND(O70+X70+Y70+GK70,2)+GX70 -> 629.67 | GN70: =IF(OR(BI70=0,BI70=1),ROUND(O70+X70+Y70+GK70,2),0) -> 629.67 | GO70: =IF(BI70=2,ROUND(O70+X70+Y70+GK70,2),0) -> 0 | GP70: =IF(BI70=4,ROUND(O70+X70+Y70+GK70,2)+GX70,0) -> 0 | GR70: 0 | GS70: 0 | GT70: 0 | GV70: =ROUND((GT70),2) -> 0 | GW70: 1 | GX70: =ROUND(HC70*I70,2) -> 0 | HA70: 0 | HB70: 0 | HC70: =GV70*GW70 -> 0 | IK70: 0
A71: 18 | B71: 1 | C71: 111 | E71: 19,2 | F71: 09.2.03.02-0001 | G71: Профили стыкоперекрывающие из алюминиевых сплавов (порожки) с покрытием и антискользящей вставкой, шириной 39 мм, длиной 0,9 м | H71: шт. | I71: =I69*J71 -> 1 | J71: 18.518519 | O71: =ROUND(CP71,2) -> 101.12 | P71: =ROUND(CQ71*I71,2) -> 101.12 | Q71: =ROUND(CR71*I71,2) -> 0 | R71: =ROUND(CS71*I71,2) -> 0 | S71: =ROUND(CT71*I71,2) -> 0 | T71: =ROUND(CU71*I71,2) -> 0 | U71: =CV71*I71 -> 0 | V71: =CW71*I71 -> 0 | W71: =ROUND(CX71*I71,2) -> 0 | X71: =ROUND(CY71,2) -> 0 | Y71: =ROUND(CZ71,2) -> 0 | AA71: 16812721 | AB71: =ROUND((AC71+AD71+AF71),2) -> 15.07 | AC71: =ROUND((ES71),2) -> 15.07 | AD71: =ROUND((((ET71)-(EU71))+AE71),2) -> 0 | AE71: =ROUND((EU71),2) -> 0 | AF71: =ROUND((EV71),2) -> 0 | AG71: =ROUND((AP71),2) -> 0 | AH71: =(EW71) -> 0 | AI71: =(EX71) -> 0 | AJ71: =(AS71) -> 0 | AK71: 15.07 | AL71: 15.07 | AM71: 0 | AN71: 0 | AO71: 0 | AP71: 0 | AQ71: 0 | AR71: 0 | AS71: 0 | AT71: 111 | AU71: 64 | AV71: 1 | AW71: 1 | AZ71: 6.71 | BA71: 1 | BB71: 1 | BC71: 6.71 | BH71: 3 | BI71: 1 | BJ71: ФССЦ-2001, 09.2.03.02-0001, приказ Минстроя России №1039/пр от 30.12.2016г. | BM71: 11001 | BN71: 0 | BP71: 0 | BQ71: 2 | BR71: 0 | BS71: 1 | BT71: 1 | BU71: 1 | BV71: 1 | BW71: 1 | BX71: 1 | BZ71: 123 | CA71: 75 | CE71: 0 | CF71: 0 | CG71: 0 | CM71: 0 | CO71: 0 | CP71: =(P71+Q71+S71) -> 101.12 | CQ71: =AC71*BC71 -> 101.1197 | CR71: =AD71*BB71 -> 0 | CS71: =AE71*BS71 -> 0 | CT71: =AF71*BA71 -> 0 | CU71: =AG71 -> 0 | CV71: =AH71 -> 0 | CW71: =AI71 -> 0 | CX71: =AJ71 -> 0 | CY71: =(((S71+R71)*AT71)/100) -> 0 | CZ71: =(((S71+R71)*AU71)/100) -> 0 | DN71: 0 | DO71: 0 | DP71: 1 | DQ71: 1 | DU71: 1010 | DV71: шт. | DW71: шт. | DX71: 1 | EE71: 16510488 | EF71: 2 | EG71: Общестроительные работы | EH71: 0 | EJ71: 1 | EK71: 11001 | EL71: Полы | EM71: ФЕР-11 | EQ71: 0 | ER71: 15.07 | ES71: 15.07 | ET71: 0 | EU71: 0 | EV71: 0 | EW71: 0 | EX71: 0 | FQ71: 0 | FR71: =ROUND(IF(AND(BH71=3,BI71=3),P71,0),2) -> 0 | FS71: 0 | FT71: *0,9 | FU71: *0,85 | FX71: 110.7 | FY71: 63.75 | GD71: 0 | GF71: -1858633972 | GG71: 1 | GH71: 1 | GI71: 4 | GJ71: 0 | GK71: =ROUND(R71*(R12)/100,2) -> 0 | GL71: =ROUND(IF(AND(BH71=3,BI71=3,FS71<>0),P71,0),2) -> 0 | GM71: =ROUND(O71+X71+Y71+GK71,2)+GX71 -> 101.12 | GN71: =IF(OR(BI71=0,BI71=1),ROUND(O71+X71+Y71+GK71,2),0) -> 101.12 | GO71: =IF(BI71=2,ROUND(O71+X71+Y71+GK71,2),0) -> 0 | GP71: =IF(BI71=4,ROUND(O71+X71+Y71+GK71,2)+GX71,0) -> 0 | GR71: 0 | GS71: 0 | GT71: 0 | GV71: =ROUND((GT71),2) -> 0 | GW71: 1 | GX71: =ROUND(HC71*I71,2) -> 0 | HA71: 0 | HB71: 0 | HC71: =GV71*GW71 -> 0 | IK71: 0
A72: 18 | B72: 1 | C72: 110 | E72: 19,3 | F72: 09.2.03.02 | G72: Профили стыкоперекрывающие из алюминиевых сплавов (порожки) с покрытием | H72: м | I72: =I69*J72 -> 5.67 | J72: 105 | O72: =ROUND(CP72,2) -> 0 | P72: =ROUND(CQ72*I72,2) -> 0 | Q72: =ROUND(CR72*I72,2) -> 0 | R72: =ROUND(CS72*I72,2) -> 0 | S72: =ROUND(CT72*I72,2) -> 0 | T72: =ROUND(CU72*I72,2) -> 0 | U72: =CV72*I72 -> 0 | V72: =CW72*I72 -> 0 | W72: =ROUND(CX72*I72,2) -> 0 | X72: =ROUND(CY72,2) -> 0 | Y72: =ROUND(CZ72,2) -> 0 | AA72: 16812721 | AB72: =ROUND((AC72+AD72+AF72),2) -> 0 | AC72: =ROUND((ES72),2) -> 0 | AD72: =ROUND((((ET72)-(EU72))+AE72),2) -> 0 | AE72: =ROUND((EU72),2) -> 0 | AF72: =ROUND((EV72),2) -> 0 | AG72: =ROUND((AP72),2) -> 0 | AH72: =(EW72) -> 0 | AI72: =(EX72) -> 0 | AJ72: =(AS72) -> 0 | AK72: 0 | AL72: 0 | AM72: 0 | AN72: 0 | AO72: 0 | AP72: 0 | AQ72: 0 | AR72: 0 | AS72: 0 | AT72: 111 | AU72: 64 | AV72: 1 | AW72: 1 | AZ72: 6.71 | BA72: 1 | BB72: 1 | BC72: 6.71 | BH72: 3 | BI72: 1 | BM72: 11001 | BN72: 0 | BP72: 0 | BQ72: 2 | BR72: 0 | BS72: 1 | BT72: 1 | BU72: 1 | BV72: 1 | BW72: 1 | BX72: 1 | BZ72: 123 | CA72: 75 | CE72: 0 | CF72: 0 | CG72: 0 | CM72: 0 | CO72: 0 | CP72: =(P72+Q72+S72) -> 0 | CQ72: =AC72*BC72 -> 0 | CR72: =AD72*BB72 -> 0 | CS72: =AE72*BS72 -> 0 | CT72: =AF72*BA72 -> 0 | CU72: =AG72 -> 0 | CV72: =AH72 -> 0 | CW72: =AI72 -> 0 | CX72: =AJ72 -> 0 | CY72: =(((S72+R72)*AT72)/100) -> 0 | CZ72: =(((S72+R72)*AU72)/100) -> 0 | DN72: 0 | DO72: 0 | DP72: 1 | DQ72: 1 | DU72: 1003 | DV72: м | DW72: м | DX72: 1 | EE72: 16510488 | EF72: 2 | EG72: Общестроительные работы | EH72: 0 | EJ72: 1 | EK72: 11001 | EL72: Полы | EM72: ФЕР-11 | EQ72: 0 | ER72: 0 | ES72: 0 | ET72: 0 | EU72: 0 | EV72: 0 | EW72: 0 | EX72: 0 | FQ72: 0 | FR72: =ROUND(IF(AND(BH72=3,BI72=3),P72,0),2) -> 0 | FS72: 0 | FT72: *0,9 | FU72: *0,85 | FX72: 110.7 | FY72: 63.75 | GD72: 0 | GF72: 2101938969 | GG72: 1 | GH72: 1 | GI72: 4 | GJ72: 0 | GK72: =ROUND(R72*(R12)/100,2) -> 0 | GL72: =ROUND(IF(AND(BH72=3,BI72=3,FS72<>0),P72,0),2) -> 0 | GM72: =ROUND(O72+X72+Y72+GK72,2)+GX72 -> 0 | GN72: =IF(OR(BI72=0,BI72=1),ROUND(O72+X72+Y72+GK72,2),0) -> 0 | GO72: =IF(BI72=2,ROUND(O72+X72+Y72+GK72,2),0) -> 0 | GP72: =IF(BI72=4,ROUND(O72+X72+Y72+GK72,2)+GX72,0) -> 0 | GR72: 0 | GS72: 3 | GT72: 0 | GV72: =ROUND((GT72),2) -> 0 | GW72: 1 | GX72: =ROUND(HC72*I72,2) -> 0 | HA72: 0 | HB72: 0 | HC72: =GV72*GW72 -> 0 | IK72: 0
A73: 17 | B73: 1 | C73: =ROW(SmtRes!A117) -> 117 | D73: =ROW(EtalonRes!A120) -> 120 | E73: 20 | F73: 15-01-047-15 | G73: Устройство подвесных потолков типа <Армстронг> по каркасу из оцинкованного профиля | H73: 100 м2 | I73: =ROUND(131.9/100,9) -> 1.319 | J73: 0 | O73: =ROUND(CP73,2) -> 60615.94 | P73: =ROUND(CQ73*I73,2) -> 47220.9 | Q73: =ROUND(CR73*I73,2) -> 3592.33 | R73: =ROUND(CS73*I73,2) -> 701.31 | S73: =ROUND(CT73*I73,2) -> 9802.71 | T73: =ROUND(CU73*I73,2) -> 0 | U73: =CV73*I73 -> 155.41645 | V73: =CW73*I73 -> 8.804325 | W73: =ROUND(CX73*I73,2) -> 0 | X73: =ROUND(CY73,2) -> 9978.82 | Y73: =ROUND(CZ73,2) -> 4936.89 | AA73: 16812721 | AB73: =ROUND((AC73+AD73+AF73),2) -> 6848.88 | AC73: =ROUND((ES73),2) -> 5335.4 | AD73: =ROUND(((((ET73*1.25))-((EU73*1.25)))+AE73),2) -> 405.89 | AE73: =ROUND(((EU73*1.25)),2) -> 79.24 | AF73: =ROUND(((EV73*1.15)),2) -> 1107.59 | AG73: =ROUND((AP73),2) -> 0 | AH73: =((EW73*1.15)) -> 117.829 | AI73: =((EX73*1.25)) -> 6.675 | AJ73: =(AS73) -> 0 | AK73: 6623.23 | AL73: 5335.4 | AM73: 324.71 | AN73: 63.39 | AO73: 963.12 | AP73: 0 | AQ73: 102.46 | AR73: 5.34 | AS73: 0 | AT73: 95 | AU73: 47 | AV73: 1 | AW73: 1 | AZ73: 6.71 | BA73: 6.71 | BB73: 6.71 | BC73: 6.71 | BH73: 0 | BI73: 1 | BJ73: ФЕР-2001, 15-01-047-15, приказ Минстроя России №1039/пр от 30.12.2016г. | BM73: 15001 | BN73: 0 | BP73: 0 | BQ73: 2 | BR73: 0 | BS73: 6.71 | BT73: 1 | BU73: 1 | BV73: 1 | BW73: 1 | BX73: 1 | BZ73: 105 | CA73: 55 | CE73: 0 | CF73: 0 | CG73: 0 | CM73: 0 | CN73: Поправка: МДС 81-35.2004, п.4.7 Наименование: Работы, выполняемые при реконструкции зданий и сооружений работы, аналогичные технологическим процессам в новом строительстве (в том числе возведение новых конструктивных элементов) стоимость которых определена по соответствующим сборникам ФЕР, кроме сборника № 46 «Работы при реконструкции зданий и сооружений» | CO73: 0 | CP73: =(P73+Q73+S73) -> 60615.94 | CQ73: =AC73*BC73 -> 35800.534 | CR73: =AD73*BB73 -> 2723.5219 | CS73: =AE73*BS73 -> 531.7004 | CT73: =AF73*BA73 -> 7431.9289 | CU73: =AG73 -> 0 | CV73: =AH73 -> 117.829 | CW73: =AI73 -> 6.675 | CX73: =AJ73 -> 0 | CY73: =(((S73+R73)*AT73)/100) -> 9978.819 | CZ73: =(((S73+R73)*AU73)/100) -> 4936.8894 | DE73: )*1,25 | DF73: )*1,25 | DG73: )*1,15 | DI73: )*1,15 | DJ73: )*1,25 | DN73: 0 | DO73: 0 | DP73: 1 | DQ73: 1 | DU73: 1005 | DV73: 100 м2 | DW73: 100 м2 | DX73: 100 | EE73: 16510513 | EF73: 2 | EG73: Общестроительные работы | EH73: 0 | EJ73: 1 | EK73: 15001 | EL73: Отделочные работы | EM73: ФЕР-15 | EO73: Поправка: МДС 81-35.2004, п.4.7 | EQ73: 131072 | ER73: 6623.23 | ES73: 5335.4 | ET73: 324.71 | EU73: 63.39 | EV73: 963.12 | EW73: 102.46 | EX73: 5.34 | EY73: 0 | FQ73: 0 | FR73: =ROUND(IF(AND(BH73=3,BI73=3),P73,0),2) -> 0 | FS73: 0 | FT73: *0,9 | FU73: *0,85 | FX73: 94.5 | FY73: 46.75 | GD73: 0 | GF73: -59192285 | GG73: 1 | GH73: 1 | GI73: 4 | GJ73: 0 | GK73: =ROUND(R73*(R12)/100,2) -> 0 | GL73: =ROUND(IF(AND(BH73=3,BI73=3,FS73<>0),P73,0),2) -> 0 | GM73: =ROUND(O73+X73+Y73+GK73,2)+GX73 -> 75531.65 | GN73: =IF(OR(BI73=0,BI73=1),ROUND(O73+X73+Y73+GK73,2),0) -> 75531.65 | GO73: =IF(BI73=2,ROUND(O73+X73+Y73+GK73,2),0) -> 0 | GP73: =IF(BI73=4,ROUND(O73+X73+Y73+GK73,2)+GX73,0) -> 0 | GR73: 0 | GS73: 0 | GT73: 0 | GV73: =ROUND((GT73),2) -> 0 | GW73: 1 | GX73: =ROUND(HC73*I73,2) -> 0 | HA73: 0 | HB73: 0 | HC73: =GV73*GW73 -> 0 | IK73: 0
A74: 17 | B74: 1 | C74: =ROW(SmtRes!A135) -> 135 | D74: =ROW(EtalonRes!A135) -> 135 | E74: 21 | F74: 10-05-001-01 | G74: Устройство перегородок из гипсокартонных листов (ГКЛ) по системе «КНАУФ» с одинарным металлическим каркасом и однослойной обшивкой с обеих сторон (С 111) глухих(короб) | H74: 100 м2 | I74: =ROUND(1.5/100,9) -> 0.015 | J74: 0 | O74: =ROUND(CP74,2) -> 201.92 | P74: =ROUND(CQ74*I74,2) -> 96.67 | Q74: =ROUND(CR74*I74,2) -> 2.37 | R74: =ROUND(CS74*I74,2) -> 0 | S74: =ROUND(CT74*I74,2) -> 102.88 | T74: =ROUND(CU74*I74,2) -> 0 | U74: =CV74*I74 -> 1.6905 | V74: =CW74*I74 -> 0 | W74: =ROUND(CX74*I74,2) -> 0 | X74: =ROUND(CY74,2) -> 109.05 | Y74: =ROUND(CZ74,2) -> 55.56 | AA74: 16812721 | AB74: =ROUND((AC74+AD74+AF74),2) -> 2006.19 | AC74: =ROUND((ES74),2) -> 960.49 | AD74: =ROUND(((((ET74*1.25))-((EU74*1.25)))+AE74),2) -> 23.51 | AE74: =ROUND(((EU74*1.25)),2) -> 0 | AF74: =ROUND(((EV74*1.15)),2) -> 1022.19 | AG74: =ROUND((AP74),2) -> 0 | AH74: =((EW74*1.15)) -> 112.7 | AI74: =((EX74*1.25)) -> 0 | AJ74: =(AS74) -> 0 | AK74: 1868.16 | AL74: 960.49 | AM74: 18.81 | AN74: 0 | AO74: 888.86 | AP74: 0 | AQ74: 98 | AR74: 0 | AS74: 0 | AT74: 106 | AU74: 54 | AV74: 1 | AW74: 1 | AZ74: 6.71 | BA74: 6.71 | BB74: 6.71 | BC74: 6.71 | BH74: 0 | BI74: 1 | BJ74: ФЕР-2001, 10-05-001-01, приказ Минстроя России №1039/пр от 30.12.2016г. | BM74: 10001 | BN74: 0 | BP74: 0 | BQ74: 2 | BR74: 0 | BS74: 6.71 | BT74: 1 | BU74: 1 | BV74: 1 | BW74: 1 | BX74: 1 | BZ74: 118 | CA74: 63 | CE74: 0 | CF74: 0 | CG74: 0 | CM74: 0 | CN74: Поправка: МДС 81-35.2004, п.4.7 Наименование: Работы, выполняемые при реконструкции зданий и сооружений работы, аналогичные технологическим процессам в новом строительстве (в том числе возведение новых конструктивных элементов) стоимость которых определена по соответствующим сборникам ФЕР, кроме сборника № 46 «Работы при реконструкции зданий и сооружений» | CO74: 0 | CP74: =(P74+Q74+S74) -> 201.92 | CQ74: =AC74*BC74 -> 6444.8879 | CR74: =AD74*BB74 -> 157.7521 | CS74: =AE74*BS74 -> 0 | CT74: =AF74*BA74 -> 6858.8949 | CU74: =AG74 -> 0 | CV74: =AH74 -> 112.7 | CW74: =AI74 -> 0 | CX74: =AJ74 -> 0 | CY74: =(((S74+R74)*AT74)/100) -> 109.0528 | CZ74: =(((S74+R74)*AU74)/100) -> 55.5552 | DE74: )*1,25 | DF74: )*1,25 | DG74: )*1,15 | DI74: )*1,15 | DJ74: )*1,25 | DN74: 0 | DO74: 0 | DP74: 1 | DQ74: 1 | DU74: 1005 | DV74: 100 м2 | DW74: 100 м2 | DX74: 100 | EE74: 16510487 | EF74: 2 | EG74: Общестроительные работы | EH74: 0 | EJ74: 1 | EK74: 10001 | EL74: Деревянные конструкции | EM74: ФЕР-10 | EO74: Поправка: МДС 81-35.2004, п.4.7 | EQ74: 0 | ER74: 1868.16 | ES74: 960.49 | ET74: 18.81 | EU74: 0 | EV74: 888.86 | EW74: 98 | EX74: 0 | EY74: 0 | FQ74: 0 | FR74: =ROUND(IF(AND(BH74=3,BI74=3),P74,0),2) -> 0 | FS74: 0 | FT74: *0,9 | FU74: *0,85 | FX74: 106.2 | FY74: 53.55 | GD74: 0 | GF74: 125514936 | GG74: 1 | GH74: 1 | GI74: 4 | GJ74: 0 | GK74: =ROUND(R74*(R12)/100,2) -> 0 | GL74: =ROUND(IF(AND(BH74=3,BI74=3,FS74<>0),P74,0),2) -> 0 | GM74: =ROUND(O74+X74+Y74+GK74,2)+GX74 -> 366.53 | GN74: =IF(OR(BI74=0,BI74=1),ROUND(O74+X74+Y74+GK74,2),0) -> 366.53 | GO74: =IF(BI74=2,ROUND(O74+X74+Y74+GK74,2),0) -> 0 | GP74: =IF(BI74=4,ROUND(O74+X74+Y74+GK74,2)+GX74,0) -> 0 | GR74: 0 | GS74: 3 | GT74: 0 | GV74: =ROUND((GT74),2) -> 0 | GW74: 1 | GX74: =ROUND(HC74*I74,2) -> 0 | HA74: 0 | HB74: 0 | HC74: =GV74*GW74 -> 0 | IK74: 0
A75: 18 | B75: 1 | C75: 120 | E75: 21,1 | F75: 01.6.01.02 | G75: Листы гипсокартонные | H75: м2 | I75: =I74*J75 -> 3.15 | J75: 210 | O75: =ROUND(CP75,2) -> 0 | P75: =ROUND(CQ75*I75,2) -> 0 | Q75: =ROUND(CR75*I75,2) -> 0 | R75: =ROUND(CS75*I75,2) -> 0 | S75: =ROUND(CT75*I75,2) -> 0 | T75: =ROUND(CU75*I75,2) -> 0 | U75: =CV75*I75 -> 0 | V75: =CW75*I75 -> 0 | W75: =ROUND(CX75*I75,2) -> 0 | X75: =ROUND(CY75,2) -> 0 | Y75: =ROUND(CZ75,2) -> 0 | AA75: 16812721 | AB75: =ROUND((AC75+AD75+AF75),2) -> 0 | AC75: =ROUND((ES75),2) -> 0 | AD75: =ROUND((((ET75)-(EU75))+AE75),2) -> 0 | AE75: =ROUND((EU75),2) -> 0 | AF75: =ROUND((EV75),2) -> 0 | AG75: =ROUND((AP75),2) -> 0 | AH75: =(EW75) -> 0 | AI75: =(EX75) -> 0 | AJ75: =(AS75) -> 0 | AK75: 0 | AL75: 0 | AM75: 0 | AN75: 0 | AO75: 0 | AP75: 0 | AQ75: 0 | AR75: 0 | AS75: 0 | AT75: 106 | AU75: 54 | AV75: 1 | AW75: 1 | AZ75: 6.71 | BA75: 1 | BB75: 1 | BC75: 6.71 | BH75: 3 | BI75: 1 | BM75: 10001 | BN75: 0 | BP75: 0 | BQ75: 2 | BR75: 0 | BS75: 1 | BT75: 1 | BU75: 1 | BV75: 1 | BW75: 1 | BX75: 1 | BZ75: 118 | CA75: 63 | CE75: 0 | CF75: 0 | CG75: 0 | CM75: 0 | CO75: 0 | CP75: =(P75+Q75+S75) -> 0 | CQ75: =AC75*BC75 -> 0 | CR75: =AD75*BB75 -> 0 | CS75: =AE75*BS75 -> 0 | CT75: =AF75*BA75 -> 0 | CU75: =AG75 -> 0 | CV75: =AH75 -> 0 | CW75: =AI75 -> 0 | CX75: =AJ75 -> 0 | CY75: =(((S75+R75)*AT75)/100) -> 0 | CZ75: =(((S75+R75)*AU75)/100) -> 0 | DN75: 0 | DO75: 0 | DP75: 1 | DQ75: 1 | DU75: 1005 | DV75: м2 | DW75: м2 | DX75: 1 | EE75: 16510487 | EF75: 2 | EG75: Общестроительные работы | EH75: 0 | EJ75: 1 | EK75: 10001 | EL75: Деревянные конструкции | EM75: ФЕР-10 | EQ75: 0 | ER75: 0 | ES75: 0 | ET75: 0 | EU75: 0 | EV75: 0 | EW75: 0 | EX75: 0 | FQ75: 0 | FR75: =ROUND(IF(AND(BH75=3,BI75=3),P75,0),2) -> 0 | FS75: 0 | FT75: *0,9 | FU75: *0,85 | FX75: 106.2 | FY75: 53.55 | GD75: 0 | GF75: -354280000 | GG75: 1 | GH75: 1 | GI75: 4 | GJ75: 0 | GK75: =ROUND(R75*(R12)/100,2) -> 0 | GL75: =ROUND(IF(AND(BH75=3,BI75=3,FS75<>0),P75,0),2) -> 0 | GM75: =ROUND(O75+X75+Y75+GK75,2)+GX75 -> 0 | GN75: =IF(OR(BI75=0,BI75=1),ROUND(O75+X75+Y75+GK75,2),0) -> 0 | GO75: =IF(BI75=2,ROUND(O75+X75+Y75+GK75,2),0) -> 0 | GP75: =IF(BI75=4,ROUND(O75+X75+Y75+GK75,2)+GX75,0) -> 0 | GR75: 0 | GS75: 3 | GT75: 0 | GV75: =ROUND((GT75),2) -> 0 | GW75: 1 | GX75: =ROUND(HC75*I75,2) -> 0 | HA75: 0 | HB75: 0 | HC75: =GV75*GW75 -> 0 | IK75: 0
A76: 18 | B76: 1 | C76: 121 | E76: 21,2 | F76: 01.6.01.02-0006 | G76: Листы гипсокартонные ГКЛ 12,5 мм | H76: м2 | I76: =I74*J76 -> 3.15 | J76: 210 | O76: =ROUND(CP76,2) -> 317.05 | P76: =ROUND(CQ76*I76,2) -> 317.05 | Q76: =ROUND(CR76*I76,2) -> 0 | R76: =ROUND(CS76*I76,2) -> 0 | S76: =ROUND(CT76*I76,2) -> 0 | T76: =ROUND(CU76*I76,2) -> 0 | U76: =CV76*I76 -> 0 | V76: =CW76*I76 -> 0 | W76: =ROUND(CX76*I76,2) -> 0 | X76: =ROUND(CY76,2) -> 0 | Y76: =ROUND(CZ76,2) -> 0 | AA76: 16812721 | AB76: =ROUND((AC76+AD76+AF76),2) -> 15 | AC76: =ROUND((ES76),2) -> 15 | AD76: =ROUND((((ET76)-(EU76))+AE76),2) -> 0 | AE76: =ROUND((EU76),2) -> 0 | AF76: =ROUND((EV76),2) -> 0 | AG76: =ROUND((AP76),2) -> 0 | AH76: =(EW76) -> 0 | AI76: =(EX76) -> 0 | AJ76: =(AS76) -> 0 | AK76: 15 | AL76: 15 | AM76: 0 | AN76: 0 | AO76: 0 | AP76: 0 | AQ76: 0 | AR76: 0 | AS76: 0 | AT76: 106 | AU76: 54 | AV76: 1 | AW76: 1 | AZ76: 6.71 | BA76: 1 | BB76: 1 | BC76: 6.71 | BH76: 3 | BI76: 1 | BJ76: ФССЦ-2001, 01.6.01.02-0006, приказ Минстроя России №1039/пр от 30.12.2016г. | BM76: 10001 | BN76: 0 | BP76: 0 | BQ76: 2 | BR76: 0 | BS76: 1 | BT76: 1 | BU76: 1 | BV76: 1 | BW76: 1 | BX76: 1 | BZ76: 118 | CA76: 63 | CE76: 0 | CF76: 0 | CG76: 0 | CM76: 0 | CO76: 0 | CP76: =(P76+Q76+S76) -> 317.05 | CQ76: =AC76*BC76 -> 100.65 | CR76: =AD76*BB76 -> 0 | CS76: =AE76*BS76 -> 0 | CT76: =AF76*BA76 -> 0 | CU76: =AG76 -> 0 | CV76: =AH76 -> 0 | CW76: =AI76 -> 0 | CX76: =AJ76 -> 0 | CY76: =(((S76+R76)*AT76)/100) -> 0 | CZ76: =(((S76+R76)*AU76)/100) -> 0 | DN76: 0 | DO76: 0 | DP76: 1 | DQ76: 1 | DU76: 1005 | DV76: м2 | DW76: м2 | DX76: 1 | EE76: 16510487 | EF76: 2 | EG76: Общестроительные работы | EH76: 0 | EJ76: 1 | EK76: 10001 | EL76: Деревянные конструкции | EM76: ФЕР-10 | EQ76: 0 | ER76: 15 | ES76: 15 | ET76: 0 | EU76: 0 | EV76: 0 | EW76: 0 | EX76: 0 | FQ76: 0 | FR76: =ROUND(IF(AND(BH76=3,BI76=3),P76,0),2) -> 0 | FS76: 0 | FT76: *0,9 | FU76: *0,85 | FX76: 106.2 | FY76: 53.55 | GD76: 0 | GF76: 148619590 | GG76: 1 | GH76: 1 | GI76: 4 | GJ76: 0 | GK76: =ROUND(R76*(R12)/100,2) -> 0 | GL76: =ROUND(IF(AND(BH76=3,BI76=3,FS76<>0),P76,0),2) -> 0 | GM76: =ROUND(O76+X76+Y76+GK76,2)+GX76 -> 317.05 | GN76: =IF(OR(BI76=0,BI76=1),ROUND(O76+X76+Y76+GK76,2),0) -> 317.05 | GO76: =IF(BI76=2,ROUND(O76+X76+Y76+GK76,2),0) -> 0 | GP76: =IF(BI76=4,ROUND(O76+X76+Y76+GK76,2)+GX76,0) -> 0 | GR76: 0 | GS76: 3 | GT76: 0 | GV76: =ROUND((GT76),2) -> 0 | GW76: 1 | GX76: =ROUND(HC76*I76,2) -> 0 | HA76: 0 | HB76: 0 | HC76: =GV76*GW76 -> 0 | IK76: 0
A77: 18 | B77: 1 | C77: 123 | E77: 21,3 | F77: 01.7.06.01-0041 | G77: Лента эластичная самоклеящаяся для профилей направляющих «Дихтунгсбанд» 30/30000 мм | H77: м | I77: =I74*J77 -> 1.89 | J77: 126 | O77: =ROUND(CP77,2) -> 4.69 | P77: =ROUND(CQ77*I77,2) -> 4.69 | Q77: =ROUND(CR77*I77,2) -> 0 | R77: =ROUND(CS77*I77,2) -> 0 | S77: =ROUND(CT77*I77,2) -> 0 | T77: =ROUND(CU77*I77,2) -> 0 | U77: =CV77*I77 -> 0 | V77: =CW77*I77 -> 0 | W77: =ROUND(CX77*I77,2) -> 0 | X77: =ROUND(CY77,2) -> 0 | Y77: =ROUND(CZ77,2) -> 0 | AA77: 16812721 | AB77: =ROUND((AC77+AD77+AF77),2) -> 0.37 | AC77: =ROUND((ES77),2) -> 0.37 | AD77: =ROUND((((ET77)-(EU77))+AE77),2) -> 0 | AE77: =ROUND((EU77),2) -> 0 | AF77: =ROUND((EV77),2) -> 0 | AG77: =ROUND((AP77),2) -> 0 | AH77: =(EW77) -> 0 | AI77: =(EX77) -> 0 | AJ77: =(AS77) -> 0 | AK77: 0.37 | AL77: 0.37 | AM77: 0 | AN77: 0 | AO77: 0 | AP77: 0 | AQ77: 0 | AR77: 0 | AS77: 0 | AT77: 106 | AU77: 54 | AV77: 1 | AW77: 1 | AZ77: 6.71 | BA77: 1 | BB77: 1 | BC77: 6.71 | BH77: 3 | BI77: 1 | BJ77: ФССЦ-2001, 01.7.06.01-0041, приказ Минстроя России №1039/пр от 30.12.2016г. | BM77: 10001 | BN77: 0 | BP77: 0 | BQ77: 2 | BR77: 0 | BS77: 1 | BT77: 1 | BU77: 1 | BV77: 1 | BW77: 1 | BX77: 1 | BZ77: 118 | CA77: 63 | CE77: 0 | CF77: 0 | CG77: 0 | CM77: 0 | CO77: 0 | CP77: =(P77+Q77+S77) -> 4.69 | CQ77: =AC77*BC77 -> 2.4827 | CR77: =AD77*BB77 -> 0 | CS77: =AE77*BS77 -> 0 | CT77: =AF77*BA77 -> 0 | CU77: =AG77 -> 0 | CV77: =AH77 -> 0 | CW77: =AI77 -> 0 | CX77: =AJ77 -> 0 | CY77: =(((S77+R77)*AT77)/100) -> 0 | CZ77: =(((S77+R77)*AU77)/100) -> 0 | DN77: 0 | DO77: 0 | DP77: 1 | DQ77: 1 | DU77: 1003 | DV77: м | DW77: м | DX77: 1 | EE77: 16510487 | EF77: 2 | EG77: Общестроительные работы | EH77: 0 | EJ77: 1 | EK77: 10001 | EL77: Деревянные конструкции | EM77: ФЕР-10 | EQ77: 0 | ER77: 0.37 | ES77: 0.37 | ET77: 0 | EU77: 0 | EV77: 0 | EW77: 0 | EX77: 0 | FQ77: 0 | FR77: =ROUND(IF(AND(BH77=3,BI77=3),P77,0),2) -> 0 | FS77: 0 | FT77: *0,9 | FU77: *0,85 | FX77: 106.2 | FY77: 53.55 | GD77: 0 | GF77: 1872950600 | GG77: 1 | GH77: 1 | GI77: 4 | GJ77: 0 | GK77: =ROUND(R77*(R12)/100,2) -> 0 | GL77: =ROUND(IF(AND(BH77=3,BI77=3,FS77<>0),P77,0),2) -> 0 | GM77: =ROUND(O77+X77+Y77+GK77,2)+GX77 -> 4.69 | GN77: =IF(OR(BI77=0,BI77=1),ROUND(O77+X77+Y77+GK77,2),0) -> 4.69 | GO77: =IF(BI77=2,ROUND(O77+X77+Y77+GK77,2),0) -> 0 | GP77: =IF(BI77=4,ROUND(O77+X77+Y77+GK77,2)+GX77,0) -> 0 | GR77: 0 | GS77: 3 | GT77: 0 | GV77: =ROUND((GT77),2) -> 0 | GW77: 1 | GX77: =ROUND(HC77*I77,2) -> 0 | HA77: 0 | HB77: 0 | HC77: =GV77*GW77 -> 0 | IK77: 0
A78: 18 | B78: 1 | C78: 126 | E78: 21,4 | F78: 01.7.06.11 | G78: Лента уплотнительная типа Дихтунгсбанд | H78: м | I78: =I74*J78 -> 1.89 | J78: 126 | O78: =ROUND(CP78,2) -> 0 | P78: =ROUND(CQ78*I78,2) -> 0 | Q78: =ROUND(CR78*I78,2) -> 0 | R78: =ROUND(CS78*I78,2) -> 0 | S78: =ROUND(CT78*I78,2) -> 0 | T78: =ROUND(CU78*I78,2) -> 0 | U78: =CV78*I78 -> 0 | V78: =CW78*I78 -> 0 | W78: =ROUND(CX78*I78,2) -> 0 | X78: =ROUND(CY78,2) -> 0 | Y78: =ROUND(CZ78,2) -> 0 | AA78: 16812721 | AB78: =ROUND((AC78+AD78+AF78),2) -> 0 | AC78: =ROUND((ES78),2) -> 0 | AD78: =ROUND((((ET78)-(EU78))+AE78),2) -> 0 | AE78: =ROUND((EU78),2) -> 0 | AF78: =ROUND((EV78),2) -> 0 | AG78: =ROUND((AP78),2) -> 0 | AH78: =(EW78) -> 0 | AI78: =(EX78) -> 0 | AJ78: =(AS78) -> 0 | AK78: 0 | AL78: 0 | AM78: 0 | AN78: 0 | AO78: 0 | AP78: 0 | AQ78: 0 | AR78: 0 | AS78: 0 | AT78: 106 | AU78: 54 | AV78: 1 | AW78: 1 | AZ78: 6.71 | BA78: 1 | BB78: 1 | BC78: 6.71 | BH78: 3 | BI78: 1 | BM78: 10001 | BN78: 0 | BP78: 0 | BQ78: 2 | BR78: 0 | BS78: 1 | BT78: 1 | BU78: 1 | BV78: 1 | BW78: 1 | BX78: 1 | BZ78: 118 | CA78: 63 | CE78: 0 | CF78: 0 | CG78: 0 | CM78: 0 | CO78: 0 | CP78: =(P78+Q78+S78) -> 0 | CQ78: =AC78*BC78 -> 0 | CR78: =AD78*BB78 -> 0 | CS78: =AE78*BS78 -> 0 | CT78: =AF78*BA78 -> 0 | CU78: =AG78 -> 0 | CV78: =AH78 -> 0 | CW78: =AI78 -> 0 | CX78: =AJ78 -> 0 | CY78: =(((S78+R78)*AT78)/100) -> 0 | CZ78: =(((S78+R78)*AU78)/100) -> 0 | DN78: 0 | DO78: 0 | DP78: 1 | DQ78: 1 | DU78: 1003 | DV78: м | DW78: м | DX78: 1 | EE78: 16510487 | EF78: 2 | EG78: Общестроительные работы | EH78: 0 | EJ78: 1 | EK78: 10001 | EL78: Деревянные конструкции | EM78: ФЕР-10 | EQ78: 0 | ER78: 0 | ES78: 0 | ET78: 0 | EU78: 0 | EV78: 0 | EW78: 0 | EX78: 0 | FQ78: 0 | FR78: =ROUND(IF(AND(BH78=3,BI78=3),P78,0),2) -> 0 | FS78: 0 | FT78: *0,9 | FU78: *0,85 | FX78: 106.2 | FY78: 53.55 | GD78: 0 | GF78: -1225318320 | GG78: 1 | GH78: 1 | GI78: 4 | GJ78: 0 | GK78: =ROUND(R78*(R12)/100,2) -> 0 | GL78: =ROUND(IF(AND(BH78=3,BI78=3,FS78<>0),P78,0),2) -> 0 | GM78: =ROUND(O78+X78+Y78+GK78,2)+GX78 -> 0 | GN78: =IF(OR(BI78=0,BI78=1),ROUND(O78+X78+Y78+GK78,2),0) -> 0 | GO78: =IF(BI78=2,ROUND(O78+X78+Y78+GK78,2),0) -> 0 | GP78: =IF(BI78=4,ROUND(O78+X78+Y78+GK78,2)+GX78,0) -> 0 | GR78: 0 | GS78: 3 | GT78: 0 | GV78: =ROUND((GT78),2) -> 0 | GW78: 1 | GX78: =ROUND(HC78*I78,2) -> 0 | HA78: 0 | HB78: 0 | HC78: =GV78*GW78 -> 0 | IK78: 0
A79: 18 | B79: 1 | C79: 129 | E79: 21,5 | F79: 07.2.06.03 | G79: Профиль направляющий | H79: м | I79: =I74*J79 -> 2.265 | J79: 151 | O79: =ROUND(CP79,2) -> 0 | P79: =ROUND(CQ79*I79,2) -> 0 | Q79: =ROUND(CR79*I79,2) -> 0 | R79: =ROUND(CS79*I79,2) -> 0 | S79: =ROUND(CT79*I79,2) -> 0 | T79: =ROUND(CU79*I79,2) -> 0 | U79: =CV79*I79 -> 0 | V79: =CW79*I79 -> 0 | W79: =ROUND(CX79*I79,2) -> 0 | X79: =ROUND(CY79,2) -> 0 | Y79: =ROUND(CZ79,2) -> 0 | AA79: 16812721 | AB79: =ROUND((AC79+AD79+AF79),2) -> 0 | AC79: =ROUND((ES79),2) -> 0 | AD79: =ROUND((((ET79)-(EU79))+AE79),2) -> 0 | AE79: =ROUND((EU79),2) -> 0 | AF79: =ROUND((EV79),2) -> 0 | AG79: =ROUND((AP79),2) -> 0 | AH79: =(EW79) -> 0 | AI79: =(EX79) -> 0 | AJ79: =(AS79) -> 0 | AK79: 0 | AL79: 0 | AM79: 0 | AN79: 0 | AO79: 0 | AP79: 0 | AQ79: 0 | AR79: 0 | AS79: 0 | AT79: 106 | AU79: 54 | AV79: 1 | AW79: 1 | AZ79: 6.71 | BA79: 1 | BB79: 1 | BC79: 6.71 | BH79: 3 | BI79: 1 | BM79: 10001 | BN79: 0 | BP79: 0 | BQ79: 2 | BR79: 0 | BS79: 1 | BT79: 1 | BU79: 1 | BV79: 1 | BW79: 1 | BX79: 1 | BZ79: 118 | CA79: 63 | CE79: 0 | CF79: 0 | CG79: 0 | CM79: 0 | CO79: 0 | CP79: =(P79+Q79+S79) -> 0 | CQ79: =AC79*BC79 -> 0 | CR79: =AD79*BB79 -> 0 | CS79: =AE79*BS79 -> 0 | CT79: =AF79*BA79 -> 0 | CU79: =AG79 -> 0 | CV79: =AH79 -> 0 | CW79: =AI79 -> 0 | CX79: =AJ79 -> 0 | CY79: =(((S79+R79)*AT79)/100) -> 0 | CZ79: =(((S79+R79)*AU79)/100) -> 0 | DN79: 0 | DO79: 0 | DP79: 1 | DQ79: 1 | DU79: 1003 | DV79: м | DW79: м | DX79: 1 | EE79: 16510487 | EF79: 2 | EG79: Общестроительные работы | EH79: 0 | EJ79: 1 | EK79: 10001 | EL79: Деревянные конструкции | EM79: ФЕР-10 | EQ79: 0 | ER79: 0 | ES79: 0 | ET79: 0 | EU79: 0 | EV79: 0 | EW79: 0 | EX79: 0 | FQ79: 0 | FR79: =ROUND(IF(AND(BH79=3,BI79=3),P79,0),2) -> 0 | FS79: 0 | FT79: *0,9 | FU79: *0,85 | FX79: 106.2 | FY79: 53.55 | GD79: 0 | GF79: -543280927 | GG79: 1 | GH79: 1 | GI79: 4 | GJ79: 0 | GK79: =ROUND(R79*(R12)/100,2) -> 0 | GL79: =ROUND(IF(AND(BH79=3,BI79=3,FS79<>0),P79,0),2) -> 0 | GM79: =ROUND(O79+X79+Y79+GK79,2)+GX79 -> 0 | GN79: =IF(OR(BI79=0,BI79=1),ROUND(O79+X79+Y79+GK79,2),0) -> 0 | GO79: =IF(BI79=2,ROUND(O79+X79+Y79+GK79,2),0) -> 0 | GP79: =IF(BI79=4,ROUND(O79+X79+Y79+GK79,2)+GX79,0) -> 0 | GR79: 0 | GS79: 3 | GT79: 0 | GV79: =ROUND((GT79),2) -> 0 | GW79: 1 | GX79: =ROUND(HC79*I79,2) -> 0 | HA79: 0 | HB79: 0 | HC79: =GV79*GW79 -> 0 | IK79: 0
A80: 18 | B80: 1 | C80: 131 | E80: 21,6 | F80: 07.2.06.03-0111 | G80: Профиль направляющий ПН-2 50/30/0,6 | H80: м | I80: =I74*J80 -> 2.265 | J80: 151 | O80: =ROUND(CP80,2) -> 85.11 | P80: =ROUND(CQ80*I80,2) -> 85.11 | Q80: =ROUND(CR80*I80,2) -> 0 | R80: =ROUND(CS80*I80,2) -> 0 | S80: =ROUND(CT80*I80,2) -> 0 | T80: =ROUND(CU80*I80,2) -> 0 | U80: =CV80*I80 -> 0 | V80: =CW80*I80 -> 0 | W80: =ROUND(CX80*I80,2) -> 0 | X80: =ROUND(CY80,2) -> 0 | Y80: =ROUND(CZ80,2) -> 0 | AA80: 16812721 | AB80: =ROUND((AC80+AD80+AF80),2) -> 5.6 | AC80: =ROUND((ES80),2) -> 5.6 | AD80: =ROUND((((ET80)-(EU80))+AE80),2) -> 0 | AE80: =ROUND((EU80),2) -> 0 | AF80: =ROUND((EV80),2) -> 0 | AG80: =ROUND((AP80),2) -> 0 | AH80: =(EW80) -> 0 | AI80: =(EX80) -> 0 | AJ80: =(AS80) -> 0 | AK80: 5.6 | AL80: 5.6 | AM80: 0 | AN80: 0 | AO80: 0 | AP80: 0 | AQ80: 0 | AR80: 0 | AS80: 0 | AT80: 106 | AU80: 54 | AV80: 1 | AW80: 1 | AZ80: 6.71 | BA80: 1 | BB80: 1 | BC80: 6.71 | BH80: 3 | BI80: 1 | BJ80: ФССЦ-2001, 07.2.06.03-0111, приказ Минстроя России №1039/пр от 30.12.2016г. | BM80: 10001 | BN80: 0 | BP80: 0 | BQ80: 2 | BR80: 0 | BS80: 1 | BT80: 1 | BU80: 1 | BV80: 1 | BW80: 1 | BX80: 1 | BZ80: 118 | CA80: 63 | CE80: 0 | CF80: 0 | CG80: 0 | CM80: 0 | CO80: 0 | CP80: =(P80+Q80+S80) -> 85.11 | CQ80: =AC80*BC80 -> 37.576 | CR80: =AD80*BB80 -> 0 | CS80: =AE80*BS80 -> 0 | CT80: =AF80*BA80 -> 0 | CU80: =AG80 -> 0 | CV80: =AH80 -> 0 | CW80: =AI80 -> 0 | CX80: =AJ80 -> 0 | CY80: =(((S80+R80)*AT80)/100) -> 0 | CZ80: =(((S80+R80)*AU80)/100) -> 0 | DN80: 0 | DO80: 0 | DP80: 1 | DQ80: 1 | DU80: 1003 | DV80: м | DW80: м | DX80: 1 | EE80: 16510487 | EF80: 2 | EG80: Общестроительные работы | EH80: 0 | EJ80: 1 | EK80: 10001 | EL80: Деревянные конструкции | EM80: ФЕР-10 | EQ80: 0 | ER80: 5.6 | ES80: 5.6 | ET80: 0 | EU80: 0 | EV80: 0 | EW80: 0 | EX80: 0 | FQ80: 0 | FR80: =ROUND(IF(AND(BH80=3,BI80=3),P80,0),2) -> 0 | FS80: 0 | FT80: *0,9 | FU80: *0,85 | FX80: 106.2 | FY80: 53.55 | GD80: 0 | GF80: -177089874 | GG80: 1 | GH80: 1 | GI80: 4 | GJ80: 0 | GK80: =ROUND(R80*(R12)/100,2) -> 0 | GL80: =ROUND(IF(AND(BH80=3,BI80=3,FS80<>0),P80,0),2) -> 0 | GM80: =ROUND(O80+X80+Y80+GK80,2)+GX80 -> 85.11 | GN80: =IF(OR(BI80=0,BI80=1),ROUND(O80+X80+Y80+GK80,2),0) -> 85.11 | GO80: =IF(BI80=2,ROUND(O80+X80+Y80+GK80,2),0) -> 0 | GP80: =IF(BI80=4,ROUND(O80+X80+Y80+GK80,2)+GX80,0) -> 0 | GR80: 0 | GS80: 3 | GT80: 0 | GV80: =ROUND((GT80),2) -> 0 | GW80: 1 | GX80: =ROUND(HC80*I80,2) -> 0 | HA80: 0 | HB80: 0 | HC80: =GV80*GW80 -> 0 | IK80: 0
A81: 18 | B81: 1 | C81: 132 | E81: 21,7 | F81: 07.2.06.03-0194 | G81: Профиль стоечный ПС-2 50/35/0,55 | H81: м | I81: =I74*J81 -> 3.06 | J81: 204 | O81: =ROUND(CP81,2) -> 95.89 | P81: =ROUND(CQ81*I81,2) -> 95.89 | Q81: =ROUND(CR81*I81,2) -> 0 | R81: =ROUND(CS81*I81,2) -> 0 | S81: =ROUND(CT81*I81,2) -> 0 | T81: =ROUND(CU81*I81,2) -> 0 | U81: =CV81*I81 -> 0 | V81: =CW81*I81 -> 0 | W81: =ROUND(CX81*I81,2) -> 0 | X81: =ROUND(CY81,2) -> 0 | Y81: =ROUND(CZ81,2) -> 0 | AA81: 16812721 | AB81: =ROUND((AC81+AD81+AF81),2) -> 4.67 | AC81: =ROUND((ES81),2) -> 4.67 | AD81: =ROUND((((ET81)-(EU81))+AE81),2) -> 0 | AE81: =ROUND((EU81),2) -> 0 | AF81: =ROUND((EV81),2) -> 0 | AG81: =ROUND((AP81),2) -> 0 | AH81: =(EW81) -> 0 | AI81: =(EX81) -> 0 | AJ81: =(AS81) -> 0 | AK81: 4.67 | AL81: 4.67 | AM81: 0 | AN81: 0 | AO81: 0 | AP81: 0 | AQ81: 0 | AR81: 0 | AS81: 0 | AT81: 106 | AU81: 54 | AV81: 1 | AW81: 1 | AZ81: 6.71 | BA81: 1 | BB81: 1 | BC81: 6.71 | BH81: 3 | BI81: 1 | BJ81: ФССЦ-2001, 07.2.06.03-0194, приказ Минстроя России №1039/пр от 30.12.2016г. | BM81: 10001 | BN81: 0 | BP81: 0 | BQ81: 2 | BR81: 0 | BS81: 1 | BT81: 1 | BU81: 1 | BV81: 1 | BW81: 1 | BX81: 1 | BZ81: 118 | CA81: 63 | CE81: 0 | CF81: 0 | CG81: 0 | CM81: 0 | CO81: 0 | CP81: =(P81+Q81+S81) -> 95.89 | CQ81: =AC81*BC81 -> 31.3357 | CR81: =AD81*BB81 -> 0 | CS81: =AE81*BS81 -> 0 | CT81: =AF81*BA81 -> 0 | CU81: =AG81 -> 0 | CV81: =AH81 -> 0 | CW81: =AI81 -> 0 | CX81: =AJ81 -> 0 | CY81: =(((S81+R81)*AT81)/100) -> 0 | CZ81: =(((S81+R81)*AU81)/100) -> 0 | DN81: 0 | DO81: 0 | DP81: 1 | DQ81: 1 | DU81: 1003 | DV81: м | DW81: м | DX81: 1 | EE81: 16510487 | EF81: 2 | EG81: Общестроительные работы | EH81: 0 | EJ81: 1 | EK81: 10001 | EL81: Деревянные конструкции | EM81: ФЕР-10 | EQ81: 0 | ER81: 4.67 | ES81: 4.67 | ET81: 0 | EU81: 0 | EV81: 0 | EW81: 0 | EX81: 0 | FQ81: 0 | FR81: =ROUND(IF(AND(BH81=3,BI81=3),P81,0),2) -> 0 | FS81: 0 | FT81: *0,9 | FU81: *0,85 | FX81: 106.2 | FY81: 53.55 | GD81: 0 | GF81: 1234013250 | GG81: 1 | GH81: 1 | GI81: 4 | GJ81: 0 | GK81: =ROUND(R81*(R12)/100,2) -> 0 | GL81: =ROUND(IF(AND(BH81=3,BI81=3,FS81<>0),P81,0),2) -> 0 | GM81: =ROUND(O81+X81+Y81+GK81,2)+GX81 -> 95.89 | GN81: =IF(OR(BI81=0,BI81=1),ROUND(O81+X81+Y81+GK81,2),0) -> 95.89 | GO81: =IF(BI81=2,ROUND(O81+X81+Y81+GK81,2),0) -> 0 | GP81: =IF(BI81=4,ROUND(O81+X81+Y81+GK81,2)+GX81,0) -> 0 | GR81: 0 | GS81: 3 | GT81: 0 | GV81: =ROUND((GT81),2) -> 0 | GW81: 1 | GX81: =ROUND(HC81*I81,2) -> 0 | HA81: 0 | HB81: 0 | HC81: =GV81*GW81 -> 0 | IK81: 0
A82: 18 | B82: 1 | C82: 130 | E82: 21,8 | F82: 07.2.06.03 | G82: Профиль стоечный | H82: м | I82: =I74*J82 -> 3.06 | J82: 204 | O82: =ROUND(CP82,2) -> 0 | P82: =ROUND(CQ82*I82,2) -> 0 | Q82: =ROUND(CR82*I82,2) -> 0 | R82: =ROUND(CS82*I82,2) -> 0 | S82: =ROUND(CT82*I82,2) -> 0 | T82: =ROUND(CU82*I82,2) -> 0 | U82: =CV82*I82 -> 0 | V82: =CW82*I82 -> 0 | W82: =ROUND(CX82*I82,2) -> 0 | X82: =ROUND(CY82,2) -> 0 | Y82: =ROUND(CZ82,2) -> 0 | AA82: 16812721 | AB82: =ROUND((AC82+AD82+AF82),2) -> 0 | AC82: =ROUND((ES82),2) -> 0 | AD82: =ROUND((((ET82)-(EU82))+AE82),2) -> 0 | AE82: =ROUND((EU82),2) -> 0 | AF82: =ROUND((EV82),2) -> 0 | AG82: =ROUND((AP82),2) -> 0 | AH82: =(EW82) -> 0 | AI82: =(EX82) -> 0 | AJ82: =(AS82) -> 0 | AK82: 0 | AL82: 0 | AM82: 0 | AN82: 0 | AO82: 0 | AP82: 0 | AQ82: 0 | AR82: 0 | AS82: 0 | AT82: 106 | AU82: 54 | AV82: 1 | AW82: 1 | AZ82: 6.71 | BA82: 1 | BB82: 1 | BC82: 6.71 | BH82: 3 | BI82: 1 | BM82: 10001 | BN82: 0 | BP82: 0 | BQ82: 2 | BR82: 0 | BS82: 1 | BT82: 1 | BU82: 1 | BV82: 1 | BW82: 1 | BX82: 1 | BZ82: 118 | CA82: 63 | CE82: 0 | CF82: 0 | CG82: 0 | CM82: 0 | CO82: 0 | CP82: =(P82+Q82+S82) -> 0 | CQ82: =AC82*BC82 -> 0 | CR82: =AD82*BB82 -> 0 | CS82: =AE82*BS82 -> 0 | CT82: =AF82*BA82 -> 0 | CU82: =AG82 -> 0 | CV82: =AH82 -> 0 | CW82: =AI82 -> 0 | CX82: =AJ82 -> 0 | CY82: =(((S82+R82)*AT82)/100) -> 0 | CZ82: =(((S82+R82)*AU82)/100) -> 0 | DN82: 0 | DO82: 0 | DP82: 1 | DQ82: 1 | DU82: 1003 | DV82: м | DW82: м | DX82: 1 | EE82: 16510487 | EF82: 2 | EG82: Общестроительные работы | EH82: 0 | EJ82: 1 | EK82: 10001 | EL82: Деревянные конструкции | EM82: ФЕР-10 | EQ82: 0 | ER82: 0 | ES82: 0 | ET82: 0 | EU82: 0 | EV82: 0 | EW82: 0 | EX82: 0 | FQ82: 0 | FR82: =ROUND(IF(AND(BH82=3,BI82=3),P82,0),2) -> 0 | FS82: 0 | FT82: *0,9 | FU82: *0,85 | FX82: 106.2 | FY82: 53.55 | GD82: 0 | GF82: -200649644 | GG82: 1 | GH82: 1 | GI82: 4 | GJ82: 0 | GK82: =ROUND(R82*(R12)/100,2) -> 0 | GL82: =ROUND(IF(AND(BH82=3,BI82=3,FS82<>0),P82,0),2) -> 0 | GM82: =ROUND(O82+X82+Y82+GK82,2)+GX82 -> 0 | GN82: =IF(OR(BI82=0,BI82=1),ROUND(O82+X82+Y82+GK82,2),0) -> 0 | GO82: =IF(BI82=2,ROUND(O82+X82+Y82+GK82,2),0) -> 0 | GP82: =IF(BI82=4,ROUND(O82+X82+Y82+GK82,2)+GX82,0) -> 0 | GR82: 0 | GS82: 3 | GT82: 0 | GV82: =ROUND((GT82),2) -> 0 | GW82: 1 | GX82: =ROUND(HC82*I82,2) -> 0 | HA82: 0 | HB82: 0 | HC82: =GV82*GW82 -> 0 | IK82: 0
A83: 17 | B83: 1 | C83: =ROW(SmtRes!A141) -> 141 | D83: =ROW(EtalonRes!A140) -> 140 | E83: 22 | F83: 61-1-2 | G83: Сплошное выравнивание штукатурки стен цементно-известковым раствором при толщине намета до 10 мм | H83: 100 м2 | I83: =ROUND(268/100,9) -> 2.68 | J83: 0 | O83: =ROUND(CP83,2) -> 16578.88 | P83: =ROUND(CQ83*I83,2) -> 9887.48 | Q83: =ROUND(CR83*I83,2) -> 359.84 | R83: =ROUND(CS83*I83,2) -> 155.37 | S83: =ROUND(CT83*I83,2) -> 6331.56 | T83: =ROUND(CU83*I83,2) -> 0 | U83: =CV83*I83 -> 113.5516 | V83: =CW83*I83 -> 1.7152 | W83: =ROUND(CX83*I83,2) -> 0 | X83: =ROUND(CY83,2) -> 5124.67 | Y83: =ROUND(CZ83,2) -> 3243.47 | AA83: 16812721 | AB83: =ROUND((AC83+AD83+AF83),2) -> 921.93 | AC83: =ROUND((ES83),2) -> 549.83 | AD83: =ROUND((((ET83)-(EU83))+AE83),2) -> 20.01 | AE83: =ROUND((EU83),2) -> 8.64 | AF83: =ROUND((EV83),2) -> 352.09 | AG83: =ROUND((AP83),2) -> 0 | AH83: =(EW83) -> 42.37 | AI83: =(EX83) -> 0.64 | AJ83: =(AS83) -> 0 | AK83: 921.93 | AL83: 549.83 | AM83: 20.01 | AN83: 8.64 | AO83: 352.09 | AP83: 0 | AQ83: 42.37 | AR83: 0.64 | AS83: 0 | AT83: 79 | AU83: 50 | AV83: 1 | AW83: 1 | AZ83: 6.71 | BA83: 6.71 | BB83: 6.71 | BC83: 6.71 | BH83: 0 | BI83: 1 | BJ83: ФЕР-2001, 61-1-2, приказ Минстроя России №1039/пр от 30.12.2016г. | BM83: 61001 | BN83: 0 | BP83: 0 | BQ83: 6 | BR83: 0 | BS83: 6.71 | BT83: 1 | BU83: 1 | BV83: 1 | BW83: 1 | BX83: 1 | BZ83: 79 | CA83: 50 | CE83: 0 | CF83: 0 | CG83: 0 | CM83: 0 | CO83: 0 | CP83: =(P83+Q83+S83) -> 16578.88 | CQ83: =AC83*BC83 -> 3689.3593 | CR83: =AD83*BB83 -> 134.2671 | CS83: =AE83*BS83 -> 57.9744 | CT83: =AF83*BA83 -> 2362.5239 | CU83: =AG83 -> 0 | CV83: =AH83 -> 42.37 | CW83: =AI83 -> 0.64 | CX83: =AJ83 -> 0 | CY83: =(((S83+R83)*AT83)/100) -> 5124.6747 | CZ83: =(((S83+R83)*AU83)/100) -> 3243.465 | DN83: 0 | DO83: 0 | DP83: 1 | DQ83: 1 | DU83: 1005 | DV83: 100 м2 | DW83: 100 м2 | DX83: 100 | EE83: 16510570 | EF83: 6 | EG83: Ремонтно-строительные работы | EH83: 0 | EJ83: 1 | EK83: 61001 | EL83: Штукатрурные работы | EM83: рФЕР-61 | EQ83: 131072 | ER83: 921.93 | ES83: 549.83 | ET83: 20.01 | EU83: 8.64 | EV83: 352.09 | EW83: 42.37 | EX83: 0.64 | EY83: 0 | FQ83: 0 | FR83: =ROUND(IF(AND(BH83=3,BI83=3),P83,0),2) -> 0 | FS83: 0 | FX83: 79 | FY83: 50 | GD83: 0 | GF83: 651283125 | GG83: 1 | GH83: 1 | GI83: 4 | GJ83: 0 | GK83: =ROUND(R83*(R12)/100,2) -> 0 | GL83: =ROUND(IF(AND(BH83=3,BI83=3,FS83<>0),P83,0),2) -> 0 | GM83: =ROUND(O83+X83+Y83+GK83,2)+GX83 -> 24947.02 | GN83: =IF(OR(BI83=0,BI83=1),ROUND(O83+X83+Y83+GK83,2),0) -> 24947.02 | GO83: =IF(BI83=2,ROUND(O83+X83+Y83+GK83,2),0) -> 0 | GP83: =IF(BI83=4,ROUND(O83+X83+Y83+GK83,2)+GX83,0) -> 0 | GR83: 0 | GS83: 0 | GT83: 0 | GV83: =ROUND((GT83),2) -> 0 | GW83: 1 | GX83: =ROUND(HC83*I83,2) -> 0 | HA83: 0 | HB83: 0 | HC83: =GV83*GW83 -> 0 | IK83: 0
A84: 18 | B84: 1 | C84: 140 | E84: 22,1 | F84: 04.3.01.12-0111 | G84: Раствор готовый отделочный тяжелый, цементно-известковый 1:1:6 | H84: м3 | I84: =I83*J84 -> -2.8408 | J84: -1.06 | O84: =ROUND(CP84,2) -> -9872.28 | P84: =ROUND(CQ84*I84,2) -> -9872.28 | Q84: =ROUND(CR84*I84,2) -> 0 | R84: =ROUND(CS84*I84,2) -> 0 | S84: =ROUND(CT84*I84,2) -> 0 | T84: =ROUND(CU84*I84,2) -> 0 | U84: =CV84*I84 -> 0 | V84: =CW84*I84 -> 0 | W84: =ROUND(CX84*I84,2) -> 0 | X84: =ROUND(CY84,2) -> 0 | Y84: =ROUND(CZ84,2) -> 0 | AA84: 16812721 | AB84: =ROUND((AC84+AD84+AF84),2) -> 517.91 | AC84: =ROUND((ES84),2) -> 517.91 | AD84: =ROUND((((ET84)-(EU84))+AE84),2) -> 0 | AE84: =ROUND((EU84),2) -> 0 | AF84: =ROUND((EV84),2) -> 0 | AG84: =ROUND((AP84),2) -> 0 | AH84: =(EW84) -> 0 | AI84: =(EX84) -> 0 | AJ84: =(AS84) -> 0 | AK84: 517.91 | AL84: 517.91 | AM84: 0 | AN84: 0 | AO84: 0 | AP84: 0 | AQ84: 0 | AR84: 0 | AS84: 0 | AT84: 79 | AU84: 50 | AV84: 1 | AW84: 1 | AZ84: 6.71 | BA84: 1 | BB84: 1 | BC84: 6.71 | BH84: 3 | BI84: 1 | BJ84: ФССЦ-2001, 04.3.01.12-0111, приказ Минстроя России №1039/пр от 30.12.2016г. | BM84: 61001 | BN84: 0 | BP84: 0 | BQ84: 6 | BR84: 1 | BS84: 1 | BT84: 1 | BU84: 1 | BV84: 1 | BW84: 1 | BX84: 1 | BZ84: 79 | CA84: 50 | CE84: 0 | CF84: 0 | CG84: 0 | CM84: 0 | CO84: 0 | CP84: =(P84+Q84+S84) -> -9872.28 | CQ84: =AC84*BC84 -> 3475.1761 | CR84: =AD84*BB84 -> 0 | CS84: =AE84*BS84 -> 0 | CT84: =AF84*BA84 -> 0 | CU84: =AG84 -> 0 | CV84: =AH84 -> 0 | CW84: =AI84 -> 0 | CX84: =AJ84 -> 0 | CY84: =(((S84+R84)*AT84)/100) -> 0 | CZ84: =(((S84+R84)*AU84)/100) -> 0 | DN84: 0 | DO84: 0 | DP84: 1 | DQ84: 1 | DU84: 1007 | DV84: м3 | DW84: м3 | DX84: 1 | EE84: 16510570 | EF84: 6 | EG84: Ремонтно-строительные работы | EH84: 0 | EJ84: 1 | EK84: 61001 | EL84: Штукатрурные работы | EM84: рФЕР-61 | EQ84: 32768 | ER84: 517.91 | ES84: 517.91 | ET84: 0 | EU84: 0 | EV84: 0 | EW84: 0 | EX84: 0 | FQ84: 0 | FR84: =ROUND(IF(AND(BH84=3,BI84=3),P84,0),2) -> 0 | FS84: 0 | FX84: 79 | FY84: 50 | GD84: 0 | GF84: -1001479081 | GG84: 1 | GH84: 1 | GI84: 4 | GJ84: 0 | GK84: =ROUND(R84*(R12)/100,2) -> 0 | GL84: =ROUND(IF(AND(BH84=3,BI84=3,FS84<>0),P84,0),2) -> 0 | GM84: =ROUND(O84+X84+Y84+GK84,2)+GX84 -> -9872.28 | GN84: =IF(OR(BI84=0,BI84=1),ROUND(O84+X84+Y84+GK84,2),0) -> -9872.28 | GO84: =IF(BI84=2,ROUND(O84+X84+Y84+GK84,2),0) -> 0 | GP84: =IF(BI84=4,ROUND(O84+X84+Y84+GK84,2)+GX84,0) -> 0 | GR84: 0 | GS84: 0 | GT84: 0 | GV84: =ROUND((GT84),2) -> 0 | GW84: 1 | GX84: =ROUND(HC84*I84,2) -> 0 | HA84: 0 | HB84: 0 | HC84: =GV84*GW84 -> 0 | IK84: 0
A85: 18 | B85: 1 | C85: 141 | E85: 22,2 | F85: 04.3.02.05-0002 | G85: Смесь штукатурная «Ротбанд», КНАУФ | H85: кг | I85: =I83*J85 -> 4260.9524 | J85: 1589.9076 | O85: =ROUND(CP85,2) -> 59183.35 | P85: =ROUND(CQ85*I85,2) -> 59183.35 | Q85: =ROUND(CR85*I85,2) -> 0 | R85: =ROUND(CS85*I85,2) -> 0 | S85: =ROUND(CT85*I85,2) -> 0 | T85: =ROUND(CU85*I85,2) -> 0 | U85: =CV85*I85 -> 0 | V85: =CW85*I85 -> 0 | W85: =ROUND(CX85*I85,2) -> 0 | X85: =ROUND(CY85,2) -> 0 | Y85: =ROUND(CZ85,2) -> 0 | AA85: 16812721 | AB85: =ROUND((AC85+AD85+AF85),2) -> 2.07 | AC85: =ROUND((ES85),2) -> 2.07 | AD85: =ROUND((((ET85)-(EU85))+AE85),2) -> 0 | AE85: =ROUND((EU85),2) -> 0 | AF85: =ROUND((EV85),2) -> 0 | AG85: =ROUND((AP85),2) -> 0 | AH85: =(EW85) -> 0 | AI85: =(EX85) -> 0 | AJ85: =(AS85) -> 0 | AK85: 2.07 | AL85: 2.07 | AM85: 0 | AN85: 0 | AO85: 0 | AP85: 0 | AQ85: 0 | AR85: 0 | AS85: 0 | AT85: 79 | AU85: 50 | AV85: 1 | AW85: 1 | AZ85: 6.71 | BA85: 1 | BB85: 1 | BC85: 6.71 | BH85: 3 | BI85: 1 | BJ85: ФССЦ-2001, 04.3.02.05-0002, приказ Минстроя России №1039/пр от 30.12.2016г. | BM85: 61001 | BN85: 0 | BP85: 0 | BQ85: 6 | BR85: 0 | BS85: 1 | BT85: 1 | BU85: 1 | BV85: 1 | BW85: 1 | BX85: 1 | BZ85: 79 | CA85: 50 | CE85: 0 | CF85: 0 | CG85: 0 | CM85: 0 | CO85: 0 | CP85: =(P85+Q85+S85) -> 59183.35 | CQ85: =AC85*BC85 -> 13.8897 | CR85: =AD85*BB85 -> 0 | CS85: =AE85*BS85 -> 0 | CT85: =AF85*BA85 -> 0 | CU85: =AG85 -> 0 | CV85: =AH85 -> 0 | CW85: =AI85 -> 0 | CX85: =AJ85 -> 0 | CY85: =(((S85+R85)*AT85)/100) -> 0 | CZ85: =(((S85+R85)*AU85)/100) -> 0 | DN85: 0 | DO85: 0 | DP85: 1 | DQ85: 1 | DU85: 1009 | DV85: кг | DW85: кг | DX85: 1 | EE85: 16510570 | EF85: 6 | EG85: Ремонтно-строительные работы | EH85: 0 | EJ85: 1 | EK85: 61001 | EL85: Штукатрурные работы | EM85: рФЕР-61 | EQ85: 0 | ER85: 2.07 | ES85: 2.07 | ET85: 0 | EU85: 0 | EV85: 0 | EW85: 0 | EX85: 0 | FQ85: 0 | FR85: =ROUND(IF(AND(BH85=3,BI85=3),P85,0),2) -> 0 | FS85: 0 | FX85: 79 | FY85: 50 | GD85: 0 | GF85: -60067644 | GG85: 1 | GH85: 1 | GI85: 4 | GJ85: 0 | GK85: =ROUND(R85*(R12)/100,2) -> 0 | GL85: =ROUND(IF(AND(BH85=3,BI85=3,FS85<>0),P85,0),2) -> 0 | GM85: =ROUND(O85+X85+Y85+GK85,2)+GX85 -> 59183.35 | GN85: =IF(OR(BI85=0,BI85=1),ROUND(O85+X85+Y85+GK85,2),0) -> 59183.35 | GO85: =IF(BI85=2,ROUND(O85+X85+Y85+GK85,2),0) -> 0 | GP85: =IF(BI85=4,ROUND(O85+X85+Y85+GK85,2)+GX85,0) -> 0 | GR85: 0 | GS85: 0 | GT85: 0 | GV85: =ROUND((GT85),2) -> 0 | GW85: 1 | GX85: =ROUND(HC85*I85,2) -> 0 | HA85: 0 | HB85: 0 | HC85: =GV85*GW85 -> 0 | IK85: 0
A86: 17 | B86: 1 | C86: =ROW(SmtRes!A148) -> 148 | D86: =ROW(EtalonRes!A146) -> 146 | E86: 23 | F86: 15-04-006-04 | G86: Покрытие поверхностей грунтовкой глубокого проникновения за 2 раза стен | H86: 100 м2 | I86: =ROUND(268/100,9) -> 2.68 | J86: 0 | O86: =ROUND(CP86,2) -> 3289.59 | P86: =ROUND(CQ86*I86,2) -> 6.47 | Q86: =ROUND(CR86*I86,2) -> 36.33 | R86: =ROUND(CS86*I86,2) -> 8.27 | S86: =ROUND(CT86*I86,2) -> 3246.79 | T86: =ROUND(CU86*I86,2) -> 0 | U86: =CV86*I86 -> 50.29824 | V86: =CW86*I86 -> 0.1005 | W86: =ROUND(CX86*I86,2) -> 0 | X86: =ROUND(CY86,2) -> 3092.31 | Y86: =ROUND(CZ86,2) -> 1529.88 | AA86: 16812721 | AB86: =ROUND((AC86+AD86+AF86),2) -> 182.93 | AC86: =ROUND((ES86),2) -> 0.36 | AD86: =ROUND(((((ET86*1.25))-((EU86*1.25)))+AE86),2) -> 2.02 | AE86: =ROUND(((EU86*1.25)),2) -> 0.46 | AF86: =ROUND(((EV86*1.15)),2) -> 180.55 | AG86: =ROUND((AP86),2) -> 0 | AH86: =((EW86*1.15)) -> 18.768 | AI86: =((EX86*1.25)) -> 0.0375 | AJ86: =(AS86) -> 0 | AK86: 158.98 | AL86: 0.36 | AM86: 1.62 | AN86: 0.37 | AO86: 157 | AP86: 0 | AQ86: 16.32 | AR86: 0.03 | AS86: 0 | AT86: 95 | AU86: 47 | AV86: 1 | AW86: 1 | AZ86: 6.71 | BA86: 6.71 | BB86: 6.71 | BC86: 6.71 | BH86: 0 | BI86: 1 | BJ86: ФЕР-2001, 15-04-006-04, приказ Минстроя России №1039/пр от 30.12.2016г. | BM86: 15001 | BN86: 0 | BP86: 0 | BQ86: 2 | BR86: 0 | BS86: 6.71 | BT86: 1 | BU86: 1 | BV86: 1 | BW86: 1 | BX86: 1 | BZ86: 105 | CA86: 55 | CE86: 0 | CF86: 0 | CG86: 0 | CM86: 0 | CN86: Поправка: МДС 81-35.2004, п.4.7 Наименование: Работы, выполняемые при реконструкции зданий и сооружений работы, аналогичные технологическим процессам в новом строительстве (в том числе возведение новых конструктивных элементов) стоимость которых определена по соответствующим сборникам ФЕР, кроме сборника № 46 «Работы при реконструкции зданий и сооружений» | CO86: 0 | CP86: =(P86+Q86+S86) -> 3289.59 | CQ86: =AC86*BC86 -> 2.4156 | CR86: =AD86*BB86 -> 13.5542 | CS86: =AE86*BS86 -> 3.0866 | CT86: =AF86*BA86 -> 1211.4905 | CU86: =AG86 -> 0 | CV86: =AH86 -> 18.768 | CW86: =AI86 -> 0.0375 | CX86: =AJ86 -> 0 | CY86: =(((S86+R86)*AT86)/100) -> 3092.307 | CZ86: =(((S86+R86)*AU86)/100) -> 1529.8782 | DE86: )*1,25 | DF86: )*1,25 | DG86: )*1,15 | DI86: )*1,15 | DJ86: )*1,25 | DN86: 0 | DO86: 0 | DP86: 1 | DQ86: 1 | DU86: 1005 | DV86: 100 м2 | DW86: 100 м2 | DX86: 100 | EE86: 16510513 | EF86: 2 | EG86: Общестроительные работы | EH86: 0 | EJ86: 1 | EK86: 15001 | EL86: Отделочные работы | EM86: ФЕР-15 | EO86: Поправка: МДС 81-35.2004, п.4.7 | EQ86: 131072 | ER86: 158.98 | ES86: 0.36 | ET86: 1.62 | EU86: 0.37 | EV86: 157 | EW86: 16.32 | EX86: 0.03 | EY86: 0 | FQ86: 0 | FR86: =ROUND(IF(AND(BH86=3,BI86=3),P86,0),2) -> 0 | FS86: 0 | FT86: *0,9 | FU86: *0,85 | FX86: 94.5 | FY86: 46.75 | GD86: 0 | GF86: -816382651 | GG86: 1 | GH86: 1 | GI86: 4 | GJ86: 0 | GK86: =ROUND(R86*(R12)/100,2) -> 0 | GL86: =ROUND(IF(AND(BH86=3,BI86=3,FS86<>0),P86,0),2) -> 0 | GM86: =ROUND(O86+X86+Y86+GK86,2)+GX86 -> 7911.78 | GN86: =IF(OR(BI86=0,BI86=1),ROUND(O86+X86+Y86+GK86,2),0) -> 7911.78 | GO86: =IF(BI86=2,ROUND(O86+X86+Y86+GK86,2),0) -> 0 | GP86: =IF(BI86=4,ROUND(O86+X86+Y86+GK86,2)+GX86,0) -> 0 | GR86: 0 | GS86: 0 | GT86: 0 | GV86: =ROUND((GT86),2) -> 0 | GW86: 1 | GX86: =ROUND(HC86*I86,2) -> 0 | HA86: 0 | HB86: 0 | HC86: =GV86*GW86 -> 0 | IK86: 0
